Workbook

Sheet Summary Model Revisions
A10: =CONCATENATE("Pupil Center Funding Plan | FY",'1.1 Assumption Control YR1'!D5) -> Pupil Center Funding Plan | FY2024
A11: NDE PCFP model summary of modification and enhancements
H15: GFO Adjustments
G16: 44883 | H16: Modified PCFP General fund appropriations for FY 24 and 25 to be 50% of the base biennium total.
G17: 44883 | H17: Modified CPI using 2020 to 2021 annual CPI data points
G18: 44883 | H18: Modified tab 1.1 - Inflationary Growth Adjustments to be calculated using prior year enrollment.
G19: 44883 | H19: Modified tab 1.2 so district online (Distance Ed) counts are represented in the district summary.
G20: 44883 | H20: Added note for Special Transportation in the auxiliary services tab.
G21: 44883 | H21: Corrected Tabs 2.9 and 6.9 formula comparing PCFP current allocation to the FY 2020 Baseline.
G22: 44883 | H22: Added validation points on tabs 3.1b and 7.1b to identify discrepancies between the per pupil FY 2020 baseline and the total funding FY 2020 baseline. How to address baseline discrepancies identified is pending LCB legal analysis.
G23: 44896 | H23: Updated tab 1.2, cell A40, to Carson City.
G24: 44896 | H24: Formula updated in cell G42 on tabs 2.4 & 6.4, to calculate the attendance area amount for the Montello attendance area in Elko County.
G25: 44896 | H25: In NEBS: Moved the transfer to Education Stabilization Account from FY25 to the Work Program year.
G26: 44909 | H26: Reset all model inputs (weighted multipliers and Statewide base per pupil amount) to the prior year inputs not the outputs.
G27: 44910 | H27: Updated the weighted enrollment using 10/1/2022 data
... G32: 44914 | H32: Revised Tabs 3.1a and 7.1a, Column E, to include 2020 baseline district funding on the FY2020 per pupil funding multiplied by the projected enrollment for those districts.
H33: LCB Adjustments
G34: 45027 | H34: Adjust weighted multipliers to .45 EL, .35 At-risk, and .12 GATE (Tab 1.1/5.1)
G35: 45027 | H35: Set NCEI to 1.000 for all Districts (Tab 1.1/5.1)
G36: 45027 | H36: Corrected Attendance area adjustment (Tab 6.4) Sierra Nevada Academy
G37: 45027 | H37: Added Dept. of Agriculture - Agriculture Fines revenues (Tab 1.3/5.3)
G38: 45027 | H38: Added RGL for Forfeiture of Property change from RGL 4152 to RGL 4411? and Transfer from Unclaimed Property change from RGL 4621 to RGL 4412? Both GLs are present on Tabs 1.3/5.3
G39: 45027 | H39: Added BAL FWD FROM PREVIOUS YEAR (Excess Revenue From Education Stabilization Account Above 15%) (Tab 1.3/5.3)
G40: 45027 | H40: Updated Auxiliary services (Tab 2.1/6.1)
G41: 45027 | H41: Updated Local Special Education (Tab 2.2/6.2)
G42: 45027 | H42: Added an column to account for Special Education transfers from district to charters (Tab 2.2/6.2)
G43: 45029 | H43: Adjust GL 2501 two account for the BAL FWD of (Excess Revenue From Education Stabilization Account Above 15%) (Tab 1.3/5.3)
G44: 45029 | H44: Added Rooted and Southern Nevada Trade Charter Schools (all tabs)
G45: 45029 | H45: Tab 2.9/5.9 and 3.1a/7.1a corrections
... G50: 45051 | H50: Corrected the YR 2 attendance area adjustment for Esmeralda County, Dyer (Tab 2.4, Cell D51) so it matches the YR 1 calculation.

Sheet Table of Contents
A1: Nevada Department of Education
A2: =CONCATENATE("Pupil Center Funding Plan | FY",'1.1 Assumption Control YR1'!D5) -> Pupil Center Funding Plan | FY2024
A3: Table of Contents
A5: Section References | L5: Cell References
B6: Pupil Centered Funding Plan Inputs | M6: Plan Inputs
B7: Pupil Centered Funding Plan Calculations | M7: Calculated Assumptions
B8: Pupil Centered Funding Plan Results | M8: Cross Referenced or Linked Cell
B9: Pupil Centered Funding Plan Summary | M9: Funds Available for Allocation
B10: Pupil Centered Funding Plan Adjustments | M10: Funds Allocated by the Active Schedule
M11: Funds Available for Subsequent Allocations
A12: Table of Contents
B13: 1.0 | C13: Year 1 Pupil Centered Funding Plan Inputs (Red Tabs)
C14: 1.1 | D14: ='1.1 Assumption Control YR1'!A3 -> Assumptions Controls (Year 1)
C15: 1.2 | D15: ='1.2 Budgeted Enrollment YR1'!A3 -> Budgeted Enrollment Projections (Year 1)
C16: 1.3 | D16: ='1.3 Budgeted Revenues YR1'!A3 -> Budgeted Revenue Projections (Year 1)
C17: 1.4 | D17: ='1.4 FY 2020 Revenue Received'!A3 -> FY 2020 Baseline Revenue Received (All Years)
B19: 2.0 | C19: Pupil Centered Funding Plan Calculations (Green Tabs)
C20: 2.1 | D20: ='2.1 Auxiliary Services YR1'!A3 -> Auxiliary Services Calculations (Transportation and Food Service) (Year 1)
C21: 2.2 | D21: ='2.2 Spec Ed Local YR1'!A3 -> Local Special Education Funding Calculations (Year 1)
C22: 2.3 | D22: ='2.3 Statewide Base Funding YR1'!A3 -> Statewide Base Per Pupil Funding Calculations for School Districts and Charter Schools (Year 1)
C23: 2.4 | D23: ='2.4 District Size Adj. YR1'!A3 -> District Size Adjustment by Attendance Area Calculations (Year 1)
C24: 2.5 | D24: ='2.5 NCEI Adj. YR1'!B3 -> Nevada Cost of Education Index (NCEI) Calculations for School Districts and Charter Schools (Year 1)
C25: 2.6 | D25: ='2.6 Adj. Base Summary YR1'!A3 -> Adjusted Base Funding Summary for School Districts and Charter Schools (Year 1)
C26: 2.7 | D26: ='2.7 Weighted Funding YR1'!A3 -> Weighted Funding Calculations for School Districts and Charter Schools (Year 1)
C27: 2.8 | D27: ='2.8 Alloc of Residual Rev. YR1'!A3 -> Allocation of Residual Revenue (Year 1)
C28: 2.9 | D28: ='2.9 PCFP Funding Comparison YR1'!A3 -> Comparison of PCFP allocations with FY 2020 Baseline (Year 1)
B30: 3.0 | C30: Pupil Centered Funding Plan Results (Blue Tabs)
C31: 3.1a | D31: ='3.1a Initial Allocations YR1'!A3 -> Initial Results, Allocation of K12 Education Funding, Prior to Proportional FY 2020 Baseline Reductions (Year 1)
C32: 3.1b | D32: ='3.1b Allocation Adj. YR1 '!A3 -> Final Results, Allocation of K12 Education Funding, After Proportional FY 2020 Baseline Reductions (Year 1)
B34: 4.0 | C34: ='4.0 PCFP Allocation Summary'!A3 -> Pupil-Centered Funding Plan Allocation Summary for Year 1 and Year 2
B36: 5.0 | C36: Year 2 Pupil Centered Funding Plan Inputs (Red Tabs)
C37: 5.1 | D37: ='5.1 Assumption Control YR2'!A3 -> Assumption Control (Year 2)
C38: 5.2 | D38: ='5.2 Budgeted Enrollment YR2'!A3 -> Budgeted Enrollment Projections (Year 2)
C39: 5.3 | D39: ='5.3 Budgeted Revenues YR2'!A3 -> Budgeted Revenue Projections (Year 2)
B41: 6.0 | C41: Pupil Centered Funding Plan Calculations (Green Tabs)
C42: 6.1 | D42: Auxiliary Services Allocations (Transportation and Food Service) (Year 1)
C43: 6.2 | D43: Special Education, Local Funding for Special Education (Year 1)
C44: 6.3 | D44: Statewide Base Per Pupil Funding for School Districts and Charter Schools (Year 1)
C45: 6.4 | D45: District Size Adjustment by Attendance Area (Year 1)
C46: 6.5 | D46: Nevada Cost of Education Index (NCEI) for School Districts and Charter Schools (Year 1)
C47: 6.6 | D47: Adjusted Base Funding Summary for School Districts and Charter Schools (Year 1)
C48: 6.7 | D48: Weighted Funding for School Districts and Charter Schools (Year 1)
C49: 6.8 | D49: Allocation of Excess Revenues (Year 1)
C50: 6.9 | D50: Comparison of PCFP with FY 2020 Baseline (Year 1)
B52: 7.0 | C52: Pupil Centered Funding Plan Results After application of Hold Harmless (Blue Tabs)
C53: 7.1a | D53: Initial Results, Allocation of K12 Education Funding, Prior to Proportional FY 2020 Baseline Reductions (Year 1)
C54: 7.1b | D54: Final Results, Allocation of K12 Education Funding, After Proportional FY 2020 Baseline Reductions (Year 1)
B56: 8.0 | C56: PCFP Mid Biennial Weighted Adjustment (Year 2)

Sheet 1.1 Assumption Control YR1
A1: Nevada Department of Education
A2: =CONCATENATE("Pupil Center Funding Plan | FY",'1.1 Assumption Control YR1'!D5) -> Pupil Center Funding Plan | FY2024
A3: Assumptions Controls (Year 1) | G3: for NDE use only; not part of the PCFP model
B4: Notes
A5: Modeled Fiscal Year | D5: 2024 | G5: =CONCATENATE("Pupil Center Funding Plan Prior Year Outputs | FY ", D5-1) -> Pupil Center Funding Plan Prior Year Outputs | FY 2023 | K5: =CONCATENATE("Pupil Center Funding Plan Current Year Outputs | FY ",D5) -> Pupil Center Funding Plan Current Year Outputs | FY 2024
G6: Prior Year Data Inputs | H6: Source | I6: Total | K6: Modeled Year Data Outputs | L6: Source | M6: Totals | N6: Increase/(Decrease) | O6: % of Growth
A7: Pre-PCFP Revenue Inputs and Assumptions | D7: Inputs | E7: Projections | G7: Prior Year Weighted Multiplier: English Learner | H7: PY Data Input | I7: 0.23127957 | K7: Prior Year Weighted Multiplier: English Learner | L7: Tab 1.1 | M7: =D41 -> 0.45 | N7: =M7-I7 -> 0.21872043 | O7: =IF(I7=0,"",(M7-'1.1 Assumption Control YR1'!I7)/'1.1 Assumption Control YR1'!I7) -> 0.94569718
A8: 1) Revenue Growth
A9: =CONCATENATE("Prior Year Revenue | FY ",D5-1) -> Prior Year Revenue | FY 2023 | E9: =I13 -> 4463364280 | G9: Prior Year Weighted Multiplier: At-Risk | H9: PY Data Input | I9: 0.034080543 | K9: Prior Year Weighted Multiplier: At-Risk | L9: Tab 1.1 | M9: =D42 -> 0.35 | N9: =M9-I9 -> 0.31591946 | O9: =IF(I9=0,"",(M9-'1.1 Assumption Control YR1'!I9)/'1.1 Assumption Control YR1'!I9) -> 9.2697894
A10: =CONCATENATE("Projected Revenue | FY ",D5) -> Projected Revenue | FY 2024 | E10: ='1.3 Budgeted Revenues YR1'!C35 -> 5.4769218e+09
A11: Estimated Increase/(Decrease) | E11: =E10-E9 -> 1.0135575e+09 | G11: Prior Year Weighted Multiplier: Gifted and Talented | H11: PY Data Input | I11: 0.12 | K11: Prior Year Weighted Multiplier: Gifted and Talented | L11: Tab 1.1 | M11: =D43 -> 0.12 | N11: =M11-I11 -> 0 | O11: =IF(I11=0,"",(M11-'1.1 Assumption Control YR1'!I11)/'1.1 Assumption Control YR1'!I11) -> 0
A12: Percentage of Increase/-Decrease | E12: =(E10-E9)/E9 -> 0.22708376
G13: K-12 PCFP Revenue from Prior year: | H13: PY Data Input | I13: 4463364280 | K13: K-12 PCFP Revenue identified for current year: | L13: Tab 1.3 | M13: ='1.3 Budgeted Revenues YR1'!C35 -> 5.4769218e+09 | N13: =M13-'1.1 Assumption Control YR1'!I13 -> 1.0135575e+09 | O13: =IF(I13=0,"",(M13-'1.1 Assumption Control YR1'!I13)/'1.1 Assumption Control YR1'!I13) -> 0.22708376
A14: 2) Inflation Growth
A15: =CONCATENATE("Consumer Price Index | Most Recent Available") -> Consumer Price Index | Most Recent Available | B15: [2] | D15: 287.494 | G15: K-12 Statewide Base Per Pupil from prior year: | H15: PY Data Output [1] | I15: 7074 | K15: K-12 Statewide Base Per Pupil identified for current year: | L15: Tab 1.1 | M15: =E55 -> 8981 | N15: =M15-'1.1 Assumption Control YR1'!I15 -> 1907 | O15: =(M15-'1.1 Assumption Control YR1'!I15)/'1.1 Assumption Control YR1'!I15 -> 0.26957874
A16: =CONCATENATE("Consumer Price Index | One Year Prior") -> Consumer Price Index | One Year Prior | D16: 275.057
A17: =CONCATENATE("Calculated Inflation Factor") -> Calculated Inflation Factor | D17: =((D15-D16)/D16) -> 0.045216082 | G17: Prior Year State English Learner Funding Leg Approved | H17: PY Actual Allocated | I17: 85618566 | K17: State English Learner Funding identified for current year: | L17: Tab 2.7 | M17: ='2.7 Weighted Funding YR1'!E37 -> 2.128955e+08 | N17: =M17-'1.1 Assumption Control YR1'!I17 -> 1.2727694e+08 | O17: =(M17-'1.1 Assumption Control YR1'!I17)/'1.1 Assumption Control YR1'!I17 -> 1.4865577
A18: Federal CPI - Inflationary Value Per Pupil | D18: =(D21*D17) -> 319.85857 | E18: =ROUND(I23*D18,2) -> 1.5201484e+08
G19: Prior Year State At-Risk Student Funding Leg Approved | H19: PY Actual Allocated | I19: 60744420 | K19: State At-Risk Funding identified for current year: | L19: Tab 2.7 | M19: ='2.7 Weighted Funding YR1'!I37 -> 1.9905264e+08 | N19: =M19-'1.1 Assumption Control YR1'!I19 -> 1.3830822e+08 | O19: =(M19-'1.1 Assumption Control YR1'!I19)/'1.1 Assumption Control YR1'!I19 -> 2.2768876
A20: 3) Inflationary Growth Adjustment | E20: Inflation Growth Amount
A21: =CONCATENATE("Statewide Base Per Pupil Funding from the preceding Fiscal Year | FY",D5-1) -> Statewide Base Per Pupil Funding from the preceding Fiscal Year | FY2023 | D21: =ROUND('1.1 Assumption Control YR1'!I15,2) -> 7074 | E21: =ROUND(I23*D21,0) -> 3361963962 | G21: Prior Year State Gifted and Talented Funding Leg Approved | H21: PY Actual Allocated | I21: 6795110.1 | K21: State Gifted and Talented Funding identified for current year: | L21: Tab 2.7 | M21: ='2.7 Weighted Funding YR1'!M37 -> 8011770 | N21: =M21-'1.1 Assumption Control YR1'!I21 -> 1216659.9 | O21: =(M21-'1.1 Assumption Control YR1'!I21)/'1.1 Assumption Control YR1'!I21 -> 0.17904932
A22: Inflationary Value Per Pupil | D22: =D18 -> 319.85857 | E22: =ROUND(I23*D22,2) -> 1.5201484e+08
A23: =CONCATENATE("Statewide Base Funding including Inflation for | FY",D5) -> Statewide Base Funding including Inflation for | FY2024 | D23: =(D21+D22) -> 7393.8586 | E23: =ROUND(I23*D23,2) -> 3.5139788e+09 | G23: Actual Total Enrollment from prior year: | H23: [6] | I23: 475256.43 | K23: Total Enrollment for current year: | L23: Tab 1.2 | M23: ='1.2 Budgeted Enrollment YR1'!G28 -> 471282.97 | N23: =M23-'1.1 Assumption Control YR1'!I23 -> -3973.4607 | O23: =(M23-'1.1 Assumption Control YR1'!I23)/'1.1 Assumption Control YR1'!I23 -> -0.008360667
A24: =CONCATENATE("Inflation Adjustment For | FY ",D5) -> Inflation Adjustment For | FY 2024 | E24: =E23-E21 -> 1.5201484e+08
A25: =CONCATENATE("Statewide Base Inflationary Growth % For | FY ",D5) -> Statewide Base Inflationary Growth % For | FY 2024 | E25: =E24/E21 -> 0.045216083 | G25: Total English Learner Enrollment from prior year: | I25: 51597 | K25: English Learner Enrollment for current year: | L25: Tab 1.2 | M25: ='1.2 Budgeted Enrollment YR1'!H28 -> 52678 | N25: =M25-'1.1 Assumption Control YR1'!I25 -> 1081 | O25: =(M25-'1.1 Assumption Control YR1'!I25)/'1.1 Assumption Control YR1'!I25 -> 0.02095083
A27: 4) Statewide Base Funding including residual funding for | FY2024 | G27: Total At-Risk Enrollment from prior year: | H27: [4] | I27: 247286 | K27: At-Risk Enrollment for current year: | L27: Tab 1.2 | M27: ='1.2 Budgeted Enrollment YR1'!I28 -> 63325 | N27: =M27-'1.1 Assumption Control YR1'!I27 -> -183961 | O27: =(M27-'1.1 Assumption Control YR1'!I27)/'1.1 Assumption Control YR1'!I27 -> -0.74392
A28: =CONCATENATE("Statewide Base Funding including Inflation for | FY",D5) -> Statewide Base Funding including Inflation for | FY2024 | D28: =D23 -> 7393.8586
A29: Allocation of residual revenue to the Statewide Base | B29: Tab 2.8 | D29: ='2.8 Alloc of Residual Rev. YR1'!H6 -> 1587 | E29: Per Pupil Change from FY23 | G29: Total Gifted and Talented Enrollment from prior year: | I29: 7838 | K29: Gifted and Talented Enrollment for current year: | L29: Tab 1.2 | M29: ='1.2 Budgeted Enrollment YR1'!J28 -> 7434 | N29: =M29-'1.1 Assumption Control YR1'!I29 -> -404 | O29: =(M29-'1.1 Assumption Control YR1'!I29)/'1.1 Assumption Control YR1'!I29 -> -0.051543761
A30: =CONCATENATE("Modified Statewide Base Funding for | FY",D5) -> Modified Statewide Base Funding for | FY2024 | D30: =ROUND(D28+D29,0) -> 8981 | E30: =(D30-D21)/D21 -> 0.26957874
G31: Total Distant Education Enrollment from prior year: | I31: 4481.0088 | K31: Distant Education Enrollment for current year: | L31: Tab 1.2 | M31: ='1.2 Budgeted Enrollment YR1'!K28 -> 4300.2357 | N31: =M31-'1.1 Assumption Control YR1'!I31 -> -180.77305 | O31: =(M31-'1.1 Assumption Control YR1'!I31)/'1.1 Assumption Control YR1'!I31 -> -0.040342043
A32: 5) Enrollment Growth | E32: Enrollment Growth Amount
A33: =CONCATENATE("Prior Year Enrollment | FY ",D5-1) -> Prior Year Enrollment | FY 2023 | D33: =I23 -> 475256.43 | E33: =D33*D30 -> 4.268278e+09 | N33: Tab 3.1b
A34: =CONCATENATE("Projected Enrollment | FY ",D5) -> Projected Enrollment | FY 2024 | D34: =M23 -> 471282.97 | E34: =D34*D30 -> 4.2325923e+09 | G34: =CONCATENATE("District Prior Year Inputs | FY",D5-1) -> District Prior Year Inputs | FY2023 | H34: =CONCATENATE("NCEI | FY ",D5-1) -> NCEI | FY 2023 | I34: PCFP Funding Status | K34: =CONCATENATE("District Current Year Outputs | FY",D5) -> District Current Year Outputs | FY2024 | L34: [5] | M34: =CONCATENATE("NCEI | FY ",D5) -> NCEI | FY 2024 | N34: PCFP Funding Status
A35: Enrollment Growth | E35: =E34-E33 -> -35685651 | G35: ='2.5 NCEI Adj. YR1'!B7 -> Carson City | H35: 1 | I35: FY 2020 Baseline | K35: ='3.1b Allocation Adj. YR1 '!B11 -> Carson City | M35: 1 | N35: ='3.1b Allocation Adj. YR1 '!E11 -> PCFP
A36: =CONCATENATE("Enrollment Change For | FY ",D5) -> Enrollment Change For | FY 2024 | E36: =D34-D33 -> -3973.4607 | G36: ='2.5 NCEI Adj. YR1'!B8 -> Churchill | H36: 1.027 | I36: PCFP | K36: ='3.1b Allocation Adj. YR1 '!B12 -> Churchill | M36: 1 | N36: ='3.1b Allocation Adj. YR1 '!E12 -> PCFP
A37: =CONCATENATE("Enrollment Growth % For | FY ",D5) -> Enrollment Growth % For | FY 2024 | E37: =E35/E33 -> -0.008360667 | G37: ='2.5 NCEI Adj. YR1'!B9 -> Clark | H37: 1.031 | I37: PCFP | K37: ='3.1b Allocation Adj. YR1 '!B13 -> Clark | M37: 1 | N37: ='3.1b Allocation Adj. YR1 '!E13 -> PCFP
G38: ='2.5 NCEI Adj. YR1'!B10 -> Douglas | H38: 1 | I38: FY 2020 Baseline | K38: ='3.1b Allocation Adj. YR1 '!B14 -> Douglas | M38: 1 | N38: ='3.1b Allocation Adj. YR1 '!E14 -> PCFP
G39: ='2.5 NCEI Adj. YR1'!B11 -> Elko | H39: 1.027 | I39: FY 2020 Baseline | K39: ='3.1b Allocation Adj. YR1 '!B15 -> Elko | M39: 1 | N39: ='3.1b Allocation Adj. YR1 '!E15 -> PCFP
A40: 6) Weighted Multiplier Determination | B40: [3] | D40: Weighted Multiplier | E40: Per Pupil Amount | F40: FY23 Amount | G40: ='2.5 NCEI Adj. YR1'!B12 -> Esmeralda | H40: 1.027 | I40: FY 2020 Baseline | K40: ='3.1b Allocation Adj. YR1 '!B16 -> Esmeralda | M40: 1 | N40: ='3.1b Allocation Adj. YR1 '!E16 -> FY 2020 Baseline
A41: State English Learner Funding | D41: 0.45 | E41: =D30*D41 -> 4041.45 | F41: 1649 | G41: ='2.5 NCEI Adj. YR1'!B13 -> Eureka | H41: 1.027 | I41: FY 2020 Baseline | K41: ='3.1b Allocation Adj. YR1 '!B17 -> Eureka | M41: 1 | N41: ='3.1b Allocation Adj. YR1 '!E17 -> FY 2020 Baseline
A42: State At-Risk Student Funding | B42: [4] | D42: 0.35 | E42: =D30*D42 -> 3143.35 | F42: 244 | G42: ='2.5 NCEI Adj. YR1'!B14 -> Humboldt | H42: 1.027 | I42: FY 2020 Baseline | K42: ='3.1b Allocation Adj. YR1 '!B18 -> Humboldt | M42: 1 | N42: ='3.1b Allocation Adj. YR1 '!E18 -> PCFP
A43: State Gifted and Talented Funding | D43: 0.12 | E43: =D43*D30 -> 1077.72 | F43: 862 | G43: ='2.5 NCEI Adj. YR1'!B15 -> Lander | H43: 1.027 | I43: PCFP | K43: ='3.1b Allocation Adj. YR1 '!B19 -> Lander | M43: 1 | N43: ='3.1b Allocation Adj. YR1 '!E19 -> PCFP
G44: ='2.5 NCEI Adj. YR1'!B16 -> Lincoln | H44: 1.027 | I44: FY 2020 Baseline | K44: ='3.1b Allocation Adj. YR1 '!B20 -> Lincoln | M44: 1 | N44: ='3.1b Allocation Adj. YR1 '!E20 -> PCFP
G45: ='2.5 NCEI Adj. YR1'!B17 -> Lyon | H45: 1 | I45: PCFP | K45: ='3.1b Allocation Adj. YR1 '!B21 -> Lyon | M45: 1 | N45: ='3.1b Allocation Adj. YR1 '!E21 -> PCFP
G46: ='2.5 NCEI Adj. YR1'!B18 -> Mineral | H46: 1.027 | I46: PCFP | K46: ='3.1b Allocation Adj. YR1 '!B22 -> Mineral | M46: 1 | N46: ='3.1b Allocation Adj. YR1 '!E22 -> PCFP
A47: 7) Projected Revenue | E47: ='4.0 PCFP Allocation Summary'!D26 -> Model is Balanced | G47: ='2.5 NCEI Adj. YR1'!B19 -> Nye | H47: 1.027 | I47: PCFP | K47: ='3.1b Allocation Adj. YR1 '!B23 -> Nye | M47: 1 | N47: ='3.1b Allocation Adj. YR1 '!E23 -> PCFP
A48: =CONCATENATE("Projected Revenue | FY",$D$5) -> Projected Revenue | FY2024 | E48: =E10 -> 5.4769218e+09 | G48: ='2.5 NCEI Adj. YR1'!B20 -> Pershing | H48: 1.027 | I48: FY 2020 Baseline | K48: ='3.1b Allocation Adj. YR1 '!B24 -> Pershing | M48: 1 | N48: ='3.1b Allocation Adj. YR1 '!E24 -> PCFP
G49: ='2.5 NCEI Adj. YR1'!B21 -> Storey | H49: 1 | I49: FY 2020 Baseline | K49: ='3.1b Allocation Adj. YR1 '!B25 -> Storey | M49: 1 | N49: ='3.1b Allocation Adj. YR1 '!E25 -> FY 2020 Baseline
A50: Funding Prior to Reductions | D50: Tab 3.1a | E50: ='3.1a Initial Allocations YR1'!S31 -> 5.4861406e+09 | G50: ='2.5 NCEI Adj. YR1'!B22 -> Washoe | H50: 1 | I50: PCFP | K50: ='3.1b Allocation Adj. YR1 '!B26 -> Washoe | M50: 1 | N50: ='3.1b Allocation Adj. YR1 '!E26 -> PCFP
A51: Funding After Reductions | D51: Tab 3.1b | E51: ='3.1b Allocation Adj. YR1 '!U30 -> 5476921809 | G51: ='2.5 NCEI Adj. YR1'!B23 -> White Pine | H51: 1.027 | I51: PCFP | K51: ='3.1b Allocation Adj. YR1 '!B27 -> White Pine | M51: 1 | N51: ='3.1b Allocation Adj. YR1 '!E28 -> PCFP
A52: Reduction ($): | E52: =E51-E50 -> -9218765.2 | G52: Charter Schools (All) | I52: PCFP | K52: ='3.1b Allocation Adj. YR1 '!B28 -> Charter Schools (Combined) | N52: ='3.1b Allocation Adj. YR1 '!E46 -> PCFP
A53: Reduction (%): | E53: =E52/E50 -> -0.0016803735 | G53: Davidson Academy | I53: PCFP | K53: ='3.1b Allocation Adj. YR1 '!B29 -> University Schools | N53: ='3.1b Allocation Adj. YR1 '!E29 -> PCFP
A55: =CONCATENATE("Statewide Base Per Pupil Funding (Prior to Reduction) | FY ",D5) -> Statewide Base Per Pupil Funding (Prior to Reduction) | FY 2024 | D55: Tab 2.3 | E55: =ROUND('2.3 Statewide Base Funding YR1'!C8,0) -> 8981 | G55: =CONCATENATE("PCFP Funding Status Determinations | FY ",D5-1) -> PCFP Funding Status Determinations | FY 2023 | I55: Results | K55: =CONCATENATE("PCFP Funding Status Determinations | FY ",D5) -> PCFP Funding Status Determinations | FY 2024 | N55: Results
A56: =CONCATENATE("Statewide Base Per Pupil Funding FY 2024 (After Reduction) | FY ",D5) -> Statewide Base Per Pupil Funding FY 2024 (After Reduction) | FY 2024 | E56: =ROUND(E55*(1+E53),0) -> 8966 | G56: Entities on PCFP: | I56: =COUNTIF(I35:I53,"PCFP") -> 10 | K56: Entities on PCFP: | N56: =COUNTIF(N35:N53,"PCFP") -> 16
G57: Entities on FY 2020 Baseline: | I57: =COUNTIF(I35:I53,"FY 2020 Baseline") -> 9 | K57: Entities on FY 2020 Baseline: | N57: =COUNTIF(N35:N53,"FY 2020 Baseline") -> 3
A58: =CONCATENATE("State English Learner Funding FY (Prior to Red) | FY ",D5) -> State English Learner Funding FY (Prior to Red) | FY 2024 | D58: Tab 3.1a | E58: ='3.1a Initial Allocations YR1'!G31 -> 2.1289251e+08
A59: =CONCATENATE("State English Learner Funding (After Red) | FY ",D5) -> State English Learner Funding (After Red) | FY 2024 | D59: Tab 3.1b | E59: ='3.1b Allocation Adj. YR1 '!I30 -> 212534769
A61: =CONCATENATE("State At-Risk Student Funding (Prior to Red) | FY ",D5) -> State At-Risk Student Funding (Prior to Red) | FY 2024 | D61: Tab 3.1a | E61: ='3.1a Initial Allocations YR1'!H31 -> 1.990006e+08
A62: =CONCATENATE("State At-Risk Student Funding (After Red) | FY ",D5) -> State At-Risk Student Funding (After Red) | FY 2024 | D62: Tab 3.1b | E62: ='3.1b Allocation Adj. YR1 '!J30 -> 198666203
A64: =CONCATENATE("State Gifted and Talented Funding (Prior to Red) | FY ",D5) -> State Gifted and Talented Funding (Prior to Red) | FY 2024 | D64: Tab 3.1a | E64: ='3.1a Initial Allocations YR1'!I31 -> 8006381.9
A65: =CONCATENATE("State Gifted and Talented Funding (After Red) | FY ",D5) -> State Gifted and Talented Funding (After Red) | FY 2024 | D65: Tab 3.1b | E65: ='3.1b Allocation Adj. YR1 '!K30 -> 7992928
A70: Data Source References
A71: [1] The initial SWB/P funding amount is from the (FY 23 PCFP) final statewide base per pupil amount after the reduction adjustment was applied.
A72: [2] SB 543, Section 9.6: Rate of Inflation: percentage of change in the Consumer Price Index for All Urban Consumers, West Region (All Items), as published by the US Dept of Labor for the immediately preceding calendar year. As attached to the budget.
A73: [3] Weighed Funding multipliers were increased to meet the recommended weights by the Commission on School Funding.
A74: [4] At-risk enrollment is now based on the new At-risk definition approved by the State Board of Education. The At-risk weight was increased from .03 in FY 2023 to .30 for FY 2024 and FY 2025.
A75: [5] Nevada Cost of Education Index, Version as of 8.5.22, including a floor of 1.0 for districts below 1.0. Data Source for NCEI CWI: Contractor Chris Stoddard. Data Source for NCEI RPP: U.S. Department of Labor and Statistics
A76: [6] FY 2023 total enrollment was reprojected based on updated FY 2022 actual total enrollment.
D116: Yes
D117: No

Sheet 1.2 Budgeted Enrollment YR1
A1: Nevada Department of Education | G1: NOTES:
A2: =CONCATENATE("Pupil Center Funding Plan | FY",'1.1 Assumption Control YR1'!D5) -> Pupil Center Funding Plan | FY2024 | E2: =E4-E3 -> 0.77362891 | G2: Data Sources: | H2: Total Enrollment is based on the audited FY 2022 4th quarter Average Daily Enrollment with an estimated grow of .10 for FY 2023, FY 2024 and FY 2025.
A3: Budgeted Enrollment Projections (Year 1) | E3: =G12 -> 5165.4764 | G3: Data Sources: | H3: Weighted Enrollment based on validated October 1, 2022 count day data
E4: 5166.25 | G4: Data Sources: | H4: Unduplicated weighted enrollment sorted order of precedence is IEP, EL, At-Risk and GATE
E5: =(E4-E3)/E3 -> 0.00014976913 | G5: Data Sources: | H5: Virtual Schools-NDE used the total enrollment to account for students attending a virtual school based on audited FY 2022 4th quarter Average Daily Enrollment.
G6: Initial Weights: | H6: ='1.1 Assumption Control YR1'!D41 -> 0.45 | I6: ='1.1 Assumption Control YR1'!D42 -> 0.35 | J6: ='1.1 Assumption Control YR1'!D43 -> 0.12
A7: STATEWIDE PROJECTED ENROLLMENT SUMMARY | G7: Revised Initial Weights: | H7: ='1.1 Assumption Control YR1'!D41 -> 0.45 | I7: ='1.1 Assumption Control YR1'!D42 -> 0.35 | J7: ='1.1 Assumption Control YR1'!D43 -> 0.12
A8: County | B8: District # | C8: DOHQ# | D8: Attendance Area | E8: District Name | F8: Addresses | G8: Enrollment (projected) | H8: English Learner, Not Also Special Education (actual count day data) | I8: At-Risk, Not Also Special Education or English Learner (actual count day data) | J8: GATE, Not Also Special Education or English Learner or At-Risk (actual count day data) | K8: Enrollment FT in Distance Ed, (projected) | M8: English Learners Percent of Total Enrollment | N8: At-risk Percent of Total Enrollment | O8: Gifted and Talented Percent of Total Enrollment | Y8: District | Z8: Attendance Areas
A9: Carson City | B9: 13 | C9: 13 | E9: Carson City | G9: 7200.2985 | H9: 719 | I9: 289 | J9: 385 | K9: =SUM(K102:K112) -> 0 | M9: =H9/G9 -> 0.099856972 | N9: =I9/G9 -> 0.040137225 | O9: =J9/G9 -> 0.053470006 | Y9: Carson City | Z9: Carson City
A10: Churchill | B10: 1 | C10: 1 | E10: Churchill | G10: 3191.1266 | H10: 111 | I10: 177 | J10: 0 | K10: =SUM(K113:K118) -> 0 | M10: =H10/G10 -> 0.034783953 | N10: =I10/G10 -> 0.055466304 | O10: =J10/G10 -> 0 | Y10: Churchill | Z10: Fallon
A11: Clark | B11: 2 | C11: 2 | E11: Clark | G11: =294042.070354314-SUM(G49,G81,G87)+87.7402162741354 -> 293209.81 | H11: =37616+16 -> 37632 | I11: =52655+19 -> 52674 | J11: 4545 | K11: =SUM(K119:K481) -> 0 | M11: =H11/G11 -> 0.12834496 | N11: =I11/G11 -> 0.1796461 | O11: =J11/G11 -> 0.015500846 | Y11: Clark | Z11: Blue Diamond
A12: Douglas | B12: 3 | C12: 3 | E12: Douglas | G12: 5165.4764 | H12: 169 | I12: 171 | J12: 46 | K12: =SUM(K482:K496) -> 57.434181 | M12: =H12/G12 -> 0.032717215 | N12: =I12/G12 -> 0.033104401 | O12: =J12/G12 -> 0.0089052774 | Z12: Boulder City
A13: Elko | B13: 4 | C13: 4 | E13: Elko | G13: 9808.5958 | H13: 677 | I13: 631 | J13: 97 | K13: =SUM(K497:K529) -> 113.67944 | M13: =H13/G13 -> 0.069021093 | N13: =I13/G13 -> 0.064331329 | O13: =J13/G13 -> 0.0098892851 | Z13: Goodsprings
A14: Esmeralda | B14: 5 | C14: 5 | E14: Esmeralda | G14: 77.315222 | H14: 7 | I14: 8 | J14: 0 | K14: =SUM(K530:K533) -> 15.263707 | M14: =H14/G14 -> 0.090538445 | N14: =I14/G14 -> 0.10347251 | O14: =J14/G14 -> 0 | Z14: Indian Springs
A15: Eureka | B15: 6 | C15: 6 | E15: Eureka | G15: 323.70253 | H15: 3 | I15: 4 | J15: 0 | K15: =SUM(K534:K536) -> 0 | M15: =H15/G15 -> 0.0092677681 | N15: =I15/G15 -> 0.012357024 | O15: =J15/G15 -> 0 | Z15: Las Vegas (includes N.Las Vegas, Henderson)
A16: Humboldt | B16: 7 | C16: 7 | E16: Humboldt | G16: 3182.6226 | H16: 203 | I16: 81 | J16: 0 | K16: =SUM(K537:K549) -> 0 | M16: =H16/G16 -> 0.063783875 | N16: =I16/G16 -> 0.025450709 | O16: =J16/G16 -> 0 | Z16: Laughlin
A17: Lander | B17: 8 | C17: 8 | E17: Lander | G17: 1002.8726 | H17: 33 | I17: 98 | J17: 0 | K17: =SUM(K550:K553) -> 0 | M17: =H17/G17 -> 0.032905475 | N17: =I17/G17 -> 0.097719291 | O17: =J17/G17 -> 0 | Z17: Lundy
A18: Lincoln | B18: 9 | C18: 9 | E18: Lincoln | G18: 883.01945 | H18: 6 | I18: 43 | J18: 0 | K18: =SUM(K554:K562) -> 0 | M18: =H18/G18 -> 0.0067948673 | N18: =I18/G18 -> 0.048696549 | O18: =J18/G18 -> 0 | Z18: Mesquite
A19: Lyon | B19: 10 | C19: 10 | E19: Lyon | G19: 9036.0335 | H19: 485 | I19: 526 | J19: 0 | K19: =SUM(K563:K581) -> 0 | M19: =H19/G19 -> 0.053673993 | N19: =I19/G19 -> 0.058211383 | O19: =J19/G19 -> 0 | Z19: Moapa Valley
A20: Mineral | B20: 11 | C20: 11 | E20: Mineral | G20: 567.43327 | H20: 34 | I20: 52 | J20: 0 | K20: =SUM(K582:K585) -> 0 | M20: =H20/G20 -> 0.05991894 | N20: =I20/G20 -> 0.091640731 | O20: =J20/G20 -> 0 | Z20: Sandy Valley
A21: Nye | B21: 12 | C21: 12 | E21: Nye | G21: 5588.9235 | H21: 324 | I21: 449 | J21: 0 | K21: =SUM(K586:K611) -> 0 | M21: =H21/G21 -> 0.057971808 | N21: =I21/G21 -> 0.080337475 | O21: =J21/G21 -> 0 | Z21: Searchlight
A22: Pershing | B22: 14 | C22: 14 | E22: Pershing | G22: 660.1604 | H22: 23 | I22: 39 | J22: 0 | K22: =SUM(K612:K616) -> 0 | M22: =H22/G22 -> 0.034840018 | N22: =I22/G22 -> 0.059076552 | O22: =J22/G22 -> 0 | Y22: Douglas | Z22: Gardnerville/Minden
A23: Storey | B23: 15 | C23: 15 | E23: Storey | G23: 413.05445 | H23: 1 | I23: 12 | J23: 5 | K23: =SUM(K617:K620) -> 0 | M23: =H23/G23 -> 0.0024209883 | N23: =I23/G23 -> 0.02905186 | O23: =J23/G23 -> 0.012104942 | Z23: Jacobsen
A24: Washoe | B24: 16 | C24: 16 | E24: Washoe | G24: 60547.59 | H24: 6726 | I24: 4912 | J24: 1259 | K24: =SUM(K621:K722) -> 621.88193 | M24: =H24/G24 -> 0.11108617 | N24: =I24/G24 -> 0.081126267 | O24: =J24/G24 -> 0.020793561 | Z24: Zephyr Cove
A25: White Pine | B25: 17 | C25: 17 | E25: White Pine | G25: 1259.3903 | H25: 15 | I25: 109 | J25: 0 | K25: =SUM(K723:K732) -> 0 | M25: =H25/G25 -> 0.011910526 | N25: =I25/G25 -> 0.08654982 | O25: =J25/G25 -> 0 | Y25: Elko | Z25: Carlin
A26: Statewide | B26: 18 | C26: All | E26: Charter Schools (Combined) | G26: =G92 -> 69003.496 | H26: =H92 -> 5510 | I26: =I92 -> 3050 | J26: =J92 -> 1097 | K26: =K92 -> 3491.9765 | M26: =H26/G26 -> 0.079851027 | N26: =I26/G26 -> 0.044200659 | O26: =J26/G26 -> 0.015897745 | Z26: Elko
A27: Washoe | B27: 19 | C27: All | E27: University Schools | G27: =G98 -> 162.04408 | H27: =H98 -> 0 | I27: =I98 -> 0 | J27: =J98 -> 0 | K27: =K98 -> 0 | M27: =H27/G27 -> 0 | N27: =I27/G27 -> 0 | O27: =J27/G27 -> 0 | Z27: Elko
G28: =SUM(G9:G27) -> 471282.97 | H28: =SUM(H9:H27) -> 52678 | I28: =SUM(I9:I27) -> 63325 | J28: =SUM(J9:J27) -> 7434 | K28: =SUM(K9:K27) -> 4300.2357 | M28: =H28/G28 -> 0.11177574 | N28: =I28/G28 -> 0.13436726 | O28: =J28/G28 -> 0.015773963 | Z28: Independence
M29: cross check: SD enrollment | O29: =(G28-G27-G26)-G733 -> 0 | Z29: Jackpot
A30: CHARTER SCHOOL PROJECTED ENROLLMENT SUMMARY | M30: cross check: Charter enrollment | O30: =G26-G92 -> 0 | Z30: Montello
A31: =A8 -> County | B31: =B8 -> District # | C31: =C8 -> DOHQ# | D31: =D8 -> Attendance Area | E31: Charter Name | F31: Address | M31: cross check: DE enrollment | O31: =K26-K92 -> 0 | Z31: Mound Valley
A32: Clark | B32: 2 | C32: 2 | D32: Las Vegas | E32: 100 Academy Of Excellence | F32: 2341 Comstock Dr, North Las Vegas, NV 89032 | G32: 317.31241 | H32: 30 | I32: 161 | J32: 0 | K32: 0 | AA32: Owyhee
A33: Washoe | B33: 16 | C33: 16 | D33: Reno | E33: Academy For Career Education | F33: 2800 Vassar St, Reno, NV 89502 | G33: 233.16667 | H33: 22 | I33: 2 | J33: 0 | K33: 0 | AA33: Ruby Valley
A34: Washoe | B34: 18 | C34: 16 | D34: Reno | E34: Alpine Academy | F34: 605 Boxington Way Ste 112, Sparks, NV 89434 | G34: 147.81508 | H34: 0 | I34: 5 | J34: 0 | K34: 0 | AA34: Spring Creek
A35: Clark | B35: 18 | C35: 2 | D35: Las Vegas | E35: Amplus (Formerly American Preparatory Academy) | F35: 6000 W Oakey Blvd, Las Vegas, NV 89146 | G35: 2267.7087 | H35: 174 | I35: 39 | J35: 40 | K35: 0 | AA35: Wells
A36: Washoe | B36: 16 | C36: 16 | D36: Reno | E36: Bailey Charter School | F36: 210 Gentry Way, Reno, NV 89502 | G36: 175.32944 | H36: 75 | I36: 37 | J36: 0 | K36: 0 | AA36: West Wendover
A37: Clark | B37: 18 | C37: 2 | D37: Las Vegas | E37: Battle Born Academy | G37: 132.1709 | H37: 56 | I37: 0 | J37: 0 | Z37: Esmerelda | AA37: Dyer
A38: Clark | B38: 18 | C38: 2 | D38: Las Vegas | E38: Beacon Academy | F38: 7360 West Flamingo Road Las Vegas, NV 89147 | G38: 601.20871 | H38: 56 | I38: 168 | J38: 0 | K38: 0 | AA38: Goldfield
A39: Clark | B39: 18 | C39: 2 | D39: Las Vegas | E39: Cactus Park | G39: 108.52961 | H39: 22 | I39: 0 | J39: 0 | AA39: Silver Peak
A40: Carson City | B40: 13 | C40: 13 | D40: Carson City | E40: Carson Montessori | F40: 2263 Mouton Dr, Carson City, NV 89706 | G40: 286.27617 | H40: 9 | I40: 3 | J40: 0 | K40: 0 | Z40: Eureka | AA40: Crescent Valley
A41: Clark | B41: 18 | C41: 2 | D41: Las Vegas | E41: CIVICA Nevada Career & Collegiate Academy | F41: 1501 E Carey Ave, North Las Vegas, NV 89030 | G41: 766.05776 | H41: 241 | I41: 49 | J41: 0 | K41: 0 | AA41: Eureka
A42: Clark | B42: 18 | C42: 2 | D42: Las Vegas | E42: Coral Academy of Science Las Vegas | F42: 8185 Tamarus St, Las Vegas, NV 89123 | G42: 5176.4761 | H42: 217 | I42: 29 | J42: 23 | K42: 0 | Z42: Humboldt | AA42: Denio
A43: Washoe | B43: 16 | C43: 16 | D43: Reno | E43: Coral Academy Washoe | F43: 1350 E 9th St, Reno, NV 89512 | G43: 1763.0641 | H43: 128 | I43: 42 | J43: 4 | K43: 0 | AA43: Kings River
A44: Clark | B44: 2 | C44: 2 | D44: Las Vegas | E44: Delta Academy | F44: 818 W Brooks Ave, North Las Vegas, NV 89030 | G44: 1259.1652 | H44: 101 | I44: 332 | J44: 0 | K44: 0 | AA44: McDermitt
A45: Clark | B45: 18 | C45: 2 | D45: Las Vegas | E45: Democracy Prep | F45: 1201 W Lake Mead Blvd, Las Vegas, NV 89106 | G45: 1203.319 | H45: 108 | I45: 194 | J45: 0 | K45: 0 | AA45: Orovada
A46: Clark | B46: 18 | C46: 2 | D46: Las Vegas | E46: Discovery Charter | F46: 3975 S Sandhill Rd, Las Vegas, NV 89121 | G46: 492.21011 | H46: 23 | I46: 9 | J46: 43 | K46: 0 | AA46: Paradise Valley
A47: Clark | B47: 18 | C47: 2 | D47: Las Vegas | E47: Doral Academy | F47: 9625 W Saddle Ave, Las Vegas, NV 89147 | G47: 6280.1364 | H47: 223 | I47: 37 | J47: 337 | K47: 0 | AA47: Winnemucca
A48: Washoe | B48: 18 | C48: 16 | D48: Reno | E48: Doral Academy of Northern Nevada | F48: 3725 Butch Cassidy Dr, Reno, NV 89511 | G48: 957.41882 | H48: 2 | I48: 0 | J48: 65 | K48: 0 | Z48: Lander County | AA48: Austin
A49: Clark | B49: 18 | C49: 2 | D49: Las Vegas | E49: Eagle Charter School | F49: 999A Locust St NE, Salem, OR 97301 | G49: 540 | H49: 0 | I49: 0 | J49: 0 | K49: 0 | M49: K-5 | N49: New Charter Projection | AA49: Battle Mountain
A50: Elko | B50: 18 | C50: 4 | D50: Elko | E50: Elko Institute for Academic Achievement | F50: 1031 Railroad St Ste 107, Elko, NV 89801 | G50: 197.24353 | H50: 2 | I50: 5 | J50: 0 | K50: 0 | Y50: Lincoln | Z50: Alamo
A51: Washoe | B51: 16 | C51: 16 | D51: Reno | E51: enCompass Academy | F51: 1300 Foster Dr, Reno, NV 89509 | G51: 114.87382 | H51: 6 | I51: 20 | J51: 0 | K51: 0 | Z51: Caliente
A52: Clark | B52: 18 | C52: 2 | D52: Las Vegas | E52: Equipo Academy | F52: 4131 E Bonanza Rd. Las Vegas, NV 89110 | G52: 799.1205 | H52: 168 | I52: 29 | J52: 0 | K52: 0 | Z52: Panaca
A53: Clark | B53: 18 | C53: 2 | D53: Las Vegas | E53: Explore Academy | F53: 4660 North Rancho, Las Vegas, NV 89130 | G53: 274.73326 | H53: 11 | I53: 2 | J53: 0 | K53: 0 | Z53: Pioche
A54: Clark | B54: 2 | C54: 2 | D54: Las Vegas | E54: Explore Knowledge Academy | F54: 5871 Mountain Vista St, Las Vegas, NV 89120 | G54: 671.81849 | H54: 59 | I54: 44 | J54: 0 | K54: 0 | Y54: Lyon | Z54: Dayton
A55: Clark | B55: 18 | C55: 2 | D55: Las Vegas | E55: Founders Academy of Las Vegas | F55: 5730 W Alexander Rd, Las Vegas, NV 89130 | G55: 942.31501 | H55: 57 | I55: 23 | J55: 0 | K55: 0 | Z55: Fernley
A56: Clark | B56: 18 | C56: 2 | D56: Las Vegas | E56: Freedom Classical Academy | F56: 777 E Ann Rd North, Las Vegas, NV 89081 | G56: 1044.9532 | H56: 83 | I56: 48 | J56: 0 | K56: 0 | Z56: Silver Springs
A57: Clark | B57: 18 | C57: 2 | D57: Las Vegas | E57: Futuro Academy Elementary | F57: 920 N. Lamb Boulevard, Las Vegas, Nevada 89110 | G57: 463.70725 | H57: 188 | I57: 40 | J57: 0 | K57: 0 | Z57: Smith Valley
A58: Clark | B58: 18 | C58: 2 | D58: Las Vegas | E58: Girls Athletic Leadership Schools | F58: 4220 S. Maryland Parkway, Building B, Las Vegas, NV 89119 | G58: =87.7402162741354-87.7402162741354 -> 0 | H58: =16-16 -> 0 | I58: =19-19 -> 0 | J58: 0 | K58: 0 | M58: School Closing at year-end (5/19/2023) letter dated 4/26/2023 GEMS | Z58: Yerington
A59: Washoe | B59: 16 | C59: 16 | D59: Reno | E59: High Desert Montessori | F59: 2590 Orovada St, Reno, NV 89512 | G59: 392.33027 | H59: 24 | I59: 11 | J59: 0 | K59: 0 | Y59: Mineral | Z59: Hawthorne
A60: Washoe | B60: 18 | C60: 16 | D60: Reno | E60: Honors Academy of Literature | F60: 195 N Arlington Ave, Reno, NV 89501 | G60: 216.56436 | H60: 4 | I60: 3 | J60: 0 | K60: 0 | Z60: Schurz
A61: Clark | B61: 18 | C61: 2 | D61: Las Vegas | E61: Imagine School Mountain View | F61: 6610 Grand Montecito Pkwy, Las Vegas, NV 89149 | G61: 671.37821 | H61: 70 | I61: 2 | J61: 0 | K61: 0 | Y61: Nye | Z61: Amargosa Valley
A62: Clark | B62: 2 | C62: 2 | D62: Las Vegas | E62: Innovations Int'l Charter | F62: 1600 E Oakey Blvd, Las Vegas, NV 89104 | G62: 737.09271 | H62: 189 | I62: 175 | J62: 0 | K62: 0 | Z62: Beatty
A63: Clark | B63: 18 | C63: 2 | D63: Las Vegas | E63: Leadership Academy of Nevada | F63: 7495 W Azure Dr Ste 120, Las Vegas, NV 89130 | G63: 267.63968 | H63: 1 | I63: 15 | J63: 0 | K63: 267.63968 | Z63: Gabbs
A64: White Pine | B64: 18 | C64: 17 | D64: Ely | E64: Learning Bridge | F64: 505 S Pioche Hwy, Ely, NV 89301-3156 | G64: 175.19826 | H64: 2 | I64: 0 | J64: 0 | K64: 0 | Z64: Pahrump
A65: Clark | B65: 18 | C65: 2 | D65: Las Vegas | E65: Legacy Traditional Schools | F65: 7077 W Wigwam Ave, Las Vegas, NV 89113 | G65: 4014.3643 | H65: 264 | I65: 158 | J65: 179 | K65: 0 | Z65: Round Mountain
A66: Washoe | B66: 16 | C66: 16 | D66: Reno | E66: Mariposa Dual Language Academy | F66: 3875 Glen Street, Reno, NV 89502 | G66: 160.16231 | H66: 35 | I66: 1 | J66: 0 | K66: 0 | Z66: Tonopah
A67: Clark | B67: 18 | C67: 2 | D67: Las Vegas | E67: Mater Academy | F67: 3445 Mountain Vista, Las Vegas, NV 89121 | G67: 3957.448 | H67: 1373 | I67: 45 | J67: 0 | K67: 0 | Y67: Pershing | Z67: Imlay
A68: Washoe | B68: 18 | C68: 2 | D68: Reno | E68: Mater Academy of Northern Nevada | F68: 2680 E 9th St, Reno, NV 89512 | G68: 491.47529 | H68: 152 | I68: 4 | J68: 0 | K68: 0 | Z68: Lovelock
A69: Washoe | B69: 18 | C69: 16 | D69: Reno | E69: Nevada Connections Academy | F69: 555 Double Eagle Ct Ste 2000, Reno, NV 89521 | G69: 1065.941 | H69: 24 | I69: 28 | J69: 0 | K69: 1065.941 | Y69: Storey | Z69: Hillside
A70: Clark | B70: 18 | C70: 2 | D70: Las Vegas | E70: Nevada Prep | F70: 2525 Emerson Ave Las Vegas, NV 89121 | G70: 281.33644 | H70: 68 | I70: 12 | J70: 0 | K70: 0 | Z70: Virginia City
A71: Clark | B71: 18 | C71: 2 | D71: Las Vegas | E71: Nevada Rise | F71: 2525 Emerson Ave Las Vegas, NV 89121 | G71: 457.90871 | H71: 73 | I71: 67 | J71: 0 | K71: 0 | Y71: Washoe | Z71: Bordertown
A72: Clark | B72: 18 | C72: 2 | D72: Las Vegas | E72: Nevada State High School | F72: 303 South Water Street, Suite 120 Henderson, NV 89015 | G72: 983.31703 | H72: 44 | I72: 1 | J72: 0 | K72: 0 | Z72: Gerlach
A73: Washoe | B73: 18 | C73: 2 | D73: Reno | E73: Nevada State High School-Meadowwood | F73: 7530 Longley Lane, Suite 103 Reno, NV 89115 | G73: 31.821411 | H73: 0 | I73: 0 | J73: 0 | K73: 0 | Z73: Incline Village
A74: Clark | B74: 18 | C74: 2 | D74: Las Vegas | E74: Nevada Virtual Academy | F74: 4801 S. Sandhill Road, Las Vegas, NV 89121 | G74: 2158.3958 | H74: 84 | I74: 160 | J74: 0 | K74: 2158.3958 | Z74: Reno/Sparks
A75: Churchill | B75: 18 | C75: 1 | D75: Fallon | E75: Oasis Academy | F75: 920 West Williams Avenue, Fallon, NV 89406 | G75: 734.20464 | H75: 28 | I75: 3 | J75: 0 | K75: 0 | Z75: Stead
A76: Clark | B76: 2 | C76: 2 | D76: Las Vegas | E76: Odyssey Charter Schools | F76: 2251 S. Jones Blvd. Las Vegas, NV 89146 | G76: 2325.2299 | H76: 100 | I76: 275 | J76: 0 | K76: 0 | Z76: Verdi
A77: Washoe | B77: 18 | C77: 16 | D77: Reno | E77: Pinecrest Academy of Northern Nevada | F77: 1150 Silent Sparrow Dr. Sparks, NV 89441 | G77: 926.97454 | H77: 18 | I77: 0 | J77: 34 | K77: 0 | Z77: Wadsworth
A78: Clark | B78: 18 | C78: 2 | D78: Las Vegas | E78: Pinecrest Academy of Nevada | F78: 1360 S Boulder Hwy, Henderson, NV 89015 | G78: 7406.4449 | H78: 160 | I78: 203 | J78: 259 | K78: 0 | Y78: White Pine | Z78: Baker
A79: Clark | B79: 18 | C79: 2 | D79: Las Vegas | E79: Quest Academy | F79: 7550 W Alexander Rd, Las Vegas, NV 89129 | G79: 434.86954 | H79: 34 | I79: 42 | J79: 0 | K79: 0 | Z79: Ely
A80: Clark | B80: 18 | C80: 2 | D80: Las Vegas | E80: Rainbow Dreams Academy | F80: 950 W Lake Mead Blvd, Las Vegas, NV 89106 | G80: 70.235302 | H80: 8 | I80: 34 | J80: 0 | K80: 0 | Z80: Lund
A81: Clark | B81: 18 | C81: 2 | D81: Las Vegas | E81: Rooted Charter School | G81: 180 | H81: 0 | I81: 0 | J81: 0 | K81: 0 | M81: 9-10 | N81: New Charter Projection
A82: Clark | B82: 18 | C82: 2 | D82: Las Vegas | E82: Sage Collegiate Academy | F82: 10303 Songsparrow Ct, Las Vegas, NV 89135 | G82: 198.87806 | H82: 18 | I82: 0 | J82: 0 | K82: 0 | AA82: McGill
A83: Washoe | B83: 16 | C83: 16 | D83: Stead | E83: Sierra Nevada Academy Charter | F83: 13880 Stead Blvd, Reno, NV 89506 | G83: 323.96494 | H83: 20 | I83: 32 | J83: 0 | K83: 0
A84: Clark | B84: 18 | C84: 2 | D84: Las Vegas | E84: Signature Preparatory | F84: 498 S Boulder Hwy, Henderson, NV 89015 | G84: 973.67545 | H84: 75 | I84: 5 | J84: 0 | K84: 0
A85: Clark | B85: 18 | C85: 2 | D85: Las Vegas | E85: Silver Sands Montessori | F85: 1841 Whitney Mesa Dr, Henderson, NV 89014 | G85: 240.14749 | H85: 11 | I85: 12 | J85: 0 | K85: 0
A86: Clark | B86: 18 | C86: 2 | D86: Las Vegas | E86: Somerset Academy | F86: 385 W. Centennial Parkway, North Las Vegas, NV 89084 | G86: 9466.1701 | H86: 342 | I86: 302 | J86: 113 | K86: 0
A87: Clark | B87: 18 | C87: 2 | D87: Las Vegas | E87: Southern Nevada Trade High School | G87: 200 | H87: 0 | I87: 0 | J87: 0 | K87: 0 | M87: 9-10 | N87: New Charter Projection
A88: Clark | B88: 18 | C88: 2 | D88: Las Vegas | E88: Sports Leadership and Management Academy | F88: 1095 Fielders St., Henderson, NV 89011 | G88: 1786.226 | H88: 162 | I88: 124 | J88: 0 | K88: 0
A89: Clark | B89: 18 | C89: 2 | D89: Las Vegas | E89: Strong Start Academy | G89: 80.630345 | H89: 16 | I89: 0 | J89: 0
A90: Clark | B90: 18 | C90: 2 | D90: Las Vegas | E90: TEACH Las Vegas | F90: 4660 N. Rancho Drive, Las Vegas, NV 89130 | G90: 320.98389 | H90: 45 | I90: 18 | J90: 0 | K90: 0
A91: Clark | B91: 18 | C91: 2 | D91: Las Vegas | E91: Young Women's Leadership Academy | G91: 56.356771 | H91: 5 | I91: 0 | J91: 0 | K91: 0
E92: Total Charter Schools | G92: =SUM(G32:G91) -> 69003.496 | H92: =SUM(H32:H91) -> 5510 | I92: =SUM(I32:I91) -> 3050 | J92: =SUM(J32:J91) -> 1097 | K92: =SUM(K32:K91) -> 3491.9765
A94: UNIVERSITY SCHOOL PROJECTED ENROLLMENT SUMMARY
A95: County | B95: District # | C95: DOHQ# | D95: Attendance Area | E95: Charter Name | F95: Address
A96: Washoe | B96: 19 | C96: 16 | D96: Reno | E96: Davidson Academy | F96: 1164 N, Reno, NV 89503 | G96: 162.04408 | H96: 0 | I96: 0 | J96: 0 | K96: 0
G97: 0 | H97: 0 | I97: 0 | J97: 0 | K97: 0
E98: Total University Schools | G98: =SUM(G96:G97) -> 162.04408 | H98: =SUM(H96:H97) -> 0 | I98: =SUM(I96:I97) -> 0 | J98: =SUM(J96:J97) -> 0 | K98: =SUM(K96:K97) -> 0
A100: SCHOOL DISTRICT SCHOOL ENROLLMENT SUMMARY
A101: =A8 -> County | B101: =B8 -> District # | C101: =C8 -> DOHQ# | D101: =D8 -> Attendance Area | E101: School Name
A102: Carson City | B102: 13 | C102: 13 | D102: Carson City | E102: Al Seeliger Elementary | G102: 530.77472 | H102: 0 | I102: 0 | J102: 0 | K102: 0
...

Sheet 1.3 Budgeted Revenues YR1
A1: Nevada Department of Education
A2: =CONCATENATE("Pupil Center Funding Plan | FY",'1.1 Assumption Control YR1'!D5) -> Pupil Center Funding Plan | FY2024
A3: Budgeted Revenue Projections (Year 1) | D3: Yes
D4: No
A5: 2501 | B5: GENERAL FUND APPROPRIATION | C5: =ROUND(F10,2) -> 1137995964 | F5: FY 22 | G5: FY 23 | H5: Biennium total
E6: Total General Fund | F6: =1396939483 -> 1396939483 | G6: 1223780931 | H6: =SUM(F6:G6) -> 2620720414
A7: RGL | B7: Pupil Centered Funding Plan Revenue Sources | C7: Amount | D7: % of Total
A8: 2501 | B8: GENERAL FUND APPROPRIATION | C8: =C5 -> 1137995964 | D8: =C8/$C$35 -> 0.20778021 | F8: FY24 | G8: FY25
A9: 3064 | B9: NET PROCEEDS OF MINERALS (NPM) - STATE | C9: 37525000 | D9: =C9/$C$35 -> 0.0068514763 | F9: 0.5 | G9: 0.5 | H9: =SUM(F9:G9) -> 1
A10: 3074 | B10: GOLD AND SILVER TAX | C10: 65747000 | D10: =C10/$C$35 -> 0.012004371 | F10: =(H6*F9)+2635757-175000000 -> 1137995964 | G10: =(H6*G9)+2635757+175000000 -> 1487995964 | H10: =SUM(F10:G10) -> 2625991928 | X10: =G10-F10 -> 350000000
A11: 3324 | B11: GOVERNMENTAL SERVICES TAX | C11: 130140000 | D11: =C11/$C$35 -> 0.023761522 | E11: Adj Base Per Pupil Funding After Red | F11: ='1.1 Assumption Control YR1'!E56 -> 8966 | G11: ='5.1 Assumption Control YR2'!E56 -> 9414 | H11: =(G11-F11)/G11 -> 0.047588698
A12: 3325 | B12: RECREATIONAL MARIJUANA RETAIL TAX | C12: 76037000 | D12: =C12/$C$35 -> 0.013883163 | O12: NEBS Adjustments | T12: FY2023 | U12: FY 23 to FY 24 Increase/(Decrease)
A13: 3328 | B13: LOCAL SCHOOL SUPPORT TAX | C13: 2347428000 | D13: =C13/$C$35 -> 0.42860353 | S13: =B8 -> GENERAL FUND APPROPRIATION | T13: 1223780931 | U13: =C8-T13 -> -85784967
A14: 3329 | B14: ANNUAL SLOT TAX | C14: 25788000 | D14: =C14/$C$35 -> 0.0047084842 | I14: CY 2020 Collections by Taxation | M14: =A9 -> 3064 | N14: =B9 -> NET PROCEEDS OF MINERALS (NPM) - STATE | O14: =C9 -> 37525000 | P14: 0 | Q14: =O14-P14 -> 37525000 | S14: =B9 -> NET PROCEEDS OF MINERALS (NPM) - STATE | T14: 0 | U14: =C9-T14 -> 37525000
A15: 3335 | B15: ROOM TAX REVENUE | C15: 249739000 | D15: =C15/$C$35 -> 0.045598423 | F15: FY 2023 December 2022 Revised Consensus Forecast | I15: Carson | K15: =J15/$J$32 -> 0 | M15: =A10 -> 3074 | N15: =B10 -> GOLD AND SILVER TAX | O15: =C10 -> 65747000 | P15: 80996000 | Q15: =O15-P15 -> -15249000 | S15: =B10 -> GOLD AND SILVER TAX | T15: 0 | U15: =C10-T15 -> 65747000
A16: 3340 | B16: PROPERTY TAX | C16: 1012450000 | D16: =C16/$C$35 -> 0.18485749 | F16: Net Proceeds of Minerals | I16: Churchill | J16: 361927 | K16: =J16/$J$32 -> 0.013311351 | M16: =A11 -> 3324 | N16: =B11 -> GOVERNMENTAL SERVICES TAX | O16: =C11 -> 130140000 | P16: 111836528 | Q16: =O16-P16 -> 18303472 | S16: =B11 -> GOVERNMENTAL SERVICES TAX | T16: 125635000 | U16: =C11-T16 -> 4505000
A17: 3536 | B17: FEDERAL MINERAL LEASING ACT REVENUE | C17: 7500000 | D17: =C17/$C$35 -> 0.0013693823 | F17: Carson | G17: =$G$34*H17 -> 0 | H17: 0 | I17: Clark | J17: 59211 | K17: =J17/$J$32 -> 0.0021777275 | M17: =A12 -> 3325 | N17: =B12 -> RECREATIONAL MARIJUANA RETAIL TAX | O17: =C12 -> 76037000 | P17: 80621005 | Q17: =O17-P17 -> -4584005 | S17: =B12 -> RECREATIONAL MARIJUANA RETAIL TAX | T17: 94934000 | U17: =C12-T17 -> -18897000
A18: 3736 | B18: GEOTHERMAL TAX | C18: 0 | D18: =C18/$C$35 -> 0 | F18: Churchill | G18: =$G$34*H18 -> 232149.82 | H18: 0.013311343 | I18: Douglas | J18: 0 | K18: =J18/$J$32 -> 0 | M18: =A13 -> 3328 | N18: =B13 -> LOCAL SCHOOL SUPPORT TAX | O18: =C13 -> 2347428000 | P18: 1670352246 | Q18: =O18-P18 -> 677075754 | S18: =B13 -> LOCAL SCHOOL SUPPORT TAX | T18: 1787026000 | U18: =C13-T18 -> 560402000
A19: 3867 | B19: FRANCHISE FEES | C19: 3500000 | D19: =C19/$C$35 -> 0.00063904509 | F19: Clark | G19: =$G$34*H19 -> 37979.738 | H19: 0.0021777373 | I19: Elko | J19: 4200376 | K19: =J19/$J$32 -> 0.15448606 | M19: =A14 -> 3329 | N19: =B14 -> ANNUAL SLOT TAX | O19: =C14 -> 25788000 | P19: 24791641 | Q19: =O19-P19 -> 996359 | S19: =B14 -> ANNUAL SLOT TAX | T19: 25322000 | U19: =C14-T19 -> 466000
A20: 3868 | B20: NET PROCEEDS OF MINERALS (NPM) - (Received in current year for expenditure in future year) | C20: 19602000 | D20: =C20/$C$35 -> 0.0035790177 | F20: Douglas | G20: =$G$34*H20 -> 0 | H20: 0 | I20: Esmeralda | J20: 84858 | K20: =J20/$J$32 -> 0.0031210012 | M20: =A15 -> 3335 | N20: =B15 -> ROOM TAX REVENUE | O20: =C15 -> 249739000 | P20: 149148018 | Q20: =O20-P20 -> 100590982 | S20: =B15 -> ROOM TAX REVENUE | T20: 173735000 | U20: =C15-T20 -> 76004000
A21: 3869 | B21: NET PROCEEDS OF MINERALS (NPM) - (Received in prior year for expenditure in current year) | C21: 0 | D21: =C21/$C$35 -> 0 | F21: Elko | G21: =$G$34*H21 -> 2694237.2 | H21: 0.15448608 | I21: Eureka | J21: 8457316 | K21: =J21/$J$32 -> 0.3110525 | M21: =A16 -> 3340 | N21: =B16 -> PROPERTY TAX | O21: =C16 -> 1012450000 | P21: 758197324 | Q21: =O21-P21 -> 254252676 | S21: =B16 -> PROPERTY TAX | T21: 918578000 | U21: =C16-T21 -> 93872000
A22: 4152 | B22: PROCEEDS FROM SALE OF FORFEITED PROPERTY | C22: 740000 | D22: =C22/$C$35 -> 0.00013511239 | F22: Esmeralda | G22: =$G$34*H22 -> 54430.089 | H22: 0.0031209913 | I22: Humboldt | J22: 5084355 | K22: =J22/$J$32 -> 0.18699802 | M22: =A17 -> 3536 | N22: =B17 -> FEDERAL MINERAL LEASING ACT REVENUE | O22: =C17 -> 7500000 | P22: 5563018 | Q22: =O22-P22 -> 1936982 | S22: =B17 -> FEDERAL MINERAL LEASING ACT REVENUE | T22: 5000000 | U22: =C17-T22 -> 2500000
A23: 4157 | B23: FINES | C23: 50000 | D23: =C23/$C$35 -> 9.1292156e-06 | F23: Eureka | G23: =$G$34*H23 -> 5424755.7 | H23: 0.31105251 | I23: Lander | J23: 6170385 | K23: =J23/$J$32 -> 0.22694123 | M23: =A18 -> 3736 | N23: =B18 -> GEOTHERMAL TAX | O23: =C18 -> 0 | P23: 13141 | Q23: =O23-P23 -> -13141 | S23: =B18 -> GEOTHERMAL TAX | T23: 0 | U23: =C18-T23 -> 0
A24: 4326 | B24: TREASURER'S INTEREST DISTRIBUTION | C24: 18569000 | D24: =C24/$C$35 -> 0.0033904081 | F24: Humboldt | G24: =$G$34*H24 -> 3261245.8 | H24: 0.18699804 | I24: Lincoln | J24: 0 | K24: =J24/$J$32 -> 0 | M24: =A19 -> 3867 | N24: =B19 -> FRANCHISE FEES | O24: =C19 -> 3500000 | P24: 3188560 | Q24: =O24-P24 -> 311440 | S24: =B19 -> FRANCHISE FEES | T24: 3366900 | U24: =C19-T24 -> 133100
A25: 4621 | B25: TRANS FROM UNCLAIMED PROPERTY | C25: 34000 | D25: =C25/$C$35 -> 6.2078666e-06 | F25: Lander | G25: =$G$34*H25 -> 3957854.9 | H25: 0.22694122 | I25: Lyon | J25: 11131 | K25: =J25/$J$32 -> 0.0004093882 | M25: =A20 -> 3868 | N25: =B20 -> NET PROCEEDS OF MINERALS (NPM) - (Received in current year for expenditure in future year) | O25: =C20 -> 19602000 | P25: 0 | Q25: =O25-P25 -> 19602000 | S25: =B20 -> NET PROCEEDS OF MINERALS (NPM) - (Received in current year for expenditure in future year) | T25: 0 | U25: =C20-T25 -> 19602000
A26: 4770 | B26: BOAT REGISTRATION FEES (NRS 488.075) | C26: 900000 | D26: =C26/$C$35 -> 0.00016432588 | F26: Lincoln | G26: =$G$34*H26 -> 0 | H26: 0 | I26: Mineral | J26: 208458 | K26: =J26/$J$32 -> 0.0076668984 | M26: =A21 -> 3869 | N26: =B21 -> NET PROCEEDS OF MINERALS (NPM) - (Received in prior year for expenditure in current year) | O26: =C21 -> 0 | P26: 28936000 | Q26: =O26-P26 -> -28936000 | S26: =B21 -> NET PROCEEDS OF MINERALS (NPM) - (Received in prior year for expenditure in current year) | T26: 28936000 | U26: =C21-T26 -> -28936000
A27: 4771 | B27: TRANSFER FROM CANNABIS COMPLIANCE BOARD | C27: 40504000 | D27: =C27/$C$35 -> 0.007395395 | F27: Lyon | G27: =$G$34*H27 -> 7139.696 | H27: 0.00040938624 | I27: Nye | J27: 1298606 | K27: =J27/$J$32 -> 0.047761565 | M27: =A22 -> 4152 | N27: =B22 -> PROCEEDS FROM SALE OF FORFEITED PROPERTY | O27: =C22 -> 740000 | P27: 106803 | Q27: =O27-P27 -> 633197 | S27: =B22 -> PROCEEDS FROM SALE OF FORFEITED PROPERTY | U27: =C22-T27 -> 740000
A28: 4251 | B28: GIFTS AND DONATIONS OF UNCLAIMED PROPERTY PROCEEDS | C28: 900 | D28: =C28/$C$35 -> 1.6432588e-07 | F28: Mineral | G28: =$G$34*H28 -> 133710.49 | H28: 0.0076668857 | I28: Pershing | J28: 136620 | K28: =J28/$J$32 -> 0.0050247612 | M28: =A23 -> 4157 | N28: =B23 -> FINES | O28: =C23 -> 50000 | P28: 38914 | Q28: =O28-P28 -> 11086 | S28: =B23 -> FINES | U28: =C23-T28 -> 50000
A29: 4869 | B29: TRANSFER FROM PERMANENT FUNDS | C29: 13447000 | D29: =C29/$C$35 -> 0.0024552112 | F29: Nye | G29: =$G$34*H29 -> 832961.94 | H29: 0.047761579 | I29: Storey | J29: 6350 | K29: =J29/$J$32 -> 0.00023354731 | M29: =A24 -> 4326 | N29: =B24 -> TREASURER'S INTEREST DISTRIBUTION | O29: =C24 -> 18569000 | P29: 9205972 | Q29: =O29-P29 -> 9363028 | S29: =B24 -> TREASURER'S INTEREST DISTRIBUTION | T29: 603000 | U29: =C24-T29 -> 17966000
A30: 2511 | B30: BAL FWD FROM PREVIOUS YEAR (PROCEEDS OF MINERALS (NPM) - (Received in prior year for expenditure in current year) | C30: 17440000 | D30: =C30/$C$35 -> 0.0031842704 | F30: Pershing | G30: =$G$34*H30 -> 87631.543 | H30: 0.0050247444 | I30: Washoe | J30: 8509 | K30: =J30/$J$32 -> 0.00031295339 | M30: =A25 -> 4621 | N30: =B25 -> TRANS FROM UNCLAIMED PROPERTY | O30: =C25 -> 34000 | P30: 111501 | Q30: =O30-P30 -> -77501 | S30: =B25 -> TRANS FROM UNCLAIMED PROPERTY | T30: 148000 | U30: =C25-T30 -> -114000
A31: 2511 | B31: BAL FWD FROM PREVIOUS YEAR (Excess Revenue From Education Stabilization Account Above 15%) | C31: 2.9137595e+08 | D31: =C31/$C$35 -> 0.053200677 | F31: Storey | G31: =$G$34*H31 -> 4073.1086 | H31: 0.0002335498 | I31: White Pine | J31: 1101250 | K31: =J31/$J$32 -> 0.040502988 | M31: =A26 -> 4770 | N31: =B26 -> BOAT REGISTRATION FEES (NRS 488.075) | O31: =C26 -> 900000 | P31: 246664 | Q31: =O31-P31 -> 653336 | S31: =B26 -> BOAT REGISTRATION FEES (NRS 488.075) | T31: 729000 | U31: =C26-T31 -> 171000
B32: DEPARTMENT OF AGRICULTURE - AGRICULTURE FINES | C32: 11000 | D32: =C32/$C$35 -> 2.0084274e-06 | F32: Washoe | G32: =$G$34*H32 -> 5458.1373 | H32: 0.00031296659 | J32: =SUM(J15:J31) -> 27189352 | K32: =SUM(K15:K31) -> 1 | M32: =A27 -> 4771 | N32: =B27 -> TRANSFER FROM CANNABIS COMPLIANCE BOARD | O32: =C27 -> 40504000 | P32: 50626795 | Q32: =O32-P32 -> -10122795 | S32: =B27 -> TRANSFER FROM CANNABIS COMPLIANCE BOARD | T32: 63631649 | U32: =C27-T32 -> -23127649
A33: 85 | B33: LESS RESERVE - (NPM RECEIVED IN CURRENT YEAR FOR EXPENDITURE IN FOLLOWING FISCAL YEAR) | C33: =-C20 -> -19602000 | D33: =C33/$C$35 -> -0.0035790177 | F33: White Pine | G33: =$G$34*H33 -> 706371.86 | H33: 0.040502974 | M33: =A29 -> 4869 | N33: =B29 -> TRANSFER FROM PERMANENT FUNDS | O33: =C29 -> 13447000 | P33: 11297403 | Q33: =O33-P33 -> 2149597 | S33: =B29 -> TRANSFER FROM PERMANENT FUNDS | T33: 11577000 | U33: =C29-T33 -> 1870000
B34: FOR NDE USE: DEMONSTRATE IMPACT OF ADDING GENERAL FUND OR OTHER REVENUE | D34: =SUM(D8:D33) -> 1 | E34: =SUM(C9:C29)-'SEF-FY23FY24FY25 Forecast-May23'!H37 -> 0 | F34: Total NPM | G34: 17440000 | H34: =SUM(H17:H33) -> 1 | O34: =C32 -> 11000 | P34: 0 | Q34: =O34-P34 -> 11000 | S34: =B32 -> DEPARTMENT OF AGRICULTURE - AGRICULTURE FINES | U34: =SUM(U13:U33) -> 724693484
B35: Total K-12 Education Revenue Sources to be Distributed Through the Pupil-Centered Funding Plan | C35: =SUM(C8:C34) -> 5.4769218e+09 | G35: =G34-C30 -> 0 | O35: =C33 -> -19602000 | S35: =B33 -> LESS RESERVE - (NPM RECEIVED IN CURRENT YEAR FOR EXPENDITURE IN FOLLOWING FISCAL YEAR)
G36: =G34-SUM(G17:G33) -> 0
C37: =C33 -> -19602000
B38: NEBS Total | C38: =C35-C37 -> 5.4965238e+09
A39: Notes | B39: GFO/LCB Fiscal consensus revenue forecast updated on 5/4/2023

Sheet 1.4 FY 2020 Revenue Received
A1: Nevada Department of Education
A2: =CONCATENATE("Pupil Center Funding Plan | FY",'1.1 Assumption Control YR1'!D5) -> Pupil Center Funding Plan | FY2024
A3: FY 2020 Baseline Revenue Received (All Years)
B4: Updated 5.13.2022
B5: Yes | C5: Original FY 2020 Baseline Revenues Received | H5: Prior Year adjusted Baseline | J5: FY 2020 | S5: FY 2020 Funding Levels
B6: No | C6: *State DSA Basic Support Payments | D6: State Categorical Grant Awards | E6: Local Revenue Received | F6: SFY 2020 Baseline Total Revenue Received | H6: Baseline Amount that Districts and Charter Schools May Not Go Below Unless Revenues Decline | J6: Validated Enrollment | M6: Local Funding in the Special Education Fund in FY 2020 | N6: Total Spec Ed | O6: Fed Funding in Spec Ed | P6: State Funding in Spec Ed | Q6: Opening Balance | S6: New NV Funding Plan | T6: Zoom | U6: Victory | V6: GATE | W6: Transportation | X6: Nutrition | Y6: Special Ed | Z6: FY 2020 Hold Harmless Base Funding | AA6: Total FY 2020 Categorical
A7: School District
B8: ='1.2 Budgeted Enrollment YR1'!E9 -> Carson City | C8: 23163558 | D8: 8067997.7 | E8: =41602579.09+42.03 -> 41602621 | F8: =SUM(C8:E8) -> 72834176 | H8: =ROUND(F8,0) -> 72834176 | J8: 7703.8062 | K8: =H8/J8 -> 9454.3105 | M8: =N8-O8-P8-Q8 -> 7600000 | N8: 13006228 | O8: 0 | P8: 4557321.2 | Q8: 848907 | S8: 1347600 | T8: 766881.57 | U8: 0 | V8: 356707.26 | W8: 2354421 | X8: 529286 | Y8: 7600000 | Z8: =H8-SUM(S8:Y8) -> 59879280 | AA8: =SUM(S8:Y8) -> 12954896
B9: ='1.2 Budgeted Enrollment YR1'!E10 -> Churchill | C9: 13799604 | D9: 2479095 | E9: =13113626.76+553.45 -> 13114180 | F9: =SUM(C9:E9) -> 29392879 | H9: =ROUND(F9,0) -> 29392879 | J9: 3244.6133 | K9: =H9/J9 -> 9058.9774 | M9: =N9-O9-P9-Q9 -> 1875000 | N9: 4785473.3 | O9: 101363.2 | P9: 2695486.1 | Q9: 113624 | S9: 277200 | T9: 167408.02 | U9: 0 | V9: 0 | W9: 1719375.4 | X9: 0 | Y9: 1875000 | Z9: =H9-SUM(S9:Y9) -> 25353896 | AA9: =SUM(S9:Y9) -> 4038983.4
B10: ='1.2 Budgeted Enrollment YR1'!E11 -> Clark | C10: 6.9706731e+08 | D10: 310613563 | E10: =1576378125.14+391078+37424.56 -> 1.5768066e+09 | F10: =SUM(C10:E10) -> 2.5844875e+09 | H10: =ROUND(F10,0) -> 2584487500 | J10: 314756.71 | K10: =H10/J10 -> 8211.0639 | M10: =N10-O10-P10-Q10 -> 3.5261075e+08 | N10: 4.8928622e+08 | O10: 0 | P10: 1.3667547e+08 | Q10: 0 | S10: 55891200 | T10: 37981010 | U10: 19984494 | V10: 5330981.4 | W10: 144286074 | X10: 0 | Y10: 3.5261075e+08 | Z10: =H10-SUM(S10:Y10) -> 1.968403e+09 | AA10: =SUM(S10:Y10) -> 6.1608451e+08
B11: ='1.2 Budgeted Enrollment YR1'!E12 -> Douglas | C11: 11724050 | D11: 3976882.3 | E11: =41044805.39+287.23 -> 41045093 | F11: =SUM(C11:E11) -> 56746025 | H11: =ROUND(F11,0) -> 56746025 | J11: 5629.409 | K11: =H11/J11 -> 10080.281 | M11: =N11-O11-P11-Q11 -> 3811985 | N11: 8515833.8 | O11: 0 | P11: 3846567.8 | Q11: 857281 | S11: 315600 | T11: 216032.76 | U11: 0 | V11: 129711.73 | W11: 3465564.2 | X11: 0 | Y11: 3811985 | Z11: =H11-SUM(S11:Y11) -> 48807131 | AA11: =SUM(S11:Y11) -> 7938893.7
B12: ='1.2 Budgeted Enrollment YR1'!E13 -> Elko | C12: 30944297 | D12: 9534792.8 | E12: =61828665.02+25638+553.45 -> 61854856 | F12: =SUM(C12:E12) -> 1.0233395e+08 | H12: =ROUND(F12,0) -> 102333946 | J12: 9933.4222 | K12: =H12/J12 -> 10301.983 | M12: =N12-O12-P12-Q12 -> 5900591 | N12: 10893479 | O12: 235674 | P12: 4757214.1 | Q12: 0 | S12: 891600 | T12: 694639.1 | U12: 1180226.4 | V12: 129711.73 | W12: 4285094.2 | X12: 347096 | Y12: 5900591 | Z12: =H12-SUM(S12:Y12) -> 88904988 | AA12: =SUM(S12:Y12) -> 13428958
B13: ='1.2 Budgeted Enrollment YR1'!E14 -> Esmeralda | C13: 1232448.6 | D13: 326258.95 | E13: 1061220.1 | F13: =SUM(C13:E13) -> 2619927.7 | H13: =ROUND(F13,0) -> 2619928 | J13: 70.707004 | K13: =H13/J13 -> 37053.302 | M13: =N13-O13-P13-Q13 -> 44620 | N13: 119422.1 | O13: 0 | P13: 56338.1 | Q13: 18464 | S13: 16800 | T13: 9030.31 | U13: 0 | V13: 0 | W13: 328549.58 | X13: 49284 | Y13: 44620 | Z13: =H13-SUM(S13:Y13) -> 2171644.1 | AA13: =SUM(S13:Y13) -> 448283.89
B14: ='1.2 Budgeted Enrollment YR1'!E15 -> Eureka | C14: 0 | D14: 258515.6 | E14: =11785534.3+645 -> 11786179 | F14: =SUM(C14:E14) -> 12044695 | H14: =ROUND(F14,0) -> 12044695 | J14: 306.2 | K14: =H14/J14 -> 39336.039 | M14: =N14-O14-P14-Q14 -> 200000 | N14: 1180484.9 | O14: 0 | P14: 265947.92 | Q14: 714537 | S14: 2400 | T14: 9030.31 | U14: 0 | V14: 0 | W14: 434259 | X14: 399223 | Y14: 200000 | Z14: =H14-SUM(S14:Y14) -> 10999783 | AA14: =SUM(S14:Y14) -> 1044912.3
B15: ='1.2 Budgeted Enrollment YR1'!E16 -> Humboldt | C15: 9181114.8 | D15: 3833355 | E15: 25089021 | F15: =SUM(C15:E15) -> 38103491 | H15: =ROUND(F15,0) -> 38103491 | J15: 3383.7676 | K15: =H15/J15 -> 11260.67 | M15: =N15-O15-P15-Q15 -> 2391487 | N15: 4380732.5 | O15: 48309 | P15: 1940936.4 | Q15: 0 | S15: 493200 | T15: 245207.6 | U15: 118143.48 | V15: 0 | W15: 1619978 | X15: 56472 | Y15: 2391487 | Z15: =H15-SUM(S15:Y15) -> 33179003 | AA15: =SUM(S15:Y15) -> 4924488.1
B16: ='1.2 Budgeted Enrollment YR1'!E17 -> Lander | C16: 0 | D16: 808131 | E16: 11020089 | F16: =SUM(C16:E16) -> 11828220 | H16: =ROUND(F16,0) -> 11828220 | J16: 982.91822 | K16: =H16/J16 -> 12033.778 | M16: =N16-O16-P16-Q16 -> 738065 | N16: 1420791.4 | O16: 0 | P16: 682726.4 | Q16: 0 | S16: 58800 | T16: 47235.46 | U16: 0 | V16: 0 | W16: 582580.2 | X16: 100000 | Y16: 738065 | Z16: =H16-SUM(S16:Y16) -> 10301539 | AA16: =SUM(S16:Y16) -> 1526680.7
B17: ='1.2 Budgeted Enrollment YR1'!E18 -> Lincoln | C17: 9513169.6 | D17: 625488.98 | E17: =2581625.93+1453 -> 2583078.9 | F17: =SUM(C17:E17) -> 12721737 | H17: =ROUND(F17,0) -> 12721737 | J17: 855.15767 | K17: =H17/J17 -> 14876.481 | M17: =N17-O17-P17-Q17 -> 330000 | N17: 1618199.6 | O17: 0 | P17: 1128642.6 | Q17: 159557 | S17: 91200 | T17: 9030.3083 | U17: 0 | V17: 0 | W17: 773153 | X17: 70000 | Y17: 330000 | Z17: =H17-SUM(S17:Y17) -> 11448354 | AA17: =SUM(S17:Y17) -> 1273383.3
B18: ='1.2 Budgeted Enrollment YR1'!E19 -> Lyon | C18: 51994511 | D18: 6738013 | E18: =25619715.89+23883 -> 25643599 | F18: =SUM(C18:E18) -> 84376123 | H18: =ROUND(F18,0) -> 84376123 | J18: 8845.8019 | K18: =H18/J18 -> 9538.55 | M18: =N18-O18-P18-Q18 -> 8240000 | N18: 12444130 | O18: 0 | P18: 4161770.4 | Q18: 42360 | S18: 1347600 | T18: 368158.72 | U18: 0 | V18: 16213.97 | W18: 4568463 | X18: 0 | Y18: 8240000 | Z18: =H18-SUM(S18:Y18) -> 69835687 | AA18: =SUM(S18:Y18) -> 14540436
B19: ='1.2 Budgeted Enrollment YR1'!E20 -> Mineral | C19: 4442494.8 | D19: 929460.39 | E19: 2149304.6 | F19: =SUM(C19:E19) -> 7521259.8 | H19: =ROUND(F19,0) -> 7521260 | J19: 541.8206 | K19: =H19/J19 -> 13881.458 | M19: =N19-O19-P19-Q19 -> 217168.59 | N19: 849544.25 | O19: 0 | P19: 500655.66 | Q19: 131720 | S19: 134400 | T19: 57655.05 | U19: 0 | V19: 0 | W19: 310614.5 | X19: 88000 | Y19: 217168.59 | Z19: =H19-SUM(S19:Y19) -> 6713421.9 | AA19: =SUM(S19:Y19) -> 807838.14
B20: ='1.2 Budgeted Enrollment YR1'!E21 -> Nye | C20: 26567417 | D20: 4905757.9 | E20: 26135526 | F20: =SUM(C20:E20) -> 57608701 | H20: =ROUND(F20,0) -> 57608701 | J20: 5385.5136 | K20: =H20/J20 -> 10696.974 | M20: =N20-O20-P20-Q20 -> 7622343 | N20: 11000387 | O20: 0 | P20: 3378043.5 | Q20: 0 | S20: 1071600 | T20: 331342.85 | U20: 132117.44 | V20: 0 | W20: 3846650 | X20: 0 | Y20: 7622343 | Z20: =H20-SUM(S20:Y20) -> 44604648 | AA20: =SUM(S20:Y20) -> 13004053
B21: ='1.2 Budgeted Enrollment YR1'!E22 -> Pershing | C21: 5035247.7 | D21: 755926 | E21: 3270236 | F21: =SUM(C21:E21) -> 9061409.7 | H21: =ROUND(F21,0) -> 9061410 | J21: 665.11447 | K21: =H21/J21 -> 13623.835 | M21: =N21-O21-P21-Q21 -> 460000 | N21: 1356388.6 | O21: 0 | P21: 887321.67 | Q21: 9066.94 | S21: 118800 | T21: 29869.48 | U21: 0 | V21: 0 | W21: 723395 | X21: 60899 | Y21: 460000 | Z21: =H21-SUM(S21:Y21) -> 7668446.5 | AA21: =SUM(S21:Y21) -> 1392963.5
B22: ='1.2 Budgeted Enrollment YR1'!E23 -> Storey | C22: 0 | D22: 587849.32 | E22: 10795374 | F22: =SUM(C22:E22) -> 11383223 | H22: =ROUND(F22,0) -> 11383223 | J22: 437.81518 | K22: =H22/J22 -> 26000.065 | M22: =N22-O22-P22-Q22 -> 55048 | N22: 512430.77 | O22: 0 | P22: 457382.77 | Q22: 0 | S22: 27600 | T22: 0 | U22: 0 | V22: 0 | W22: 547375 | X22: 23002 | Y22: 55048 | Z22: =H22-SUM(S22:Y22) -> 10730198 | AA22: =SUM(S22:Y22) -> 653025
B23: ='1.2 Budgeted Enrollment YR1'!E24 -> Washoe | C23: 1.3230033e+08 | D23: 57557883 | E23: =343835701.88+182563+10424.44 -> 3.4402869e+08 | F23: =SUM(C23:E23) -> 5.338869e+08 | H23: =ROUND(F23,0) -> 533886901 | J23: 63659.882 | K23: =H23/J23 -> 8386.5518 | M23: =N23-O23-P23-Q23 -> 46056936 | N23: 78631046 | O23: 0 | P23: 32574110 | Q23: 0 | S23: 4376400 | T23: 6917574 | U23: 2957398.1 | V23: 1839858.5 | W23: 24043224 | X23: 0 | Y23: 46056936 | Z23: =H23-SUM(S23:Y23) -> 4.4769551e+08 | AA23: =SUM(S23:Y23) -> 86191390
B24: ='1.2 Budgeted Enrollment YR1'!E25 -> White Pine | C24: 5674979.1 | D24: 1389507 | E24: 8166087.3 | F24: =SUM(C24:E24) -> 15230573 | H24: =ROUND(F24,0) -> 15230573 | J24: 1248.6202 | K24: =H24/J24 -> 12197.923 | M24: =N24-O24-P24-Q24 -> 520823.63 | N24: 1750699.7 | O24: 0 | P24: 1194585.1 | Q24: 35291 | S24: 258000 | T24: 23617.73 | U24: 0 | V24: 0 | W24: 1054977 | X24: 89088.22 | Y24: 520823.63 | Z24: =H24-SUM(S24:Y24) -> 13284066 | AA24: =SUM(S24:Y24) -> 1946506.6
B25: ='1.2 Budgeted Enrollment YR1'!E26 -> Charter Schools (Combined) | C25: =C90 -> 4.194844e+08 | D25: =D90 -> 14322124 | E25: =E90 -> 0 | F25: =SUM(C25:E25) -> 4.3380653e+08 | H25: =ROUND(F25,0) -> 433806526 | J25: =J90 -> 57012.474 | K25: =H25/J25 -> 7608.9756 | M25: =N25-O25-P25-Q25 -> 6459882.3 | N25: =N90 -> 19726472 | O25: =O90 -> 0 | P25: =P90 -> 13241555 | Q25: =Q90 -> 25034 | S25: =S90 -> 3217200 | T25: =T90 -> 2076276.3 | U25: =U90 -> 627557.84 | V25: =V90 -> 471058.39 | W25: 0 | X25: 0 | Y25: 6459882.3 | Z25: =H25-SUM(S25:Y25) -> 4.2095455e+08 | AA25: =SUM(S25:Y25) -> 12851975
B26: ='1.2 Budgeted Enrollment YR1'!E27 -> University Schools | C26: =C95 -> 1160008.2 | D26: =D95 -> 1398.37 | E26: =E95 -> 0 | F26: =SUM(C26:E26) -> 1161406.6 | H26: =ROUND(F26,0) -> 1161407 | J26: =J95 -> 143.64573 | K26: =H26/J26 -> 8085.2179 | M26: =N26-O26-P26-Q26 -> 0 | N26: =N89 -> 0 | O26: =O89 -> 0 | P26: =P89 -> 0 | Q26: =Q89 -> 0 | S26: =S95 -> 0 | T26: =T95 -> 0 | U26: =U95 -> 0 | V26: =V95 -> 0 | W26: =W95 -> 0 | X26: =X95 -> 0 | Y26: =Y95 -> 0 | Z26: =H26-SUM(S26:Y26) -> 1161407 | AA26: =SUM(S26:Y26) -> 0
B27: Total | C27: =SUM(C8:C26) -> 1.4432849e+09 | D27: =SUM(D8:D26) -> 4.27712e+08 | E27: =SUM(E8:E26) -> 2.2061518e+09 | F27: =SUM(F8:F26) -> 4.0771487e+09 | H27: =ROUND(SUM(H8:H26),0) -> 4077148721 | J27: =SUM(J8:J26) -> 484807.4 | M27: =SUM(M8:M25) -> 4.451347e+08 | N27: =SUM(N8:N25) -> 6.6147797e+08 | O27: =SUM(O8:O25) -> 385346.2 | P27: =SUM(P8:P25) -> 2.1300208e+08 | Q27: =SUM(Q8:Q25) -> 2955841.9 | S27: =SUM(S8:S26) -> 69937200 | T27: =SUM(T8:T26) -> 49950000 | U27: =SUM(U8:U26) -> 24999937 | V27: =SUM(V8:V26) -> 8274243 | W27: =SUM(W8:W26) -> 1.9494375e+08 | X27: =SUM(X8:X26) -> 1812350.2 | Y27: =SUM(Y8:Y26) -> 4.451347e+08 | Z27: =SUM(Z8:Z26) -> 3.2820965e+09 | AA27: =SUM(AA8:AA26) -> 7.9505218e+08
A29: Charter Schools
B30: ='1.2 Budgeted Enrollment YR1'!E32 -> 100 Academy Of Excellence | C30: 3526521.8 | D30: 0 | E30: 0 | F30: =SUM(C30:E30) -> 3526521.8 | H30: =F30 -> 3526521.8 | J30: 480.71397 | M30: =N30-O30-P30-Q30 -> 130870 | N30: 130870 | O30: 0 | P30: 0 | Q30: 0 | Y30: 130870 | Z30: =H30-SUM(S30:Y30) -> 3395651.8
B31: ='1.2 Budgeted Enrollment YR1'!E33 -> Academy For Career Education | C31: 1427555.6 | D31: 0 | E31: 0 | F31: =SUM(C31:E31) -> 1427555.6 | H31: =F31 -> 1427555.6 | J31: 190.83798 | M31: =N31-O31-P31-Q31 -> 95859 | N31: 95859 | O31: 0 | P31: 0 | Q31: 0 | Y31: 95859 | Z31: =H31-SUM(S31:Y31) -> 1331696.6
B32: ='1.2 Budgeted Enrollment YR1'!E34 -> Alpine Academy | C32: 811375.39 | D32: 135507.74 | E32: 0 | F32: =SUM(C32:E32) -> 946883.13 | H32: =F32 -> 946883.13 | J32: 103.98956 | M32: =N32-O32-P32-Q32 -> 0 | N32: 121015.27 | O32: 0 | P32: 121015.27 | Q32: 0 | Y32: 0 | Z32: =H32-SUM(S32:Y32) -> 946883.13
B33: ='1.2 Budgeted Enrollment YR1'!E35 -> Amplus (Formerly American Preparatory Academy) | C33: 11594140 | D33: 219852.96 | E33: 0 | F33: =SUM(C33:E33) -> 11813993 | H33: =F33 -> 11813993 | J33: 1600.97 | M33: =N33-O33-P33-Q33 -> 0 | N33: 293894.24 | O33: 0 | P33: 293894.24 | Q33: 0 | Y33: 0 | Z33: =H33-SUM(S33:Y33) -> 11813993
B34: ='1.2 Budgeted Enrollment YR1'!E36 -> Bailey Charter School | C34: 1985978.5 | D34: 0 | E34: 0 | F34: =SUM(C34:E34) -> 1985978.5 | H34: =F34 -> 1985978.5 | J34: 265.87595 | M34: =N34-O34-P34-Q34 -> 68241 | N34: 68241 | O34: 0 | P34: 0 | Q34: 0 | Y34: 68241 | Z34: =H34-SUM(S34:Y34) -> 1917737.5
B35: ='1.2 Budgeted Enrollment YR1'!E37 -> Battle Born Academy | AA35: Opened after FY 2020
B36: ='1.2 Budgeted Enrollment YR1'!E38 -> Beacon Academy | C36: 2804179.8 | D36: 362605.73 | E36: 0 | F36: =SUM(C36:E36) -> 3166785.6 | H36: =F36 -> 3166785.6 | J36: 371.1025 | M36: =N36-O36-P36-Q36 -> 11926.44 | N36: 288532.78 | O36: 0 | P36: 276606.34 | Q36: 0 | S36: 138000 | T36: 69319.098 | Y36: 11926.44 | Z36: =H36-SUM(S36:Y36) -> 2947540
B37: ='1.2 Budgeted Enrollment YR1'!E39 -> Cactus Park | AA37: Opened after FY 2020
B38: ='1.2 Budgeted Enrollment YR1'!E40 -> Carson Montessori | C38: 2359224.2 | D38: 0 | E38: 0 | F38: =SUM(C38:E38) -> 2359224.2 | H38: =F38 -> 2359224.2 | J38: 278.55616 | M38: =N38-O38-P38-Q38 -> 118188 | N38: 118188 | O38: 0 | P38: 0 | Q38: 0 | Y38: 118188 | Z38: =H38-SUM(S38:Y38) -> 2241036.2
B39: ='1.2 Budgeted Enrollment YR1'!E41 -> CIVICA Nevada Career & Collegiate Academy | C39: 0 | D39: 0 | E39: 0 | F39: =SUM(C39:E39) -> 0 | H39: =F39 -> 0 | J39: 0 | M39: =N39-O39-P39-Q39 -> 0 | Y39: 0 | Z39: =H39-SUM(S39:Y39) -> 0 | AA39: Opened after FY 2020
B40: ='1.2 Budgeted Enrollment YR1'!E42 -> Coral Academy of Science Las Vegas | C40: 27034848 | D40: 558411.72 | E40: 0 | F40: =SUM(C40:E40) -> 27593259 | H40: =F40 -> 27593259 | J40: 3731.6205 | M40: =N40-O40-P40-Q40 -> 626261 | N40: 1290116.2 | O40: 0 | P40: 663855.22 | Q40: 0 | S40: 24000 | Y40: 626261 | Z40: =H40-SUM(S40:Y40) -> 26942998
B41: ='1.2 Budgeted Enrollment YR1'!E43 -> Coral Academy Washoe | C41: 10660287 | D41: 289969.99 | E41: 0 | F41: =SUM(C41:E41) -> 10950257 | H41: =F41 -> 10950257 | J41: 1424.9016 | M41: =N41-O41-P41-Q41 -> 230063.83 | N41: 230063.83 | O41: 0 | P41: 0 | Q41: 0 | Y41: 230063.83 | Z41: =H41-SUM(S41:Y41) -> 10720193
B42: ='1.2 Budgeted Enrollment YR1'!E44 -> Delta Academy | C42: 4453131.6 | D42: 171856.94 | E42: 0 | F42: =SUM(C42:E42) -> 4624988.6 | H42: =F42 -> 4624988.6 | J42: 614.925 | M42: =N42-O42-P42-Q42 -> 317639.64 | N42: 317639.64 | O42: 0 | P42: 0 | Q42: 0 | Y42: 317639.64 | Z42: =H42-SUM(S42:Y42) -> 4307348.9
B43: ='1.2 Budgeted Enrollment YR1'!E45 -> Democracy Prep | C43: 7118583.7 | D43: 883119.1 | E43: 0 | F43: =SUM(C43:E43) -> 8001702.8 | H43: =F43 -> 8001702.8 | J43: 981.96346 | M43: =N43-O43-P43-Q43 -> 0 | N43: 304266.97 | O43: 0 | P43: 304266.97 | Q43: 0 | U43: 627557.84 | Y43: 0 | Z43: =H43-SUM(S43:Y43) -> 7374144.9
B44: ='1.2 Budgeted Enrollment YR1'!E46 -> Discovery Charter | C44: 2742272.4 | D44: 183836.76 | E44: 0 | F44: =SUM(C44:E44) -> 2926109.2 | H44: =F44 -> 2926109.2 | J44: 378.66547 | M44: =N44-O44-P44-Q44 -> 18624 | N44: 108521.06 | O44: 0 | P44: 89897.06 | Q44: 0 | S44: 19200 | Y44: 18624 | Z44: =H44-SUM(S44:Y44) -> 2888285.2
B45: ='1.2 Budgeted Enrollment YR1'!E47 -> Doral Academy | C45: 41459514 | D45: 1180634.9 | E45: 0 | F45: =SUM(C45:E45) -> 42640149 | H45: =F45 -> 42640149 | J45: 5724.9225 | M45: =N45-O45-P45-Q45 -> 0 | N45: 1562825.8 | O45: 0 | P45: 1562825.8 | Q45: 0 | S45: 97200 | V45: 254303.26 | Y45: 0 | Z45: =H45-SUM(S45:Y45) -> 42288646
B46: ='1.2 Budgeted Enrollment YR1'!E48 -> Doral Academy of Northern Nevada | C46: 6062955 | D46: 183586.96 | E46: 0 | F46: =SUM(C46:E46) -> 6246542 | H46: =F46 -> 6246542 | J46: 811.68888 | M46: =N46-O46-P46-Q46 -> 74124 | N46: 318554.6 | O46: 0 | P46: 244430.6 | Q46: 0 | S46: 88800 | Y46: 74124 | Z46: =H46-SUM(S46:Y46) -> 6083618
B47: ='1.2 Budgeted Enrollment YR1'!E49 -> Eagle Charter School | C47: 0 | D47: 0 | E47: 0 | F47: =SUM(C47:E47) -> 0 | H47: =F47 -> 0 | J47: 0 | M47: =N47-O47-P47-Q47 -> 0 | Y47: 0 | Z47: =H47-SUM(S47:Y47) -> 0 | AA47: Opened after FY 2020
B48: ='1.2 Budgeted Enrollment YR1'!E50 -> Elko Institute for Academic Achievement | C48: 1846479.9 | D48: 163879.17 | E48: 0 | F48: =SUM(C48:E48) -> 2010359.1 | H48: =F48 -> 2010359.1 | J48: 197.48914 | M48: =N48-O48-P48-Q48 -> 0 | N48: 62236.43 | O48: 0 | P48: 62236.43 | Q48: 0 | S48: 14400 | Y48: 0 | Z48: =H48-SUM(S48:Y48) -> 1995959.1
B49: ='1.2 Budgeted Enrollment YR1'!E51 -> enCompass Academy | C49: 722845.92 | D49: 0 | E49: 0 | F49: =SUM(C49:E49) -> 722845.92 | H49: =F49 -> 722845.92 | J49: 94.269285 | M49: =N49-O49-P49-Q49 -> 73201.54 | N49: 73201.54 | O49: 0 | P49: 0 | Q49: 0 | Y49: 73201.54 | Z49: =H49-SUM(S49:Y49) -> 649644.38
B50: ='1.2 Budgeted Enrollment YR1'!E52 -> Equipo Academy | C50: 5503686.3 | D50: 440009.04 | E50: 0 | F50: =SUM(C50:E50) -> 5943695.4 | H50: =F50 -> 5943695.4 | J50: 759.97385 | M50: =N50-O50-P50-Q50 -> 59548 | N50: 184041 | O50: 0 | P50: 124493 | Q50: 0 | S50: 121200 | T50: 295587.1 | Y50: 59548 | Z50: =H50-SUM(S50:Y50) -> 5467360.3
B51: ='1.2 Budgeted Enrollment YR1'!E53 -> Explore Academy | C51: 0 | D51: 0 | E51: 0 | F51: =SUM(C51:E51) -> 0 | H51: =F51 -> 0 | J51: 0 | M51: =N51-O51-P51-Q51 -> 0 | Y51: 0 | Z51: =H51-SUM(S51:Y51) -> 0 | AA51: Opened after FY 2020
B52: ='1.2 Budgeted Enrollment YR1'!E54 -> Explore Knowledge Academy | C52: 5523528.8 | D52: 46600 | E52: 0 | F52: =SUM(C52:E52) -> 5570128.8 | H52: =F52 -> 5570128.8 | J52: 762.71107 | M52: =N52-O52-P52-Q52 -> 353411 | N52: 353411 | O52: 0 | P52: 0 | Q52: 0 | Y52: 353411 | Z52: =H52-SUM(S52:Y52) -> 5216717.8
B53: ='1.2 Budgeted Enrollment YR1'!E55 -> Founders Academy of Las Vegas | C53: 5537305.9 | D53: 131512.76 | E53: 0 | F53: =SUM(C53:E53) -> 5668818.7 | H53: =F53 -> 5668818.7 | J53: 764.61392 | M53: =N53-O53-P53-Q53 -> 116424.15 | N53: 247812.16 | O53: 0 | P53: 131388.01 | Q53: 0 | S53: 37200 | Y53: 116424.15 | Z53: =H53-SUM(S53:Y53) -> 5515194.5
B54: ='1.2 Budgeted Enrollment YR1'!E56 -> Freedom Classical Academy | C54: 7762587.3 | D54: 379552.44 | E54: 0 | F54: =SUM(C54:E54) -> 8142139.7 | H54: =F54 -> 8142139.7 | J54: 1071.2845 | M54: =N54-O54-P54-Q54 -> 303991 | N54: 594427.66 | O54: 0 | P54: 290436.66 | Q54: 0 | S54: 138000 | T54: 137330.29 | Y54: 303991 | Z54: =H54-SUM(S54:Y54) -> 7562818.4
B55: ='1.2 Budgeted Enrollment YR1'!E57 -> Futuro Academy Elementary | C55: 2468343.4 | D55: 150904.69 | E55: 0 | F55: =SUM(C55:E55) -> 2619248.1 | H55: =F55 -> 2619248.1 | J55: 340.84044 | M55: =N55-O55-P55-Q55 -> 0 | N55: 41490.95 | O55: 0 | P55: 41490.95 | Q55: 0 | T55: 67379.99 | Y55: 0 | Z55: =H55-SUM(S55:Y55) -> 2551868.1
B56: ='1.2 Budgeted Enrollment YR1'!E58 -> Girls Athletic Leadership Schools | C56: 0 | D56: 0 | E56: 0 | F56: =SUM(C56:E56) -> 0 | H56: =F56 -> 0 | J56: 0 | M56: =N56-O56-P56-Q56 -> 0 | Y56: 0 | Z56: =H56-SUM(S56:Y56) -> 0 | AA56: Opened after FY 2020
B57: ='1.2 Budgeted Enrollment YR1'!E59 -> High Desert Montessori | C57: 2658658 | D57: 3227 | E57: 0 | F57: =SUM(C57:E57) -> 2661885 | H57: =F57 -> 2661885 | J57: 346.23922 | M57: =N57-O57-P57-Q57 -> 165343.83 | N57: 165343.83 | O57: 0 | P57: 0 | Q57: 0 | Y57: 165343.83 | Z57: =H57-SUM(S57:Y57) -> 2496541.2
B58: ='1.2 Budgeted Enrollment YR1'!E60 -> Honors Academy of Literature | C58: 1631874 | D58: 79011.792 | E58: 0 | F58: =SUM(C58:E58) -> 1710885.8 | H58: =F58 -> 1710885.8 | J58: 218.46999 | M58: =N58-O58-P58-Q58 -> 27540 | N58: 113979.48 | O58: 0 | P58: 86439.48 | Q58: 0 | Y58: 27540 | Z58: =H58-SUM(S58:Y58) -> 1683345.8
B59: ='1.2 Budgeted Enrollment YR1'!E61 -> Imagine School Mountain View | C59: 5137984.4 | D59: 280040.82 | E59: 0 | F59: =SUM(C59:E59) -> 5418025.2 | H59: =F59 -> 5418025.2 | J59: 709.47592 | M59: =N59-O59-P59-Q59 -> 171487 | N59: 392772.07 | O59: 0 | P59: 221285.07 | Q59: 0 | S59: 56400 | T59: 94169.34 | Y59: 171487 | Z59: =H59-SUM(S59:Y59) -> 5095968.9
B60: ='1.2 Budgeted Enrollment YR1'!E62 -> Innovations Int'l Charter | C60: 5810173.9 | D60: 0 | E60: 0 | F60: =SUM(C60:E60) -> 5810173.9 | H60: =F60 -> 5810173.9 | J60: 802.28937 | M60: =N60-O60-P60-Q60 -> 396196 | N60: 396196 | O60: 0 | P60: 0 | Q60: 0 | Y60: 396196 | Z60: =H60-SUM(S60:Y60) -> 5413977.9
B61: ='1.2 Budgeted Enrollment YR1'!E63 -> Leadership Academy of Nevada | C61: 2097692.6 | D61: 21822.2 | E61: 0 | F61: =SUM(C61:E61) -> 2119514.8 | H61: =F61 -> 2119514.8 | J61: 262.75738 | M61: =N61-O61-P61-Q61 -> 0 | N61: 70046.53 | O61: 0 | P61: 45012.53 | Q61: 25034 | S61: 13200 | Y61: 0 | Z61: =H61-SUM(S61:Y61) -> 2106314.8
B62: ='1.2 Budgeted Enrollment YR1'!E64 -> Learning Bridge | C62: 2007853.1 | D62: 95748.69 | E62: 0 | F62: =SUM(C62:E62) -> 2103601.8 | H62: =F62 -> 2103601.8 | J62: 180.91071 | M62: =N62-O62-P62-Q62 -> 0 | N62: 86439.48 | O62: 0 | P62: 86439.48 | Q62: 0 | S62: 10800 | Y62: 0 | Z62: =H62-SUM(S62:Y62) -> 2092801.8
B63: ='1.2 Budgeted Enrollment YR1'!E65 -> Legacy Traditional Schools | C63: 30110813 | D63: 549792.24 | E63: 0 | F63: =SUM(C63:E63) -> 30660605 | H63: =F63 -> 30660605 | J63: 4157.8304 | M63: =N63-O63-P63-Q63 -> 0 | N63: 667312.8 | O63: 0 | P63: 667312.8 | Q63: 0 | S63: 180000 | Y63: 0 | Z63: =H63-SUM(S63:Y63) -> 30480605
B64: ='1.2 Budgeted Enrollment YR1'!E66 -> Mariposa Dual Language Academy | C64: 1264461.2 | D64: 245.08 | E64: 0 | F64: =SUM(C64:E64) -> 1264706.3 | H64: =F64 -> 1264706.3 | J64: 141.29832 | M64: =N64-O64-P64-Q64 -> 96944.9 | N64: 96944.9 | O64: 0 | P64: 0 | Q64: 0 | Y64: 96944.9 | Z64: =H64-SUM(S64:Y64) -> 1167761.4
B65: ='1.2 Budgeted Enrollment YR1'!E67 -> Mater Academy | C65: 14291664 | D65: 2006366.7 | E65: 0 | F65: =SUM(C65:E65) -> 16298030 | H65: =F65 -> 16298030 | J65: 1973.4593 | M65: =N65-O65-P65-Q65 -> 0 | N65: 577415.74 | O65: 0 | P65: 577415.74 | Q65: 0 | S65: 525600 | T65: 1102566 | Y65: 0 | Z65: =H65-SUM(S65:Y65) -> 14669864
B66: ='1.2 Budgeted Enrollment YR1'!E68 -> Mater Academy of Northern Nevada | C66: 2594884.1 | D66: 379211.8 | E66: 0 | F66: =SUM(C66:E66) -> 2974095.9 | H66: =F66 -> 2974095.9 | J66: 347.3935 | M66: =N66-O66-P66-Q66 -> 140924 | N66: 237736.22 | O66: 0 | P66: 96812.22 | Q66: 0 | S66: 80400 | T66: 134714.47 | Y66: 140924 | Z66: =H66-SUM(S66:Y66) -> 2618057.5
B67: ='1.2 Budgeted Enrollment YR1'!E69 -> Nevada Connections Academy | C67: 25878077 | D67: 871546.19 | E67: 0 | F67: =SUM(C67:E67) -> 26749624 | H67: =F67 -> 26749624 | J67: 3282.6675 | M67: =N67-O67-P67-Q67 -> 0 | N67: 1058019.4 | O67: 0 | P67: 1058019.4 | Q67: 0 | S67: 609600 | T67: 0 | V67: 53762.1 | Y67: 0 | Z67: =H67-SUM(S67:Y67) -> 26086262
B68: ='1.2 Budgeted Enrollment YR1'!E70 -> Nevada Prep | C68: 1503086.9 | D68: 20955.446 | E68: 0 | F68: =SUM(C68:E68) -> 1524042.4 | H68: =F68 -> 1524042.4 | J68: 207.55364 | M68: =N68-O68-P68-Q68 -> 31230 | N68: 79636.11 | O68: 0 | P68: 48406.11 | Q68: 0 | T68: 15976.7 | Y68: 31230 | Z68: =H68-SUM(S68:Y68) -> 1476835.7
B69: ='1.2 Budgeted Enrollment YR1'!E71 -> Nevada Rise | C69: 1625577.6 | D69: 95463.162 | E69: 0 | F69: =SUM(C69:E69) -> 1721040.8 | H69: =F69 -> 1721040.8 | J69: 224.46602 | M69: =N69-O69-P69-Q69 -> 0 | N69: 44948.53 | O69: 0 | P69: 44948.53 | Q69: 0 | T69: 16671.34 | Y69: 0 | Z69: =H69-SUM(S69:Y69) -> 1704369.4
B70: ='1.2 Budgeted Enrollment YR1'!E72 -> Nevada State High School | C70: 5359824.7 | D70: 338551.94 | E70: 0 | F70: =SUM(C70:E70) -> 5698376.7 | H70: =F70 -> 5698376.7 | J70: 738.88393 | M70: =N70-O70-P70-Q70 -> 0 | N70: 24203.05 | O70: 0 | P70: 24203.05 | Q70: 0 | T70: 5231.63 | Y70: 0 | Z70: =H70-SUM(S70:Y70) -> 5693145
B71: ='1.2 Budgeted Enrollment YR1'!E73 -> Nevada State High School-Meadowwood | C71: 410736.86 | D71: 843.37064 | E71: 0 | F71: =SUM(C71:E71) -> 411580.23 | H71: =F71 -> 411580.23 | J71: 53.67381 | M71: =N71-O71-P71-Q71 -> 0 | N71: 0 | O71: 0 | P71: 0 | Q71: 0 | Y71: 0 | Z71: =H71-SUM(S71:Y71) -> 411580.23
B72: ='1.2 Budgeted Enrollment YR1'!E74 -> Nevada Virtual Academy | C72: 11136051 | D72: 401494.34 | E72: 0 | F72: =SUM(C72:E72) -> 11537546 | H72: =F72 -> 11537546 | J72: 1486.7456 | M72: =N72-O72-P72-Q72 -> 0 | N72: 708803.75 | O72: 0 | P72: 708803.75 | Q72: 0 | S72: 270000 | Y72: 0 | Z72: =H72-SUM(S72:Y72) -> 11267546
B73: ='1.2 Budgeted Enrollment YR1'!E75 -> Oasis Academy | C73: 5287734.6 | D73: 265348.58 | E73: 0 | F73: =SUM(C73:E73) -> 5553083.1 | H73: =F73 -> 5553083.1 | J73: 638.00609 | M73: =N73-O73-P73-Q73 -> 208794.16 | N73: 416248.92 | O73: 0 | P73: 207454.76 | Q73: 0 | Y73: 208794.16 | Z73: =H73-SUM(S73:Y73) -> 5344289
B74: ='1.2 Budgeted Enrollment YR1'!E76 -> Odyssey Charter Schools | C74: 15919362 | D74: 34466.94 | E74: 0 | F74: =SUM(C74:E74) -> 15953829 | H74: =F74 -> 15953829 | J74: 2198.216 | M74: =N74-O74-P74-Q74 -> 2183089 | N74: 2183089 | O74: 0 | P74: 0 | Q74: 0 | S74: 4800 | Y74: 2183089 | Z74: =H74-SUM(S74:Y74) -> 13765940
B75: ='1.2 Budgeted Enrollment YR1'!E77 -> Pinecrest Academy of Northern Nevada | C75: 0 | D75: 0 | E75: 0 | F75: =SUM(C75:E75) -> 0 | H75: =F75 -> 0 | J75: 0 | M75: =N75-O75-P75-Q75 -> 0 | Y75: 0 | Z75: =H75-SUM(S75:Y75) -> 0 | AA75: Opened after FY 2020
B76: ='1.2 Budgeted Enrollment YR1'!E78 -> Pinecrest Academy of Nevada | C76: 43226716 | D76: 1069492.5 | E76: 0 | F76: =SUM(C76:E76) -> 44296208 | H76: =F76 -> 44296208 | J76: 5968.9446 | M76: =N76-O76-P76-Q76 -> 0 | N76: 1472928.8 | O76: 0 | P76: 1472928.8 | Q76: 0 | V76: 162993.03 | Y76: 0 | Z76: =H76-SUM(S76:Y76) -> 44133215
B77: ='1.2 Budgeted Enrollment YR1'!E79 -> Quest Academy | C77: 3468035.3 | D77: 258049.72 | E77: 0 | F77: =SUM(C77:E77) -> 3726085 | H77: =F77 -> 3726085 | J77: 473.36828 | M77: =N77-O77-P77-Q77 -> 46604 | N77: 174534.43 | O77: 0 | P77: 127930.43 | Q77: 0 | S77: 159600 | Y77: 46604 | Z77: =H77-SUM(S77:Y77) -> 3519881
B78: ='1.2 Budgeted Enrollment YR1'!E80 -> Rainbow Dreams Academy | C78: 2238632.8 | D78: 0 | E78: 0 | F78: =SUM(C78:E78) -> 2238632.8 | H78: =F78 -> 2238632.8 | J78: 309.11387 | M78: =N78-O78-P78-Q78 -> 40986 | N78: 40986 | O78: 0 | P78: 0 | Q78: 0 | Y78: 40986 | Z78: =H78-SUM(S78:Y78) -> 2197646.8
B79: ='1.2 Budgeted Enrollment YR1'!E81 -> Rooted Charter School | C79: 0 | D79: 0 | E79: 0 | F79: =SUM(C79:E79) -> 0 | H79: =F79 -> 0 | J79: 0 | M79: =N79-O79-P79-Q79 -> 0 | Y79: 0 | Z79: =H79-SUM(S79:Y79) -> 0 | AA79: Opened after FY 2020
B80: ='1.2 Budgeted Enrollment YR1'!E82 -> Sage Collegiate Academy | C80: 0 | D80: 0 | E80: 0 | F80: =SUM(C80:E80) -> 0 | H80: =F80 -> 0 | J80: 0 | M80: =N80-O80-P80-Q80 -> 0 | Y80: 0 | Z80: =H80-SUM(S80:Y80) -> 0 | AA80: Opened after FY 2020
B81: ='1.2 Budgeted Enrollment YR1'!E83 -> Sierra Nevada Academy Charter | C81: 3076925.3 | D81: 0 | E81: 0 | F81: =SUM(C81:E81) -> 3076925.3 | H81: =F81 -> 3076925.3 | J81: 383.22259 | M81: =N81-O81-P81-Q81 -> 200432.8 | N81: 200432.8 | O81: 0 | P81: 0 | Q81: 0 | Y81: 200432.8 | Z81: =H81-SUM(S81:Y81) -> 2876492.5
B82: ='1.2 Budgeted Enrollment YR1'!E84 -> Signature Preparatory | C82: 4044915.5 | D82: 85522.348 | E82: 0 | F82: =SUM(C82:E82) -> 4130437.8 | H82: =F82 -> 4130437.8 | J82: 558.54129 | M82: =N82-O82-P82-Q82 -> 151938 | N82: 151938 | O82: 0 | P82: 0 | Q82: 0 | Y82: 151938 | Z82: =H82-SUM(S82:Y82) -> 3978499.8
B83: ='1.2 Budgeted Enrollment YR1'!E85 -> Silver Sands Montessori | C83: 2137113.3 | D83: 91324.198 | E83: 0 | F83: =SUM(C83:E83) -> 2228437.5 | H83: =F83 -> 2228437.5 | J83: 295.10143 | M83: =N83-O83-P83-Q83 -> 0 | N83: 79524.32 | O83: 0 | P83: 79524.32 | Q83: 0 | S83: 9600 | Y83: 0 | Z83: =H83-SUM(S83:Y83) -> 2218837.5
B84: ='1.2 Budgeted Enrollment YR1'!E86 -> Somerset Academy | C84: 65714013 | D84: 1505939 | E84: 0 | F84: =SUM(C84:E84) -> 67219952 | H84: =F84 -> 67219952 | J84: 9074.0998 | M84: =N84-O84-P84-Q84 -> 0 | N84: 3177515.3 | O84: 0 | P84: 3177515.3 | Q84: 0 | S84: 498000 | Y84: 0 | Z84: =H84-SUM(S84:Y84) -> 66721952
B85: ='1.2 Budgeted Enrollment YR1'!E87 -> Southern Nevada Trade High School | C85: 0 | D85: 0 | E85: 0 | F85: =SUM(C85:E85) -> 0 | H85: =F85 -> 0 | J85: 0 | M85: =N85-O85-P85-Q85 -> 0 | N85: 0 | O85: 0 | P85: 0 | Q85: 0 | S85: 0 | T85: 0 | U85: 0 | W85: 0 | Y85: 0 | Z85: =H85-SUM(S85:Y85) -> 0 | AA85: Opened after FY 2020
B86: ='1.2 Budgeted Enrollment YR1'!E88 -> Sports Leadership and Management Academy | C86: 7446197.3 | D86: 385818.63 | E86: 0 | F86: =SUM(C86:E86) -> 7832016 | H86: =F86 -> 7832016 | J86: 1027.83 | M86: =N86-O86-P86-Q86 -> 0 | N86: 304266.97 | O86: 0 | P86: 304266.97 | Q86: 0 | S86: 121200 | T86: 137330.29 | Y86: 0 | Z86: =H86-SUM(S86:Y86) -> 7573485.7
B87: ='1.2 Budgeted Enrollment YR1'!E89 -> Strong Start Academy | C87: 0 | D87: 0 | E87: 0 | F87: =SUM(C87:E87) -> 0 | H87: =F87 -> 0 | J87: 0 | Y87: 0 | Z87: =H87-SUM(S87:Y87) -> 0 | AA87: Opened after FY 2020
B88: ='1.2 Budgeted Enrollment YR1'!E90 -> TEACH Las Vegas | C88: 0 | D88: 0 | E88: 0 | F88: =SUM(C88:E88) -> 0 | H88: =F88 -> 0 | J88: 0 | Y88: 0 | Z88: =H88-SUM(S88:Y88) -> 0 | AA88: Opened after FY 2020
B89: ='1.2 Budgeted Enrollment YR1'!E91 -> Young Women's Leadership Academy | C89: 0 | D89: 0 | E89: 0 | F89: =SUM(C89:E89) -> 0 | H89: =F89 -> 0 | J89: 0 | Y89: 0 | Z89: =H89-SUM(S89:Y89) -> 0 | AA89: Opened after FY 2020
B90: ='1.2 Budgeted Enrollment YR1'!E92 -> Total Charter Schools | C90: =SUM(C30:C89) -> 4.194844e+08 | D90: =SUM(D30:D89) -> 14322124 | E90: =SUM(E30:E89) -> 0 | F90: =SUM(F30:F89) -> 4.3380653e+08 | H90: =F90 -> 4.3380653e+08 | J90: =SUM(J30:J89) -> 57012.474 | M90: =SUM(M30:M89) -> 6459882.3 | N90: =SUM(N30:N89) -> 19726472 | O90: =SUM(O30:O89) -> 0 | P90: =SUM(P30:P89) -> 13241555 | Q90: =SUM(Q30:Q89) -> 25034 | S90: =SUM(S30:S89) -> 3217200 | T90: =SUM(T30:T89) -> 2076276.3 | U90: =SUM(U30:U89) -> 627557.84 | V90: =SUM(V30:V89) -> 471058.39 | W90: 0 | X90: 0 | Y90: 6459882.3 | Z90: =SUM(Z30:Z89) -> 4.2095455e+08
A92: University Schools
B93: ='1.2 Budgeted Enrollment YR1'!E96 -> Davidson Academy | C93: 1160008.2 | D93: 1398.37 | E93: 0 | F93: =SUM(C93:E93) -> 1161406.6 | H93: =F93 -> 1161406.6 | J93: 143.64573 | M93: =N93-O93-P93-Q93 -> 0 | N93: 0 | O93: 0 | P93: 0 | Q93: 0 | S93: 0 | T93: 0 | U93: 0 | V93: 0 | W93: 0 | X93: 0 | Y93: 0 | Z93: =H93-SUM(S93:Y93) -> 1161406.6
J94: 0 | M94: =N94-O94-P94-Q94 -> 0 | N94: 0 | O94: 0 | P94: 0 | Q94: 0 | S94: 0 | T94: 0 | U94: 0 | V94: 0 | W94: 0 | X94: 0 | Y94: 0 | Z94: =H94-SUM(S94:Y94) -> 0
C95: =SUM(C93:C94) -> 1160008.2 | D95: =SUM(D93:D94) -> 1398.37 | E95: =SUM(E93:E94) -> 0 | F95: =SUM(F93:F94) -> 1161406.6 | H95: =F95 -> 1161406.6 | J95: =SUM(J93:J94) -> 143.64573 | M95: =SUM(M93:M94) -> 0 | N95: =SUM(N93:N94) -> 0 | O95: =SUM(O93:O94) -> 0 | P95: =SUM(P93:P94) -> 0 | Q95: =SUM(Q93:Q94) -> 0 | S95: =SUM(S93:S94) -> 0 | T95: =SUM(T93:T94) -> 0 | U95: =SUM(U93:U94) -> 0 | V95: =SUM(V93:V94) -> 0 | W95: =SUM(W93:W94) -> 0 | X95: =SUM(X93:X94) -> 0 | Y95: =SUM(Y93:Y94) -> 0 | Z95: =SUM(Z93:Z94) -> 1161406.6
B98: Notes:
B99: *State DSA Basic Support Payment totals were updated to reflect the correct DSA payments in FY 2020

Sheet 2.1 Auxiliary Services YR1
A1: Nevada Department of Education
A2: =CONCATENATE("Pupil Center Funding Plan | FY",'1.1 Assumption Control YR1'!D5) -> Pupil Center Funding Plan | FY2024
A3: Auxiliary Services Calculations (Transportation and Food Service) (Year 1)
F4: Include Inflation for | H4: Include Inflation for
C5: Available | D5: Allocated | E5: Remaining | F5: Base Transportation? | H5: Food Services?
B6: PCFM Resources: | C6: ='1.3 Budgeted Revenues YR1'!C35 -> 5.4769218e+09 | D6: =I31 -> 1.9525548e+08 | E6: =C6-D6 -> 5.2816663e+09 | F6: No | H6: No | I6: Yes
F7: ='1.1 Assumption Control YR1'!E25 -> 0.045216083 | H7: =F7 -> 0.045216083 | I7: No
B8: Updated 5.13.2022 | C8: District Enrollment | D8: Transportation | G8: Food Services | I8: Total Auxiliary Services
D9: Prior Year Actual | E9: Inflation Adjustment | F9: Special Transport | G9: Prior Year Actual | H9: Inflation Adjustment | I9: Combined Total | J9: Per Pupil | L9: PCFP does not allocate Auxiliary Services on a per pupil basis.
B10: Calculation or Source of Data | C10: Tab 1.2 | D10: 4 year Average | E10: = D x Cell F7 | G10: 4 Year Average | H10: = G x Cell H7 | I10: = D + E + F | J10: = H / C | L10: Per pupil funding amount provided as FYI only.
A11: School District
B12: ='1.2 Budgeted Enrollment YR1'!E9 -> Carson City | C12: ='1.2 Budgeted Enrollment YR1'!G9 -> 7200.2985 | D12: =G40 -> 2586477.4 | E12: =IF($F$6="Yes",(D12*$F$7),0) -> 0 | G12: =G61 -> 416802.75 | H12: =IF($H$6="Yes",(G12*$H$7),0) -> 0 | I12: =SUM(D12:E12)+F12+SUM(G12:H12) -> 3003280.1 | J12: =IF(C12=0,0,I12/C12) -> 417.10495
B13: ='1.2 Budgeted Enrollment YR1'!E10 -> Churchill | C13: ='1.2 Budgeted Enrollment YR1'!G10 -> 3191.1266 | D13: =G41 -> 1654639.5 | E13: =IF($F$6="Yes",(D13*$F$7),0) -> 0 | G13: =G62 -> 12500.122 | H13: =IF($H$6="Yes",(G13*$H$7),0) -> 0 | I13: =SUM(D13:E13)+F13+SUM(G13:H13) -> 1667139.6 | J13: =IF(C13=0,0,I13/C13) -> 522.42979
B14: ='1.2 Budgeted Enrollment YR1'!E11 -> Clark | C14: ='1.2 Budgeted Enrollment YR1'!G11 -> 293209.81 | D14: =G42 -> 1.4091185e+08 | E14: =IF($F$6="Yes",(D14*$F$7),0) -> 0 | G14: =G63 -> 0 | H14: =IF($H$6="Yes",(G14*$H$7),0) -> 0 | I14: =SUM(D14:E14)+F14+SUM(G14:H14) -> 1.4091185e+08 | J14: =IF(C14=0,0,I14/C14) -> 480.58367
B15: ='1.2 Budgeted Enrollment YR1'!E12 -> Douglas | C15: ='1.2 Budgeted Enrollment YR1'!G12 -> 5165.4764 | D15: =G43 -> 3889783.5 | E15: =IF($F$6="Yes",(D15*$F$7),0) -> 0 | G15: =G64 -> 0 | H15: =IF($H$6="Yes",(G15*$H$7),0) -> 0 | I15: =SUM(D15:E15)+F15+SUM(G15:H15) -> 3889783.5 | J15: =IF(C15=0,0,I15/C15) -> 753.03482
B16: ='1.2 Budgeted Enrollment YR1'!E13 -> Elko | C16: ='1.2 Budgeted Enrollment YR1'!G13 -> 9808.5958 | D16: =G44 -> 4707742.3 | E16: =IF($F$6="Yes",(D16*$F$7),0) -> 0 | G16: =G65 -> 384179.53 | H16: =IF($H$6="Yes",(G16*$H$7),0) -> 0 | I16: =SUM(D16:E16)+F16+SUM(G16:H16) -> 5091921.8 | J16: =IF(C16=0,0,I16/C16) -> 519.12852
B17: ='1.2 Budgeted Enrollment YR1'!E14 -> Esmeralda | C17: ='1.2 Budgeted Enrollment YR1'!G14 -> 77.315222 | D17: =G45 -> 362615.88 | E17: =IF($F$6="Yes",(D17*$F$7),0) -> 0 | G17: =G66 -> 60581.75 | H17: =IF($H$6="Yes",(G17*$H$7),0) -> 0 | I17: =SUM(D17:E17)+F17+SUM(G17:H17) -> 423197.63 | J17: =IF(C17=0,0,I17/C17) -> 5473.6651
B18: ='1.2 Budgeted Enrollment YR1'!E15 -> Eureka | C18: ='1.2 Budgeted Enrollment YR1'!G15 -> 323.70253 | D18: =G46 -> 748499.52 | E18: =IF($F$6="Yes",(D18*$F$7),0) -> 0 | G18: =G67 -> 253810.09 | H18: =IF($H$6="Yes",(G18*$H$7),0) -> 0 | I18: =SUM(D18:E18)+F18+SUM(G18:H18) -> 1002309.6 | J18: =IF(C18=0,0,I18/C18) -> 3096.391
B19: ='1.2 Budgeted Enrollment YR1'!E16 -> Humboldt | C19: ='1.2 Budgeted Enrollment YR1'!G16 -> 3182.6226 | D19: =G47 -> 2017965.7 | E19: =IF($F$6="Yes",(D19*$F$7),0) -> 0 | G19: =G68 -> 19090.5 | H19: =IF($H$6="Yes",(G19*$H$7),0) -> 0 | I19: =SUM(D19:E19)+F19+SUM(G19:H19) -> 2037056.2 | J19: =IF(C19=0,0,I19/C19) -> 640.05586
B20: ='1.2 Budgeted Enrollment YR1'!E17 -> Lander | C20: ='1.2 Budgeted Enrollment YR1'!G17 -> 1002.8726 | D20: =G48 -> 413952.86 | E20: =IF($F$6="Yes",(D20*$F$7),0) -> 0 | G20: =G69 -> 25000 | H20: =IF($H$6="Yes",(G20*$H$7),0) -> 0 | I20: =SUM(D20:E20)+F20+SUM(G20:H20) -> 438952.86 | J20: =IF(C20=0,0,I20/C20) -> 437.69553
B21: ='1.2 Budgeted Enrollment YR1'!E18 -> Lincoln | C21: ='1.2 Budgeted Enrollment YR1'!G18 -> 883.01945 | D21: =G49 -> 623019.91 | E21: =IF($F$6="Yes",(D21*$F$7),0) -> 0 | G21: =G70 -> 60319.5 | H21: =IF($H$6="Yes",(G21*$H$7),0) -> 0 | I21: =SUM(D21:E21)+F21+SUM(G21:H21) -> 683339.41 | J21: =IF(C21=0,0,I21/C21) -> 773.86677
B22: ='1.2 Budgeted Enrollment YR1'!E19 -> Lyon | C22: ='1.2 Budgeted Enrollment YR1'!G19 -> 9036.0335 | D22: =G50 -> 5015867.7 | E22: =IF($F$6="Yes",(D22*$F$7),0) -> 0 | G22: =G71 -> 0 | H22: =IF($H$6="Yes",(G22*$H$7),0) -> 0 | I22: =SUM(D22:E22)+F22+SUM(G22:H22) -> 5015867.7 | J22: =IF(C22=0,0,I22/C22) -> 555.09618
B23: ='1.2 Budgeted Enrollment YR1'!E20 -> Mineral | C23: ='1.2 Budgeted Enrollment YR1'!G20 -> 567.43327 | D23: =G51 -> 316048.27 | E23: =IF($F$6="Yes",(D23*$F$7),0) -> 0 | G23: =G72 -> 159025 | H23: =IF($H$6="Yes",(G23*$H$7),0) -> 0 | I23: =SUM(D23:E23)+F23+SUM(G23:H23) -> 475073.27 | J23: =IF(C23=0,0,I23/C23) -> 837.23196
... B28: ='1.2 Budgeted Enrollment YR1'!E25 -> White Pine | C28: ='1.2 Budgeted Enrollment YR1'!G25 -> 1259.3903 | D28: =G56 -> 1218748 | E28: =IF($F$6="Yes",(D28*$F$7),0) -> 0 | G28: =G77 -> 48795.178 | H28: =IF($H$6="Yes",(G28*$H$7),0) -> 0 | I28: =SUM(D28:E28)+F28+SUM(G28:H28) -> 1267543.2 | J28: =IF(C28=0,0,I28/C28) -> 1006.4737
B29: ='1.2 Budgeted Enrollment YR1'!E26 -> Charter Schools (Combined) | C29: 0 | D29: 0 | E29: =IF($F$6="Yes",(D29*$F$7),0) -> 0 | G29: 0 | H29: =IF($H$6="Yes",(G29*$H$7),0) -> 0 | I29: =SUM(D29:E29)+F29+SUM(G29:H29) -> 0 | J29: =IF(C29=0,0,I29/C29) -> 0
B30: ='1.2 Budgeted Enrollment YR1'!E27 -> University Schools | C30: 0 | D30: 0 | E30: =IF($F$6="Yes",(D30*$F$7),0) -> 0 | G30: 0 | H30: =IF($H$6="Yes",(G30*$H$7),0) -> 0 | I30: =SUM(D30:E30)+F30+SUM(G30:H30) -> 0 | J30: =IF(C30=0,0,I30/C30) -> 0
B31: Total School Districts | C31: =SUM(C12:C30) -> 402117.43 | D31: =SUM(D12:D30) -> 1.9376783e+08 | E31: =SUM(E12:E30) -> 0 | F31: =SUM(F12:F30) -> 0 | G31: =SUM(G12:G30) -> 1487652.7 | H31: =SUM(H12:H30) -> 0 | I31: =SUM(I12:I30) -> 1.9525548e+08 | J31: =I31/C31 -> 485.56831
D32: =D31-G57 -> 0 | G32: =G31-G78 -> 0
B33: Data Source: FY 2019; FY 2020, FY 2021 and FY 2022 - 387 reports
B34: Amounts are not adjusted for inflation or enrollment growth
B37: for NDE purposes only; not part of the PCFP model
B38: Transportation Four Year Average: | C38: 2019 | D38: 2020 | E38: 2021 | F38: 2022 | G38: Average for
B39: Data Source: | C39: 2019 NRS 387 Report | D39: 2020 NRS 387 Report | E39: 2021 NRS 387 Report | F39: 2022 NRS 387 Report | G39: 24 and 25
B40: Carson | C40: 2591616.8 | D40: 2354421 | E40: 2176089 | F40: 3223782.8 | G40: =SUM(C40:F40)/4 -> 2586477.4
B41: Churchill | C41: 1954425.5 | D41: 1719375.5 | E41: 1423239.5 | F41: 1521517.5 | G41: =SUM(C41:F41)/4 -> 1654639.5
B42: Clark | C42: 1.6060617e+08 | D42: 144286074 | E42: 1.3306263e+08 | F42: 1.2569251e+08 | G42: =SUM(C42:F42)/4 -> 1.4091185e+08
B43: Douglas | C43: 3931543 | D43: 3465564.2 | E43: 3955235 | F43: 4206792 | G43: =SUM(C43:F43)/4 -> 3889783.5
B44: Elko | C44: 4886649 | D44: 4285094.2 | E44: 4009665.7 | F44: 5649560.1 | G44: =SUM(C44:F44)/4 -> 4707742.3
B45: Esmeralda | C45: 324260 | D45: 328549.58 | E45: 462905.84 | F45: 334748.11 | G45: =SUM(C45:F45)/4 -> 362615.88
B46: Eureka | C46: 537295 | D46: 434259 | E46: 1026559.4 | F46: 995884.64 | G46: =SUM(C46:F46)/4 -> 748499.52
B47: Humboldt | C47: 2622861.3 | D47: 1619978 | E47: 1542016.7 | F47: 2287006.9 | G47: =SUM(C47:F47)/4 -> 2017965.7
B48: Lander | C48: 392352.21 | D48: 582580.2 | E48: 250328.35 | F48: 430550.69 | G48: =SUM(C48:F48)/4 -> 413952.86
B49: Lincoln | C49: 598189 | D49: 773153 | E49: 352938 | F49: 767799.64 | G49: =SUM(C49:F49)/4 -> 623019.91
B50: Lyon | C50: 4676120 | D50: 4568463 | E50: 5048651.8 | F50: 5770235.9 | G50: =SUM(C50:F50)/4 -> 5015867.7
B51: Mineral | C51: 257034 | D51: 310614.5 | E51: 343102.13 | F51: 353442.45 | G51: =SUM(C51:F51)/4 -> 316048.27
... B56: White Pine | C56: 1054973.6 | D56: 1054977 | E56: 1590085.7 | F56: 1174955.6 | G56: =SUM(C56:F56)/4 -> 1218748
C57: =SUM(C40:C56) -> 2.1380815e+08 | D57: =SUM(D40:D56) -> 194943747 | E57: =SUM(E40:E56) -> 1.8237591e+08 | F57: =SUM(F40:F56) -> 1.8394351e+08 | G57: =SUM(G40:G56) -> 1.9376783e+08 | H57: =G57-'6.1 Auxiliary Services YR2'!G56 -> 0
G58: =D31-G57 -> 0
B59: Food Services Four Year Average | C59: =C38 -> 2019 | D59: =D38 -> 2020 | E59: =E38 -> 2021 | F59: =F38 -> 2022 | G59: Average
B60: Data Source: (Rev Code 5200) | C60: =C39 -> 2019 NRS 387 Report | D60: =D39 -> 2020 NRS 387 Report | E60: =E39 -> 2021 NRS 387 Report | F60: =F39 -> 2022 NRS 387 Report
B61: Carson | C61: 216197.99 | D61: 529286 | E61: 921727 | F61: 0 | G61: =SUM(C61:F61)/4 -> 416802.75
B62: Churchill | C62: 50000.49 | D62: 0 | E62: 0 | F62: 0 | G62: =SUM(C62:F62)/4 -> 12500.122
B63: Clark | C63: 0 | D63: 0 | E63: 0 | F63: 0 | G63: =SUM(C63:F63)/4 -> 0
B64: Douglas | C64: 0 | D64: 0 | E64: 0 | F64: 0 | G64: =SUM(C64:F64)/4 -> 0
B65: Elko | C65: 301364 | D65: 347096 | E65: 543565.12 | F65: 344693 | G65: =SUM(C65:F65)/4 -> 384179.53
B66: Esmeralda | C66: 49638 | D66: 49284 | E66: 83405 | F66: 60000 | G66: =SUM(C66:F66)/4 -> 60581.75
B67: Eureka | C67: 281756 | D67: 399223 | E67: 0 | F67: 334261.34 | G67: =SUM(C67:F67)/4 -> 253810.09
B68: Humboldt | C68: 19890 | D68: 56472 | E68: 0 | F68: 0 | G68: =SUM(C68:F68)/4 -> 19090.5
B69: Lander | C69: 0 | D69: 100000 | E69: 0 | F69: 0 | G69: =SUM(C69:F69)/4 -> 25000
B70: Lincoln | C70: 70000 | D70: 70000 | E70: 30000 | F70: 71278 | G70: =SUM(C70:F70)/4 -> 60319.5
B71: Lyon | C71: 0 | D71: 0 | E71: 0 | F71: 0 | G71: =SUM(C71:F71)/4 -> 0
B72: Mineral | C72: 88000 | D72: 88000 | E72: 179605 | F72: 280495 | G72: =SUM(C72:F72)/4 -> 159025
... B77: White Pine | C77: 76980.1 | D77: 89088.22 | E77: 25318 | F77: 3794.39 | G77: =SUM(C77:F77)/4 -> 48795.178
C78: =SUM(C61:C77) -> 1195674.6 | D78: =SUM(D61:D77) -> 1812350.2 | E78: =SUM(E61:E77) -> 1830432.1 | F78: =SUM(F61:F77) -> 1112153.7 | G78: =SUM(G61:G77) -> 1487652.7 | H78: =G78-'6.1 Auxiliary Services YR2'!G77 -> 0
G79: =G78-G31 -> 0

Sheet 2.2 Spec Ed Local YR1
A1: Nevada Department of Education
A2: =CONCATENATE("Pupil Center Funding Plan | FY",'1.1 Assumption Control YR1'!D5) -> Pupil Center Funding Plan | FY2024
A3: Local Special Education Funding Calculations (Year 1)
C5: Available | D5: Allocated | E5: Remaining
B6: PCFM Resources: | C6: ='2.1 Auxiliary Services YR1'!E6 -> 5.2816663e+09 | D6: =J28 -> 4.853467e+08 | E6: =C6-D6 -> 4.7963196e+09
A8: School District | C8: Total Spec Ed Fund Resources Per FY 2022 NRS 387.300 Report | D8: Fed Funding in Special Education Fund | E8: State Funding in Special Education Fund | F8: Charter School Sponsor Special Education Transfers (SD1951) | G8: Opening Balance | H8: Ending Balance | I8: Difference Between Opening and Ending Balance | J8: Local Funding in the School District/Charter School Special Education Fund in FY 2022 | M8: Special Education Enrollment (FY 2020)
B9: ='1.2 Budgeted Enrollment YR1'!E9 -> Carson City | C9: 13010125 | D9: 0 | E9: 5101022 | F9: 0 | G9: 1485504 | H9: 1485422 | I9: =G9-H9 -> 82 | J9: =C9-D9-E9-F9-G9 -> 6423599 | M9: 1165 | N9: =J9/M9 -> 5513.8189
B10: ='1.2 Budgeted Enrollment YR1'!E10 -> Churchill | C10: 5111599.4 | D10: 98048 | E10: 3371237.2 | F10: 0 | G10: 3207 | H10: 8033 | I10: =G10-H10 -> -4826 | J10: =C10-D10-E10-F10-G10 -> 1639107.2 | M10: 553 | N10: =J10/M10 -> 2964.0274
B11: ='1.2 Budgeted Enrollment YR1'!E11 -> Clark | C11: 527034587 | D11: 0 | E11: 142496449 | F11: 0 | G11: 0 | H11: 0 | I11: =G11-H11 -> 0 | J11: =C11-D11-E11-F11-G11 -> 384538138 | M11: 41867 | N11: =J11/M11 -> 9184.755
B12: ='1.2 Budgeted Enrollment YR1'!E12 -> Douglas | C12: 8817844 | D12: 0 | E12: 4062193 | F12: 0 | G12: 741847 | H12: 633711 | I12: =G12-H12 -> 108136 | J12: =C12-D12-E12-F12-G12 -> 4013804 | M12: 803 | N12: =J12/M12 -> 4998.5106
B13: ='1.2 Budgeted Enrollment YR1'!E13 -> Elko | C13: 10349424 | D13: 83253 | E13: 4952267 | F13: 0 | G13: 260357 | H13: 545836 | I13: =G13-H13 -> -285479 | J13: =C13-D13-E13-F13-G13 -> 5053547 | M13: 1316 | N13: =J13/M13 -> 3840.0813
B14: ='1.2 Budgeted Enrollment YR1'!E14 -> Esmeralda | C14: 129768 | D14: 0 | E14: 58786 | F14: 0 | G14: 24039 | H14: 10819 | I14: =G14-H14 -> 13220 | J14: =C14-D14-E14-F14-G14 -> 46943 | M14: 8 | N14: =J14/M14 -> 5867.875
B15: ='1.2 Budgeted Enrollment YR1'!E15 -> Eureka | C15: 2138116.5 | D15: 0 | E15: 278039 | F15: 0 | G15: 911116 | H15: 1406717 | I15: =G15-H15 -> -495601 | J15: =C15-D15-E15-F15-G15 -> 948961.5 | M15: 45 | N15: =J15/M15 -> 21088.033
B16: ='1.2 Budgeted Enrollment YR1'!E16 -> Humboldt | C16: 4581282 | D16: 48124 | E16: 2174688 | F16: 0 | G16: 0 | H16: 0 | I16: =G16-H16 -> 0 | J16: =C16-D16-E16-F16-G16 -> 2358470 | M16: 510 | N16: =J16/M16 -> 4624.451
B17: ='1.2 Budgeted Enrollment YR1'!E17 -> Lander | C17: 1940854 | D17: 0 | E17: 717877 | F17: 0 | G17: 169982 | H17: 649034 | I17: =G17-H17 -> -479052 | J17: =C17-D17-E17-F17-G17 -> 1052995 | M17: 128 | N17: =J17/M17 -> 8226.5234
B18: ='1.2 Budgeted Enrollment YR1'!E18 -> Lincoln | C18: 1945092 | D18: 0 | E18: 1233363 | F18: 0 | G18: 384014 | H18: 595170 | I18: =G18-H18 -> -211156 | J18: =C18-D18-E18-F18-G18 -> 327715 | M18: 154 | N18: =J18/M18 -> 2128.0195
B19: ='1.2 Budgeted Enrollment YR1'!E19 -> Lyon | C19: 14066770 | D19: 0 | E19: 4472708 | F19: 0 | G19: 11110 | H19: 840728 | I19: =G19-H19 -> -829618 | J19: =C19-D19-E19-F19-G19 -> 9582952 | M19: 1232 | N19: =J19/M19 -> 7778.3701
B20: ='1.2 Budgeted Enrollment YR1'!E20 -> Mineral | C20: 1024271 | D20: 5393 | E20: 553455 | F20: 0 | G20: 249758 | H20: 162254 | I20: =G20-H20 -> 87504 | J20: =C20-D20-E20-F20-G20 -> 215665 | M20: 86 | N20: =J20/M20 -> 2507.7326
... B25: ='1.2 Budgeted Enrollment YR1'!E25 -> White Pine | C25: 1929886 | D25: 0 | E25: 1330270 | F25: 0 | G25: 0 | H25: 0 | I25: =G25-H25 -> 0 | J25: =C25-D25-E25-F25-G25 -> 599616 | M25: 202 | N25: =J25/M25 -> 2968.396
B26: ='1.2 Budgeted Enrollment YR1'!E26 -> Charter Schools (Combined) | C26: =C90 -> 32033643 | D26: =D90 -> 648079 | E26: =E90 -> 14064586 | F26: =F90 -> 2506754 | G26: =G90 -> 30774 | H26: =H90 -> 352903 | I26: =G26-H26 -> -322129 | J26: =C26-D26-E26-F26-G26 -> 14783450 | M26: 4653 | N26: =J26/M26 -> 3177.1868
B27: ='1.2 Budgeted Enrollment YR1'!E27 -> University Schools | C27: =C95 -> 7389 | D27: =D95 -> 0 | E27: =E95 -> 7389 | F27: =F95 -> 0 | G27: =G95 -> 0 | H27: =H95 -> 0 | I27: =G27-H27 -> 0 | J27: =C27-D27-E27-F27-G27 -> 0
C28: =SUM(C9:C27) -> 7.1812543e+08 | D28: =SUM(D9:D27) -> 916206 | E28: =SUM(E9:E27) -> 2.2507684e+08 | F28: =SUM(F9:F27) -> 2506754 | G28: =SUM(G9:G27) -> 4278931 | H28: =SUM(H9:H27) -> 7161164 | I28: =SUM(I9:I27) -> -2882233 | J28: =SUM(J9:J27) -> 4.853467e+08 | M28: =SUM(M9:M26) -> 63038 | N28: =J28/M28 -> 7699.2718
A29: Charter Schools | J29: =J28-'6.2 Spec Ed Local YR2'!J28 -> 0
B30: ='1.2 Budgeted Enrollment YR1'!E32 -> 100 Academy Of Excellence | C30: 358092 | D30: 228128 | E30: 0 | F30: 0 | G30: 0 | H30: 129964 | I30: =G30-H30 -> -129964 | J30: =C30-D30-E30-F30-G30 -> 129964
B31: ='1.2 Budgeted Enrollment YR1'!E33 -> Academy For Career Education | C31: 199617 | D31: 0 | E31: 0 | F31: 104422 | G31: 0 | H31: 0 | I31: =G31-H31 -> 0 | J31: =C31-D31-E31-F31-G31 -> 95195
B32: ='1.2 Budgeted Enrollment YR1'!E34 -> Alpine Academy | C32: 162601 | D32: 0 | E32: 52352 | F32: 0 | G32: 30774 | H32: 61672 | I32: =G32-H32 -> -30898 | J32: =C32-D32-E32-F32-G32 -> 79475
B33: ='1.2 Budgeted Enrollment YR1'!E35 -> Amplus (Formerly American Preparatory Academy) | C33: 321164 | D33: 0 | E33: 297580 | F33: 0 | G33: 0 | H33: 0 | I33: =G33-H33 -> 0 | J33: =C33-D33-E33-F33-G33 -> 23584
B34: ='1.2 Budgeted Enrollment YR1'!E36 -> Bailey Charter School | C34: 137829 | D34: 0 | E34: 0 | F34: 70060 | G34: 0 | H34: 0 | I34: =G34-H34 -> 0 | J34: =C34-D34-E34-F34-G34 -> 67769
B35: ='1.2 Budgeted Enrollment YR1'!E37 -> Battle Born Academy | C35: 0 | D35: 0 | E35: 0 | F35: 0 | G35: 0 | H35: 0 | I35: =G35-H35 -> 0 | J35: =C35-D35-E35-F35-G35 -> 0
B36: ='1.2 Budgeted Enrollment YR1'!E38 -> Beacon Academy | C36: 537617 | D36: 0 | E36: 261760 | F36: 0 | G36: 0 | H36: 0 | I36: =G36-H36 -> 0 | J36: =C36-D36-E36-F36-G36 -> 275857
B37: ='1.2 Budgeted Enrollment YR1'!E39 -> Cactus Park | C37: 0 | D37: 0 | E37: 0 | F37: 0 | G37: 0 | H37: 0 | I37: =G37-H37 -> 0 | J37: =C37-D37-E37-F37-G37 -> 0
B38: ='1.2 Budgeted Enrollment YR1'!E40 -> Carson Montessori | C38: 144597 | D38: 0 | E38: 0 | F38: 0 | G38: 0 | H38: 36703 | I38: =G38-H38 -> -36703 | J38: =C38-D38-E38-F38-G38 -> 144597
B39: ='1.2 Budgeted Enrollment YR1'!E41 -> CIVICA Nevada Career & Collegiate Academy | C39: 258073 | D39: 0 | E39: 0 | F39: 0 | G39: 0 | H39: 0 | I39: =G39-H39 -> 0 | J39: =C39-D39-E39-F39-G39 -> 258073
B40: ='1.2 Budgeted Enrollment YR1'!E42 -> Coral Academy of Science Las Vegas | C40: 1327304 | D40: 0 | E40: 705379 | F40: 0 | G40: 0 | H40: 0 | I40: =G40-H40 -> 0 | J40: =C40-D40-E40-F40-G40 -> 621925
B41: ='1.2 Budgeted Enrollment YR1'!E43 -> Coral Academy Washoe | C41: 461536 | D41: 0 | E41: 0 | F41: 231472 | G41: 0 | H41: 92392 | I41: =G41-H41 -> -92392 | J41: =C41-D41-E41-F41-G41 -> 230064
... B89: ='1.2 Budgeted Enrollment YR1'!E91 -> Young Women's Leadership Academy | C89: 0 | D89: 0 | E89: 0 | F89: 0 | G89: 0 | H89: 0 | I89: =G89-H89 -> 0 | J89: =C89-D89-E89-F89-G89 -> 0
B90: ='1.2 Budgeted Enrollment YR1'!E92 -> Total Charter Schools | C90: =SUM(C30:C89) -> 32033643 | D90: =SUM(D30:D89) -> 648079 | E90: =SUM(E30:E89) -> 14064586 | F90: =SUM(F30:F89) -> 2506754 | G90: =SUM(G30:G89) -> 30774 | H90: =SUM(H30:H89) -> 352903 | I90: =SUM(I30:I89) -> -322129 | J90: =SUM(J30:J89) -> 14783450
A92: University School
B93: ='1.2 Budgeted Enrollment YR1'!E96 -> Davidson Academy | C93: 7389 | D93: 0 | E93: 7389 | F93: 0 | G93: 0 | I93: =G93-H93 -> 0 | J93: =C93-D93-E93-F93-G93 -> 0
C94: 0 | D94: 0 | E94: 0 | F94: 0 | G94: 0 | I94: =G94-H94 -> 0 | J94: =C94-D94-E94-F94-G94 -> 0
B95: ='1.2 Budgeted Enrollment YR1'!E98 -> Total University Schools | C95: =SUM(C93:C94) -> 7389 | D95: =SUM(D93:D94) -> 0 | E95: =SUM(E93:E94) -> 7389 | F95: =SUM(F93:F94) -> 0 | G95: =SUM(G93:G94) -> 0 | H95: =SUM(H93:H94) -> 0 | I95: =SUM(I93:I94) -> 0 | J95: =SUM(J93:J94) -> 0

Sheet 2.3 Statewide Base Funding YR1
A1: Nevada Department of Education
A2: =CONCATENATE("Pupil Center Funding Plan | FY",'1.1 Assumption Control YR1'!D5) -> Pupil Center Funding Plan | FY2024
A3: Statewide Base Per Pupil Funding Calculations for School Districts and Charter Schools (Year 1)
C5: Available | D5: Allocated | E5: Remaining
B6: PCFM Resources: | C6: ='2.2 Spec Ed Local YR1'!E6 -> 4.7963196e+09 | D6: =E33 -> 4.2325923e+09 | E6: =C6-D6 -> 5.6372731e+08
B8: =CONCATENATE("Statewide Base Per Pupil Funding | FY",'1.1 Assumption Control YR1'!$D$5,":") -> Statewide Base Per Pupil Funding | FY2024: | C8: ='1.1 Assumption Control YR1'!D30 -> 8981 | D8: Tab 1.1
C10: Statewide Base | D10: Total | E10: Total Statewide
C11: Per Pupil Funding | D11: Enrollment | E11: Base Funding
B12: Calculation or Source of Data | C12: Cell C8 | D12: Tab 1.2 | E12: = C * D
A13: School District
B14: ='1.2 Budgeted Enrollment YR1'!E9 -> Carson City | C14: =$C$8 -> 8981 | D14: ='1.2 Budgeted Enrollment YR1'!$G9 -> 7200.2985 | E14: =D14*C14 -> 64665881
B15: ='1.2 Budgeted Enrollment YR1'!E10 -> Churchill | C15: =$C$8 -> 8981 | D15: ='1.2 Budgeted Enrollment YR1'!$G10 -> 3191.1266 | E15: =D15*C15 -> 28659508
B16: ='1.2 Budgeted Enrollment YR1'!E11 -> Clark | C16: =$C$8 -> 8981 | D16: ='1.2 Budgeted Enrollment YR1'!$G11 -> 293209.81 | E16: =D16*C16 -> 2.6333173e+09
B17: ='1.2 Budgeted Enrollment YR1'!E12 -> Douglas | C17: =$C$8 -> 8981 | D17: ='1.2 Budgeted Enrollment YR1'!$G12 -> 5165.4764 | E17: =D17*C17 -> 46391143
B18: ='1.2 Budgeted Enrollment YR1'!E13 -> Elko | C18: =$C$8 -> 8981 | D18: ='1.2 Budgeted Enrollment YR1'!$G13 -> 9808.5958 | E18: =D18*C18 -> 88090998
B19: ='1.2 Budgeted Enrollment YR1'!E14 -> Esmeralda | C19: =$C$8 -> 8981 | D19: ='1.2 Budgeted Enrollment YR1'!$G14 -> 77.315222 | E19: =D19*C19 -> 694368.01
B20: ='1.2 Budgeted Enrollment YR1'!E15 -> Eureka | C20: =$C$8 -> 8981 | D20: ='1.2 Budgeted Enrollment YR1'!$G15 -> 323.70253 | E20: =D20*C20 -> 2907172.5
B21: ='1.2 Budgeted Enrollment YR1'!E16 -> Humboldt | C21: =$C$8 -> 8981 | D21: ='1.2 Budgeted Enrollment YR1'!$G16 -> 3182.6226 | E21: =D21*C21 -> 28583133
B22: ='1.2 Budgeted Enrollment YR1'!E17 -> Lander | C22: =$C$8 -> 8981 | D22: ='1.2 Budgeted Enrollment YR1'!$G17 -> 1002.8726 | E22: =D22*C22 -> 9006798.9
B23: ='1.2 Budgeted Enrollment YR1'!E18 -> Lincoln | C23: =$C$8 -> 8981 | D23: ='1.2 Budgeted Enrollment YR1'!$G18 -> 883.01945 | E23: =D23*C23 -> 7930397.7
B24: ='1.2 Budgeted Enrollment YR1'!E19 -> Lyon | C24: =$C$8 -> 8981 | D24: ='1.2 Budgeted Enrollment YR1'!$G19 -> 9036.0335 | E24: =D24*C24 -> 81152616
B25: ='1.2 Budgeted Enrollment YR1'!E20 -> Mineral | C25: =$C$8 -> 8981 | D25: ='1.2 Budgeted Enrollment YR1'!$G20 -> 567.43327 | E25: =D25*C25 -> 5096118.2
... B32: ='1.2 Budgeted Enrollment YR1'!E27 -> University Schools | C32: =$C$8 -> 8981 | D32: ='1.2 Budgeted Enrollment YR1'!$G27 -> 162.04408 | E32: =D32*C32 -> 1455317.9
B33: Total School Districts | C33: =E33/D33 -> 8981 | D33: =SUM(D14:D32) -> 471282.97 | E33: =SUM(E14:E32) -> 4.2325923e+09
D34: =D33-'1.2 Budgeted Enrollment YR1'!G28 -> 0
A35: Charter Schools
B36: ='1.2 Budgeted Enrollment YR1'!E32 -> 100 Academy Of Excellence | C36: =$C$8 -> 8981 | D36: ='1.2 Budgeted Enrollment YR1'!$G32 -> 317.31241 | E36: =D36*C36 -> 2849782.8
B37: ='1.2 Budgeted Enrollment YR1'!E33 -> Academy For Career Education | C37: =$C$8 -> 8981 | D37: ='1.2 Budgeted Enrollment YR1'!$G33 -> 233.16667 | E37: =D37*C37 -> 2094069.8
B38: ='1.2 Budgeted Enrollment YR1'!E34 -> Alpine Academy | C38: =$C$8 -> 8981 | D38: ='1.2 Budgeted Enrollment YR1'!$G34 -> 147.81508 | E38: =D38*C38 -> 1327527.3
B39: ='1.2 Budgeted Enrollment YR1'!E35 -> Amplus (Formerly American Preparatory Academy) | C39: =$C$8 -> 8981 | D39: ='1.2 Budgeted Enrollment YR1'!$G35 -> 2267.7087 | E39: =D39*C39 -> 20366291
B40: ='1.2 Budgeted Enrollment YR1'!E36 -> Bailey Charter School | C40: =$C$8 -> 8981 | D40: ='1.2 Budgeted Enrollment YR1'!$G36 -> 175.32944 | E40: =D40*C40 -> 1574633.7
B41: ='1.2 Budgeted Enrollment YR1'!E37 -> Battle Born Academy | C41: =$C$8 -> 8981 | D41: ='1.2 Budgeted Enrollment YR1'!$G37 -> 132.1709 | E41: =D41*C41 -> 1187026.9
B42: ='1.2 Budgeted Enrollment YR1'!E38 -> Beacon Academy | C42: =$C$8 -> 8981 | D42: ='1.2 Budgeted Enrollment YR1'!$G38 -> 601.20871 | E42: =D42*C42 -> 5399455.4
B43: ='1.2 Budgeted Enrollment YR1'!E39 -> Cactus Park | C43: =$C$8 -> 8981 | D43: ='1.2 Budgeted Enrollment YR1'!$G39 -> 108.52961 | E43: =D43*C43 -> 974704.45
B44: ='1.2 Budgeted Enrollment YR1'!E40 -> Carson Montessori | C44: =$C$8 -> 8981 | D44: ='1.2 Budgeted Enrollment YR1'!$G40 -> 286.27617 | E44: =D44*C44 -> 2571046.3
B45: ='1.2 Budgeted Enrollment YR1'!E41 -> CIVICA Nevada Career & Collegiate Academy | C45: =$C$8 -> 8981 | D45: ='1.2 Budgeted Enrollment YR1'!$G41 -> 766.05776 | E45: =D45*C45 -> 6879964.8
B46: ='1.2 Budgeted Enrollment YR1'!E42 -> Coral Academy of Science Las Vegas | C46: =$C$8 -> 8981 | D46: ='1.2 Budgeted Enrollment YR1'!$G42 -> 5176.4761 | E46: =D46*C46 -> 46489932
B47: ='1.2 Budgeted Enrollment YR1'!E43 -> Coral Academy Washoe | C47: =$C$8 -> 8981 | D47: ='1.2 Budgeted Enrollment YR1'!$G43 -> 1763.0641 | E47: =D47*C47 -> 15834078
... B95: ='1.2 Budgeted Enrollment YR1'!E91 -> Young Women's Leadership Academy | C95: =$C$8 -> 8981 | D95: ='1.2 Budgeted Enrollment YR1'!$G91 -> 56.356771 | E95: =D95*C95 -> 506140.16
B96: Charter Total | C96: =$C$8 -> 8981 | D96: =SUM(D36:D95) -> 69003.496 | E96: =SUM(E36:E95) -> 6.197204e+08
A98: University Schools
B99: ='1.2 Budgeted Enrollment YR1'!E96 -> Davidson Academy | C99: =$C$8 -> 8981 | D99: ='1.2 Budgeted Enrollment YR1'!G96 -> 162.04408 | E99: =D99*C99 -> 1455317.9
B100: ='1.2 Budgeted Enrollment YR1'!E97 -> 0 | C100: =$C$8 -> 8981 | D100: ='1.2 Budgeted Enrollment YR1'!G97 -> 0 | E100: =D100*C100 -> 0
C101: =$C$8 -> 8981 | D101: =SUM(D99:D100) -> 162.04408 | E101: =SUM(E99:E100) -> 1455317.9

Sheet 2.4 District Size Adj. YR1
A1: Nevada Department of Education
A2: =CONCATENATE("Pupil Center Funding Plan | FY",'1.1 Assumption Control YR1'!D5) -> Pupil Center Funding Plan | FY2024
A3: District Size Adjustment by Attendance Area Calculations (Year 1)
A5: APA Final Recommendation (Single Small School and Small District Adjustment Factor)
A6: Minimum District Size | B6: Maximum District Size | C6: Size Adjustment Constant | D6: Size Adjustment Enrollment Coefficient | E6: Formula to Be Applied
A7: 0 | B7: 17 | C7: =25.003 -> 25.003 | D7: -0.791 | E7: 25.003*(enrollment^-0.791)
A8: 18 | B8: 3899 | C8: 3.4 | D8: =-0.281 -> -0.281 | E8: (-0.281*ln(enrollment)) + 3.4
A9: 3900 | B9: 1000000 | C9: =1.0868 -> 1.0868 | D9: =(-0.000001735) -> -1.735e-06 | E9: (-.000001735*enrollment) + 1.0868
D11: ='1.1 Assumption Control YR1'!A23 -> Statewide Base Funding including Inflation for | FY2024 | E11: ='1.1 Assumption Control YR1'!D30 -> 8981 | F11: Tab 1.1
A13: District | B13: Attendance Area | C13: Enrollment by Attendance Area less Distant Education Students | D13: District Size Adjustment Factor | E13: Statewide Base Per Pupil Amount | F13: District Size Adjustment Amount | G13: Adjusted Per Pupil Amount
B14: Calculation or Source of Data | C14: Tab 1.2 | D14: Calcs based on rows 7-9 | E14: Cell E11 | F14: = D * E | G14: = F / C
A16: Carson City | B16: Carson City | C16: =SUMIF('1.2 Budgeted Enrollment YR1'!$D$102:$D$732,B16,'1.2 Budgeted Enrollment YR1'!$G$102:$G$732) -> 7200.2985 | D16: =IF(C16=0,0,(IF($C$9+($D$9*$C16)<1,1,IF($C16<=$B$7,$C$7*($C16^$D$7),IF($C16<=$B$8,$C$8+($D$8*LN($C16)),$C$9+($C16*$D$9))))*C16-C16)) -> 535.03605 | E16: =E11 -> 8981 | F16: =D16*E16 -> 4805158.8 | G16: =F16/C16 -> 667.3555
A18: Churchill | B18: Fallon | C18: =SUMIF('1.2 Budgeted Enrollment YR1'!$D$102:$D$732,B18,'1.2 Budgeted Enrollment YR1'!$G$102:$G$732) -> 3191.1266 | D18: =IF(C18=0,0,(IF($C$9+($D$9*$C18)<1,1,IF($C18<=$B$7,$C$7*($C18^$D$7),IF($C18<=$B$8,$C$8+($D$8*LN($C18)),$C$9+($C18*$D$9))))*C18-C18)) -> 423.95925 | E18: =E11 -> 8981 | F18: =D18*E18 -> 3807578 | G18: =F18/C18 -> 1193.1767
A20: Clark | B20: Blue Diamond | C20: =SUMIF('1.2 Budgeted Enrollment YR1'!$D$102:$D$732,B20,'1.2 Budgeted Enrollment YR1'!$G$102:$G$732) -> 36.972516 | D20: =IF(C20=0,0,(IF($C$9+($D$9*$C20)<1,1,IF($C20<=$B$7,$C$7*($C20^$D$7),IF($C20<=$B$8,$C$8+($D$8*LN($C20)),$C$9+($C20*$D$9))))*C20-C20)) -> 51.226933 | E20: =$E$11 -> 8981 | F20: =D20*E20 -> 460069.08 | G20: =F20/C20 -> 12443.543
B21: Boulder City | C21: =SUMIF('1.2 Budgeted Enrollment YR1'!$D$102:$D$732,B21,'1.2 Budgeted Enrollment YR1'!$G$102:$G$732) -> 1742.1403 | D21: =IF(C21=0,0,(IF($C$9+($D$9*$C21)<1,1,IF($C21<=$B$7,$C$7*($C21^$D$7),IF($C21<=$B$8,$C$8+($D$8*LN($C21)),$C$9+($C21*$D$9))))*C21-C21)) -> 527.75286 | E21: =$E$11 -> 8981 | F21: =D21*E21 -> 4739748.5 | G21: =F21/C21 -> 2720.6467
B22: Goodsprings | C22: =SUMIF('1.2 Budgeted Enrollment YR1'!$D$102:$D$732,B22,'1.2 Budgeted Enrollment YR1'!$G$102:$G$732) -> 2.4241459 | D22: =IF(C22=0,0,(IF($C$9+($D$9*$C22)<1,1,IF($C22<=$B$7,$C$7*($C22^$D$7),IF($C22<=$B$8,$C$8+($D$8*LN($C22)),$C$9+($C22*$D$9))))*C22-C22)) -> 27.661885 | E22: =$E$11 -> 8981 | F22: =D22*E22 -> 248431.39 | G22: =F22/C22 -> 102482.03
B23: Indian Springs | C23: =SUMIF('1.2 Budgeted Enrollment YR1'!$D$102:$D$732,B23,'1.2 Budgeted Enrollment YR1'!$G$102:$G$732) -> 327.81538 | D23: =IF(C23=0,0,(IF($C$9+($D$9*$C23)<1,1,IF($C23<=$B$7,$C$7*($C23^$D$7),IF($C23<=$B$8,$C$8+($D$8*LN($C23)),$C$9+($C23*$D$9))))*C23-C23)) -> 253.17883 | E23: =$E$11 -> 8981 | F23: =D23*E23 -> 2273799.1 | G23: =F23/C23 -> 6936.2184
B24: Las Vegas | C24: =SUMIF('1.2 Budgeted Enrollment YR1'!$D$102:$D$732,B24,'1.2 Budgeted Enrollment YR1'!$G$102:$G$732) -> 286024.21 | D24: =IF(C24=0,0,(IF($C$9+($D$9*$C24)<1,1,IF($C24<=$B$7,$C$7*($C24^$D$7),IF($C24<=$B$8,$C$8+($D$8*LN($C24)),$C$9+($C24*$D$9))))*C24-C24)) -> 0 | E24: =$E$11 -> 8981 | F24: =D24*E24 -> 0 | G24: =F24/C24 -> 0
B25: Laughlin | C25: =SUMIF('1.2 Budgeted Enrollment YR1'!$D$102:$D$732,B25,'1.2 Budgeted Enrollment YR1'!$G$102:$G$732) -> 705.52223 | D25: =IF(C25=0,0,(IF($C$9+($D$9*$C25)<1,1,IF($C25<=$B$7,$C$7*($C25^$D$7),IF($C25<=$B$8,$C$8+($D$8*LN($C25)),$C$9+($C25*$D$9))))*C25-C25)) -> 392.93238 | E25: =$E$11 -> 8981 | F25: =D25*E25 -> 3528925.7 | G25: =F25/C25 -> 5001.8633
B26: Lundy | C26: =SUMIF('1.2 Budgeted Enrollment YR1'!$D$102:$D$732,B26,'1.2 Budgeted Enrollment YR1'!$G$102:$G$732) -> 11.63149 | D26: =IF(C26=0,0,(IF($C$9+($D$9*$C26)<1,1,IF($C26<=$B$7,$C$7*($C26^$D$7),IF($C26<=$B$8,$C$8+($D$8*LN($C26)),$C$9+($C26*$D$9))))*C26-C26)) -> 30.123647 | E26: =$E$11 -> 8981 | F26: =D26*E26 -> 270540.47 | G26: =F26/C26 -> 23259.314
B27: Mesquite | C27: =SUMIF('1.2 Budgeted Enrollment YR1'!$D$102:$D$732,B27,'1.2 Budgeted Enrollment YR1'!$G$102:$G$732) -> 2300.7291 | D27: =IF(C27=0,0,(IF($C$9+($D$9*$C27)<1,1,IF($C27<=$B$7,$C$7*($C27^$D$7),IF($C27<=$B$8,$C$8+($D$8*LN($C27)),$C$9+($C27*$D$9))))*C27-C27)) -> 517.16764 | E27: =$E$11 -> 8981 | F27: =D27*E27 -> 4644682.6 | G27: =F27/C27 -> 2018.7873
B28: Moapa Valley | C28: =SUMIF('1.2 Budgeted Enrollment YR1'!$D$102:$D$732,B28,'1.2 Budgeted Enrollment YR1'!$G$102:$G$732) -> 1758.0672 | D28: =IF(C28=0,0,(IF($C$9+($D$9*$C28)<1,1,IF($C28<=$B$7,$C$7*($C28^$D$7),IF($C28<=$B$8,$C$8+($D$8*LN($C28)),$C$9+($C28*$D$9))))*C28-C28)) -> 528.0818 | E28: =$E$11 -> 8981 | F28: =D28*E28 -> 4742702.6 | G28: =F28/C28 -> 2697.6799
B29: Sandy Valley | C29: =SUMIF('1.2 Budgeted Enrollment YR1'!$D$102:$D$732,B29,'1.2 Budgeted Enrollment YR1'!$G$102:$G$732) -> 290.99775 | D29: =IF(C29=0,0,(IF($C$9+($D$9*$C29)<1,1,IF($C29<=$B$7,$C$7*($C29^$D$7),IF($C29<=$B$8,$C$8+($D$8*LN($C29)),$C$9+($C29*$D$9))))*C29-C29)) -> 234.4855 | E29: =$E$11 -> 8981 | F29: =D29*E29 -> 2105914.3 | G29: =F29/C29 -> 7236.8748
B30: Searchlight | C30: =SUMIF('1.2 Budgeted Enrollment YR1'!$D$102:$D$732,B30,'1.2 Budgeted Enrollment YR1'!$G$102:$G$732) -> 9.3014798 | D30: =IF(C30=0,0,(IF($C$9+($D$9*$C30)<1,1,IF($C30<=$B$7,$C$7*($C30^$D$7),IF($C30<=$B$8,$C$8+($D$8*LN($C30)),$C$9+($C30*$D$9))))*C30-C30)) -> 30.54771 | E30: =$E$11 -> 8981 | F30: =D30*E30 -> 274348.99 | G30: =F30/C30 -> 29495.198
B31: Clark Total | C31: =SUM(C20:C30) -> 293209.81 | D31: =SUMPRODUCT(C20:C30,D20:D30)/C31 -> 11.830212 | F31: =SUM(F20:F30) -> 23289163 | G31: =F31/C31 -> 79.42832
A33: Douglas | B33: Gardnerville/Minden | C33: =SUMIF('1.2 Budgeted Enrollment YR1'!$D$102:$D$732,'2.4 District Size Adj. YR1'!$B33,'1.2 Budgeted Enrollment YR1'!$G$102:$G$732) -> 4849.963 | D33: =IF(C33=0,0,(IF($C$9+($D$9*$C33)<1,1,IF($C33<=$B$7,$C$7*($C33^$D$7),IF($C33<=$B$8,$C$8+($D$8*LN($C33)),$C$9+($C33*$D$9))))*C33-C33)) -> 380.16587 | E33: =$E$11 -> 8981 | F33: =D33*E33 -> 3414269.7 | G33: =F33/C33 -> 703.97851
B34: Jacobsen | C34: =SUMIF('1.2 Budgeted Enrollment YR1'!$D$102:$D$732,'2.4 District Size Adj. YR1'!$B34,'1.2 Budgeted Enrollment YR1'!$G$102:$G$732) -> 22.372531 | D34: =IF(C34=0,0,(IF($C$9+($D$9*$C34)<1,1,IF($C34<=$B$7,$C$7*($C34^$D$7),IF($C34<=$B$8,$C$8+($D$8*LN($C34)),$C$9+($C34*$D$9))))*C34-C34)) -> 34.156113 | E34: =$E$11 -> 8981 | F34: =D34*E34 -> 306756.05 | G34: =F34/C34 -> 13711.281
B35: Zephyr Cove | C35: =SUMIF('1.2 Budgeted Enrollment YR1'!$D$102:$D$732,'2.4 District Size Adj. YR1'!$B35,'1.2 Budgeted Enrollment YR1'!$G$102:$G$732) -> 293.14082 | D35: =IF(C35=0,0,(IF($C$9+($D$9*$C35)<1,1,IF($C35<=$B$7,$C$7*($C35^$D$7),IF($C35<=$B$8,$C$8+($D$8*LN($C35)),$C$9+($C35*$D$9))))*C35-C35)) -> 235.60797 | E35: =$E$11 -> 8981 | F35: =D35*E35 -> 2115995.2 | G35: =F35/C35 -> 7218.3573
B36: Douglas Total | C36: =SUM(C33:C35) -> 5165.4764 | D36: =SUMPRODUCT(C33:C35,D33:D35)/C36 -> 370.46359 | F36: =SUM(F33:F35) -> 5837021 | G36: =F36/C36 -> 1130.0063
A38: Elko | B38: Carlin | C38: =SUMIF('1.2 Budgeted Enrollment YR1'!$D$102:$D$732,'2.4 District Size Adj. YR1'!$B38,'1.2 Budgeted Enrollment YR1'!$G$102:$G$732) -> 317.00082 | D38: =IF(C38=0,0,(IF($C$9+($D$9*$C38)<1,1,IF($C38<=$B$7,$C$7*($C38^$D$7),IF($C38<=$B$8,$C$8+($D$8*LN($C38)),$C$9+($C38*$D$9))))*C38-C38)) -> 247.81472 | E38: =$E$11 -> 8981 | F38: =D38*E38 -> 2225624 | G38: =F38/C38 -> 7020.8776
B39: Elko | C39: =SUMIF('1.2 Budgeted Enrollment YR1'!$D$102:$D$732,'2.4 District Size Adj. YR1'!$B39,'1.2 Budgeted Enrollment YR1'!$G$102:$G$732) -> 4786.2015 | D39: =IF(C39=0,0,(IF($C$9+($D$9*$C39)<1,1,IF($C39<=$B$7,$C$7*($C39^$D$7),IF($C39<=$B$8,$C$8+($D$8*LN($C39)),$C$9+($C39*$D$9))))*C39-C39)) -> 375.69739 | E39: =$E$11 -> 8981 | F39: =D39*E39 -> 3374138.3 | G39: =F39/C39 -> 704.97204
B40: Independence | C40: =SUMIF('1.2 Budgeted Enrollment YR1'!$D$102:$D$732,'2.4 District Size Adj. YR1'!$B40,'1.2 Budgeted Enrollment YR1'!$G$102:$G$732) -> 4.4281422 | D40: =IF(C40=0,0,(IF($C$9+($D$9*$C40)<1,1,IF($C40<=$B$7,$C$7*($C40^$D$7),IF($C40<=$B$8,$C$8+($D$8*LN($C40)),$C$9+($C40*$D$9))))*C40-C40)) -> 29.695268 | E40: =$E$11 -> 8981 | F40: =D40*E40 -> 266693.2 | G40: =F40/C40 -> 60226.883
B41: Jackpot | C41: =SUMIF('1.2 Budgeted Enrollment YR1'!$D$102:$D$732,'2.4 District Size Adj. YR1'!$B41,'1.2 Budgeted Enrollment YR1'!$G$102:$G$732) -> 123.83568 | D41: =IF(C41=0,0,(IF($C$9+($D$9*$C41)<1,1,IF($C41<=$B$7,$C$7*($C41^$D$7),IF($C41<=$B$8,$C$8+($D$8*LN($C41)),$C$9+($C41*$D$9))))*C41-C41)) -> 129.51646 | E41: =$E$11 -> 8981 | F41: =D41*E41 -> 1163187.3 | G41: =F41/C41 -> 9392.9899
B42: Montello | C42: =SUMIF('1.2 Budgeted Enrollment YR1'!$D$102:$D$732,'2.4 District Size Adj. YR1'!$B42,'1.2 Budgeted Enrollment YR1'!$G$102:$G$732) -> 10.637127 | D42: =IF(C42=0,0,(IF($C$9+($D$9*$C42)<1,1,IF($C42<=$B$7,$C$7*($C42^$D$7),IF($C42<=$B$8,$C$8+($D$8*LN($C42)),$C$9+($C42*$D$9))))*C42-C42)) -> 30.345369 | E42: =$E$11 -> 8981 | F42: =D42*E42 -> 272531.76 | G42: =F42/C42 -> 25620.807
B43: Mound Valley | C43: =SUMIF('1.2 Budgeted Enrollment YR1'!$D$102:$D$732,'2.4 District Size Adj. YR1'!$B43,'1.2 Budgeted Enrollment YR1'!$G$102:$G$732) -> 9.490464 | D43: =IF(C43=0,0,(IF($C$9+($D$9*$C43)<1,1,IF($C43<=$B$7,$C$7*($C43^$D$7),IF($C43<=$B$8,$C$8+($D$8*LN($C43)),$C$9+($C43*$D$9))))*C43-C43)) -> 30.526598 | E43: =$E$11 -> 8981 | F43: =D43*E43 -> 274159.37 | G43: =F43/C43 -> 28887.879
B44: Owyhee | C44: =SUMIF('1.2 Budgeted Enrollment YR1'!$D$102:$D$732,'2.4 District Size Adj. YR1'!$B44,'1.2 Budgeted Enrollment YR1'!$G$102:$G$732) -> 219.54276 | D44: =IF(C44=0,0,(IF($C$9+($D$9*$C44)<1,1,IF($C44<=$B$7,$C$7*($C44^$D$7),IF($C44<=$B$8,$C$8+($D$8*LN($C44)),$C$9+($C44*$D$9))))*C44-C44)) -> 194.28992 | E44: =$E$11 -> 8981 | F44: =D44*E44 -> 1744917.8 | G44: =F44/C44 -> 7947.963
B45: Ruby Valley | C45: =SUMIF('1.2 Budgeted Enrollment YR1'!$D$102:$D$732,'2.4 District Size Adj. YR1'!$B45,'1.2 Budgeted Enrollment YR1'!$G$102:$G$732) -> 10.228566 | D45: =IF(C45=0,0,(IF($C$9+($D$9*$C45)<1,1,IF($C45<=$B$7,$C$7*($C45^$D$7),IF($C45<=$B$8,$C$8+($D$8*LN($C45)),$C$9+($C45*$D$9))))*C45-C45)) -> 30.419829 | E45: =$E$11 -> 8981 | F45: =D45*E45 -> 273200.49 | G45: =F45/C45 -> 26709.558
B46: Spring Creek | C46: =SUMIF('1.2 Budgeted Enrollment YR1'!$D$102:$D$732,'2.4 District Size Adj. YR1'!$B46,'1.2 Budgeted Enrollment YR1'!$G$102:$G$732) -> 3073.2302 | D46: =IF(C46=0,0,(IF($C$9+($D$9*$C46)<1,1,IF($C46<=$B$7,$C$7*($C46^$D$7),IF($C46<=$B$8,$C$8+($D$8*LN($C46)),$C$9+($C46*$D$9))))*C46-C46)) -> 440.80528 | E46: =$E$11 -> 8981 | F46: =D46*E46 -> 3958872.2 | G46: =F46/C46 -> 1288.1795
B47: Wells | C47: =SUMIF('1.2 Budgeted Enrollment YR1'!$D$102:$D$732,'2.4 District Size Adj. YR1'!$B47,'1.2 Budgeted Enrollment YR1'!$G$102:$G$732) -> 729.0593 | D47: =IF(C47=0,0,(IF($C$9+($D$9*$C47)<1,1,IF($C47<=$B$7,$C$7*($C47^$D$7),IF($C47<=$B$8,$C$8+($D$8*LN($C47)),$C$9+($C47*$D$9))))*C47-C47)) -> 399.31804 | E47: =$E$11 -> 8981 | F47: =D47*E47 -> 3586275.4 | G47: =F47/C47 -> 4919.0448
B48: West Wendover | C48: =SUMIF('1.2 Budgeted Enrollment YR1'!$D$102:$D$732,'2.4 District Size Adj. YR1'!$B48,'1.2 Budgeted Enrollment YR1'!$G$102:$G$732) -> 524.94116 | D48: =IF(C48=0,0,(IF($C$9+($D$9*$C48)<1,1,IF($C48<=$B$7,$C$7*($C48^$D$7),IF($C48<=$B$8,$C$8+($D$8*LN($C48)),$C$9+($C48*$D$9))))*C48-C48)) -> 335.97105 | E48: =$E$11 -> 8981 | F48: =D48*E48 -> 3017356 | G48: =F48/C48 -> 5747.989
B49: Elko Total | C49: =SUM(C38:C48) -> 9808.5958 | D49: =SUMPRODUCT(C38:C48,D38:D48)/C49 -> 383.20036 | F49: =SUM(F38:F48) -> 20156956 | G49: =F49/C49 -> 2055.0297
A51: Esmerelda | B51: Dyer | C51: =SUMIF('1.2 Budgeted Enrollment YR1'!$D$102:$D$732,'2.4 District Size Adj. YR1'!$B51,'1.2 Budgeted Enrollment YR1'!$G$102:$G$732) -> 50.04511 | D51: =IF(C51=0,0,(IF($C$9+($D$9*$C51)<1,1,IF($C51<=$B$7,$C$7*($C51^$D$7),IF($C51<=$B$8,$C$8+($D$8*LN($C51)),$C$9+($C51*$D$9))))*C51-C51)) -> 65.082071 | E51: =$E$11 -> 8981 | F51: =D51*E51 -> 584502.08 | G51: =F51/C51 -> 11679.504
B52: Goldfield | C52: =SUMIF('1.2 Budgeted Enrollment YR1'!$D$102:$D$732,'2.4 District Size Adj. YR1'!$B52,'1.2 Budgeted Enrollment YR1'!$G$102:$G$732) -> 21.413459 | D52: =IF(C52=0,0,(IF($C$9+($D$9*$C52)<1,1,IF($C52<=$B$7,$C$7*($C52^$D$7),IF($C52<=$B$8,$C$8+($D$8*LN($C52)),$C$9+($C52*$D$9))))*C52-C52)) -> 32.955538 | E52: =$E$11 -> 8981 | F52: =D52*E52 -> 295973.68 | G52: =F52/C52 -> 13821.853
B53: Silver Peak | C53: =SUMIF('1.2 Budgeted Enrollment YR1'!$D$102:$D$732,'2.4 District Size Adj. YR1'!$B53,'1.2 Budgeted Enrollment YR1'!$G$102:$G$732) -> 5.8566528 | D53: =IF(C53=0,0,(IF($C$9+($D$9*$C53)<1,1,IF($C53<=$B$7,$C$7*($C53^$D$7),IF($C53<=$B$8,$C$8+($D$8*LN($C53)),$C$9+($C53*$D$9))))*C53-C53)) -> 30.320207 | E53: =$E$11 -> 8981 | F53: =D53*E53 -> 272305.78 | G53: =F53/C53 -> 46495.12
B54: Esmerelda Total | C54: =SUM(C51:C53) -> 77.315222 | D54: =SUMPRODUCT(C51:C53,D51:D53)/C54 -> 53.550986 | F54: =SUM(F51:F53) -> 1152781.5 | G54: =F54/C54 -> 14910.15
A56: Eureka | B56: Crescent Valley | C56: =SUMIF('1.2 Budgeted Enrollment YR1'!$D$102:$D$732,'2.4 District Size Adj. YR1'!$B56,'1.2 Budgeted Enrollment YR1'!$G$102:$G$732) -> 35.245002 | D56: =IF(C56=0,0,(IF($C$9+($D$9*$C56)<1,1,IF($C56<=$B$7,$C$7*($C56^$D$7),IF($C56<=$B$8,$C$8+($D$8*LN($C56)),$C$9+($C56*$D$9))))*C56-C56)) -> 49.307301 | E56: =$E$11 -> 8981 | F56: =D56*E56 -> 442828.87 | G56: =F56/C56 -> 12564.303
B57: Eureka | C57: =SUMIF('1.2 Budgeted Enrollment YR1'!$D$102:$D$732,'2.4 District Size Adj. YR1'!$B57,'1.2 Budgeted Enrollment YR1'!$G$102:$G$732) -> 288.45753 | D57: =IF(C57=0,0,(IF($C$9+($D$9*$C57)<1,1,IF($C57<=$B$7,$C$7*($C57^$D$7),IF($C57<=$B$8,$C$8+($D$8*LN($C57)),$C$9+($C57*$D$9))))*C57-C57)) -> 233.14928 | E57: =$E$11 -> 8981 | F57: =D57*E57 -> 2093913.6 | G57: =F57/C57 -> 7259.0015
B58: Eureka Total | C58: =SUM(C56:C57) -> 323.70253 | D58: =SUMPRODUCT(C56:C57,D56:D57)/C58 -> 213.13241 | F58: =SUM(F56:F57) -> 2536742.5 | G58: =F58/C58 -> 7836.6471
A60: Humboldt | B60: Denio | C60: =SUMIF('1.2 Budgeted Enrollment YR1'!$D$102:$D$732,'2.4 District Size Adj. YR1'!$B60,'1.2 Budgeted Enrollment YR1'!$G$102:$G$732) -> 7.9415139 | D60: =IF(C60=0,0,(IF($C$9+($D$9*$C60)<1,1,IF($C60<=$B$7,$C$7*($C60^$D$7),IF($C60<=$B$8,$C$8+($D$8*LN($C60)),$C$9+($C60*$D$9))))*C60-C60)) -> 30.612705 | E60: =$E$11 -> 8981 | F60: =D60*E60 -> 274932.71 | G60: =F60/C60 -> 34619.684
B61: Kings River | C61: =SUMIF('1.2 Budgeted Enrollment YR1'!$D$102:$D$732,'2.4 District Size Adj. YR1'!$B61,'1.2 Budgeted Enrollment YR1'!$G$102:$G$732) -> 5.984929 | D61: =IF(C61=0,0,(IF($C$9+($D$9*$C61)<1,1,IF($C61<=$B$7,$C$7*($C61^$D$7),IF($C61<=$B$8,$C$8+($D$8*LN($C61)),$C$9+($C61*$D$9))))*C61-C61)) -> 30.356119 | E61: =$E$11 -> 8981 | F61: =D61*E61 -> 272628.31 | G61: =F61/C61 -> 45552.472
B62: McDermitt | C62: =SUMIF('1.2 Budgeted Enrollment YR1'!$D$102:$D$732,'2.4 District Size Adj. YR1'!$B62,'1.2 Budgeted Enrollment YR1'!$G$102:$G$732) -> 97.480759 | D62: =IF(C62=0,0,(IF($C$9+($D$9*$C62)<1,1,IF($C62<=$B$7,$C$7*($C62^$D$7),IF($C62<=$B$8,$C$8+($D$8*LN($C62)),$C$9+($C62*$D$9))))*C62-C62)) -> 108.50748 | E62: =$E$11 -> 8981 | F62: =D62*E62 -> 974505.72 | G62: =F62/C62 -> 9996.9032
B63: Orovada | C63: =SUMIF('1.2 Budgeted Enrollment YR1'!$D$102:$D$732,'2.4 District Size Adj. YR1'!$B63,'1.2 Budgeted Enrollment YR1'!$G$102:$G$732) -> 37.723536 | D63: =IF(C63=0,0,(IF($C$9+($D$9*$C63)<1,1,IF($C63<=$B$7,$C$7*($C63^$D$7),IF($C63<=$B$8,$C$8+($D$8*LN($C63)),$C$9+($C63*$D$9))))*C63-C63)) -> 52.054335 | E63: =$E$11 -> 8981 | F63: =D63*E63 -> 467499.98 | G63: =F63/C63 -> 12392.793
B64: Paradise Valley | C64: =SUMIF('1.2 Budgeted Enrollment YR1'!$D$102:$D$732,'2.4 District Size Adj. YR1'!$B64,'1.2 Budgeted Enrollment YR1'!$G$102:$G$732) -> 29.646663 | D64: =IF(C64=0,0,(IF($C$9+($D$9*$C64)<1,1,IF($C64<=$B$7,$C$7*($C64^$D$7),IF($C64<=$B$8,$C$8+($D$8*LN($C64)),$C$9+($C64*$D$9))))*C64-C64)) -> 42.916295 | E64: =$E$11 -> 8981 | F64: =D64*E64 -> 385431.24 | G64: =F64/C64 -> 13000.831
B65: Winnemucca | C65: =SUMIF('1.2 Budgeted Enrollment YR1'!$D$102:$D$732,'2.4 District Size Adj. YR1'!$B65,'1.2 Budgeted Enrollment YR1'!$G$102:$G$732) -> 3003.8452 | D65: =IF(C65=0,0,(IF($C$9+($D$9*$C65)<1,1,IF($C65<=$B$7,$C$7*($C65^$D$7),IF($C65<=$B$8,$C$8+($D$8*LN($C65)),$C$9+($C65*$D$9))))*C65-C65)) -> 450.12854 | E65: =$E$11 -> 8981 | F65: =D65*E65 -> 4042604.4 | G65: =F65/C65 -> 1345.8099
B66: Humboldt Total | C66: =SUM(C60:C65) -> 3182.6226 | D66: =SUMPRODUCT(C60:C65,D60:D65)/C66 -> 429.3172 | F66: =SUM(F60:F65) -> 6417602.4 | G66: =F66/C66 -> 2016.451
A68: Lander County | B68: Austin | C68: =SUMIF('1.2 Budgeted Enrollment YR1'!$D$102:$D$732,'2.4 District Size Adj. YR1'!$B68,'1.2 Budgeted Enrollment YR1'!$G$102:$G$732) -> 9.3593137 | D68: =IF(C68=0,0,(IF($C$9+($D$9*$C68)<1,1,IF($C68<=$B$7,$C$7*($C68^$D$7),IF($C68<=$B$8,$C$8+($D$8*LN($C68)),$C$9+($C68*$D$9))))*C68-C68)) -> 30.541534 | E68: =$E$11 -> 8981 | F68: =D68*E68 -> 274293.51 | G68: =F68/C68 -> 29307.011
B69: Battle Mountain | C69: =SUMIF('1.2 Budgeted Enrollment YR1'!$D$102:$D$732,'2.4 District Size Adj. YR1'!$B69,'1.2 Budgeted Enrollment YR1'!$G$102:$G$732) -> 993.51329 | D69: =IF(C69=0,0,(IF($C$9+($D$9*$C69)<1,1,IF($C69<=$B$7,$C$7*($C69^$D$7),IF($C69<=$B$8,$C$8+($D$8*LN($C69)),$C$9+($C69*$D$9))))*C69-C69)) -> 457.76072 | E69: =$E$11 -> 8981 | F69: =D69*E69 -> 4111149 | G69: =F69/C69 -> 4137.991
B70: Lander Total | C70: =C69+C68 -> 1002.8726 | D70: =SUMPRODUCT(C68:C69,D68:D69)/C70 -> 453.7737 | F70: =SUM(F68:F69) -> 4385442.6 | G70: =F70/C70 -> 4372.881
A72: Lincoln | B72: Alamo | C72: =SUMIF('1.2 Budgeted Enrollment YR1'!$D$102:$D$732,'2.4 District Size Adj. YR1'!$B72,'1.2 Budgeted Enrollment YR1'!$G$102:$G$732) -> 308.02811 | D72: =IF(C72=0,0,(IF($C$9+($D$9*$C72)<1,1,IF($C72<=$B$7,$C$7*($C72^$D$7),IF($C72<=$B$8,$C$8+($D$8*LN($C72)),$C$9+($C72*$D$9))))*C72-C72)) -> 243.28563 | E72: =$E$11 -> 8981 | F72: =D72*E72 -> 2184948.2 | G72: =F72/C72 -> 7093.3404
B73: Caliente | C73: =SUMIF('1.2 Budgeted Enrollment YR1'!$D$102:$D$732,'2.4 District Size Adj. YR1'!$B73,'1.2 Budgeted Enrollment YR1'!$G$102:$G$732) -> 111.89961 | D73: =IF(C73=0,0,(IF($C$9+($D$9*$C73)<1,1,IF($C73<=$B$7,$C$7*($C73^$D$7),IF($C73<=$B$8,$C$8+($D$8*LN($C73)),$C$9+($C73*$D$9))))*C73-C73)) -> 120.21977 | E73: =$E$11 -> 8981 | F73: =D73*E73 -> 1079693.8 | G73: =F73/C73 -> 9648.7715
B74: Panaca | C74: =SUMIF('1.2 Budgeted Enrollment YR1'!$D$102:$D$732,'2.4 District Size Adj. YR1'!$B74,'1.2 Budgeted Enrollment YR1'!$G$102:$G$732) -> 407.16793 | D74: =IF(C74=0,0,(IF($C$9+($D$9*$C74)<1,1,IF($C74<=$B$7,$C$7*($C74^$D$7),IF($C74<=$B$8,$C$8+($D$8*LN($C74)),$C$9+($C74*$D$9))))*C74-C74)) -> 289.66235 | E74: =$E$11 -> 8981 | F74: =D74*E74 -> 2601457.6 | G74: =F74/C74 -> 6389.1514
B75: Pioche | C75: =SUMIF('1.2 Budgeted Enrollment YR1'!$D$102:$D$732,'2.4 District Size Adj. YR1'!$B75,'1.2 Budgeted Enrollment YR1'!$G$102:$G$732) -> 55.923799 | D75: =IF(C75=0,0,(IF($C$9+($D$9*$C75)<1,1,IF($C75<=$B$7,$C$7*($C75^$D$7),IF($C75<=$B$8,$C$8+($D$8*LN($C75)),$C$9+($C75*$D$9))))*C75-C75)) -> 70.981774 | E75: =$E$11 -> 8981 | F75: =D75*E75 -> 637487.31 | G75: =F75/C75 -> 11399.213
B76: Lander Total | C76: =SUM(C72:C75) -> 883.01945 | D76: =SUMPRODUCT(C72:C75,D72:D75)/C76 -> 238.16253 | F76: =SUM(F72:F75) -> 6503586.9 | G76: =F76/C76 -> 7365.1683
A78: Lyon | B78: Dayton | C78: =SUMIF('1.2 Budgeted Enrollment YR1'!$D$102:$D$732,'2.4 District Size Adj. YR1'!$B78,'1.2 Budgeted Enrollment YR1'!$G$102:$G$732) -> 2368.1051 | D78: =IF(C78=0,0,(IF($C$9+($D$9*$C78)<1,1,IF($C78<=$B$7,$C$7*($C78^$D$7),IF($C78<=$B$8,$C$8+($D$8*LN($C78)),$C$9+($C78*$D$9))))*C78-C78)) -> 513.1055 | E78: =$E$11 -> 8981 | F78: =D78*E78 -> 4608200.5 | G78: =F78/C78 -> 1945.9442
B79: Fernley | C79: =SUMIF('1.2 Budgeted Enrollment YR1'!$D$102:$D$732,'2.4 District Size Adj. YR1'!$B79,'1.2 Budgeted Enrollment YR1'!$G$102:$G$732) -> 4145.9664 | D79: =IF(C79=0,0,(IF($C$9+($D$9*$C79)<1,1,IF($C79<=$B$7,$C$7*($C79^$D$7),IF($C79<=$B$8,$C$8+($D$8*LN($C79)),$C$9+($C79*$D$9))))*C79-C79)) -> 330.04691 | E79: =$E$11 -> 8981 | F79: =D79*E79 -> 2964151.3 | G79: =F79/C79 -> 714.94821
B80: Silver Springs | C80: =SUMIF('1.2 Budgeted Enrollment YR1'!$D$102:$D$732,'2.4 District Size Adj. YR1'!$B80,'1.2 Budgeted Enrollment YR1'!$G$102:$G$732) -> 1033.6009 | D80: =IF(C80=0,0,(IF($C$9+($D$9*$C80)<1,1,IF($C80<=$B$7,$C$7*($C80^$D$7),IF($C80<=$B$8,$C$8+($D$8*LN($C80)),$C$9+($C80*$D$9))))*C80-C80)) -> 464.74219 | E80: =$E$11 -> 8981 | F80: =D80*E80 -> 4173849.6 | G80: =F80/C80 -> 4038.1636
B81: Smith Valley | C81: =SUMIF('1.2 Budgeted Enrollment YR1'!$D$102:$D$732,'2.4 District Size Adj. YR1'!$B81,'1.2 Budgeted Enrollment YR1'!$G$102:$G$732) -> 204.99831 | D81: =IF(C81=0,0,(IF($C$9+($D$9*$C81)<1,1,IF($C81<=$B$7,$C$7*($C81^$D$7),IF($C81<=$B$8,$C$8+($D$8*LN($C81)),$C$9+($C81*$D$9))))*C81-C81)) -> 185.36696 | E81: =$E$11 -> 8981 | F81: =D81*E81 -> 1664780.7 | G81: =F81/C81 -> 8120.9481
B82: Yerington | C82: =SUMIF('1.2 Budgeted Enrollment YR1'!$D$102:$D$732,'2.4 District Size Adj. YR1'!$B82,'1.2 Budgeted Enrollment YR1'!$G$102:$G$732) -> 1283.3627 | D82: =IF(C82=0,0,(IF($C$9+($D$9*$C82)<1,1,IF($C82<=$B$7,$C$7*($C82^$D$7),IF($C82<=$B$8,$C$8+($D$8*LN($C82)),$C$9+($C82*$D$9))))*C82-C82)) -> 498.99174 | E82: =$E$11 -> 8981 | F82: =D82*E82 -> 4481444.8 | G82: =F82/C82 -> 3491.9551
B83: Lyon Total | C83: =SUM(C78:C82) -> 9036.0335 | D83: =SUMPRODUCT(C78:C82,D78:D82)/C83 -> 414.14149 | F83: =SUM(F78:F82) -> 17892427 | G83: =F83/C83 -> 1980.1196
A85: Mineral | B85: Hawthorne | C85: =SUMIF('1.2 Budgeted Enrollment YR1'!$D$102:$D$732,'2.4 District Size Adj. YR1'!$B85,'1.2 Budgeted Enrollment YR1'!$G$102:$G$732) -> 498.18853 | D85: =IF(C85=0,0,(IF($C$9+($D$9*$C85)<1,1,IF($C85<=$B$7,$C$7*($C85^$D$7),IF($C85<=$B$8,$C$8+($D$8*LN($C85)),$C$9+($C85*$D$9))))*C85-C85)) -> 326.17151 | E85: =$E$11 -> 8981 | F85: =D85*E85 -> 2929346.4 | G85: =F85/C85 -> 5879.9956
B86: Schurz | C86: =SUMIF('1.2 Budgeted Enrollment YR1'!$D$102:$D$732,'2.4 District Size Adj. YR1'!$B86,'1.2 Budgeted Enrollment YR1'!$G$102:$G$732) -> 69.244738 | D86: =IF(C86=0,0,(IF($C$9+($D$9*$C86)<1,1,IF($C86<=$B$7,$C$7*($C86^$D$7),IF($C86<=$B$8,$C$8+($D$8*LN($C86)),$C$9+($C86*$D$9))))*C86-C86)) -> 83.732201 | E86: =$E$11 -> 8981 | F86: =D86*E86 -> 751998.9 | G86: =F86/C86 -> 10860.015
B87: Mineral Total | C87: =SUM(C85:C86) -> 567.43327 | D87: =SUMPRODUCT(C85:C86,D85:D86)/C87 -> 296.58628 | F87: =SUM(F85:F86) -> 3681345.3 | G87: =F87/C87 -> 6487.7149
A89: Nye | B89: Amargosa Valley | C89: =SUMIF('1.2 Budgeted Enrollment YR1'!$D$102:$D$732,'2.4 District Size Adj. YR1'!$B89,'1.2 Budgeted Enrollment YR1'!$G$102:$G$732) -> 150.10767 | D89: =IF(C89=0,0,(IF($C$9+($D$9*$C89)<1,1,IF($C89<=$B$7,$C$7*($C89^$D$7),IF($C89<=$B$8,$C$8+($D$8*LN($C89)),$C$9+($C89*$D$9))))*C89-C89)) -> 148.87827 | E89: =$E$11 -> 8981 | F89: =D89*E89 -> 1337075.7 | G89: =F89/C89 -> 8907.4443
B90: Beatty | C90: =SUMIF('1.2 Budgeted Enrollment YR1'!$D$102:$D$732,'2.4 District Size Adj. YR1'!$B90,'1.2 Budgeted Enrollment YR1'!$G$102:$G$732) -> 198.21963 | D90: =IF(C90=0,0,(IF($C$9+($D$9*$C90)<1,1,IF($C90<=$B$7,$C$7*($C90^$D$7),IF($C90<=$B$8,$C$8+($D$8*LN($C90)),$C$9+($C90*$D$9))))*C90-C90)) -> 181.11039 | E90: =$E$11 -> 8981 | F90: =D90*E90 -> 1626552.4 | G90: =F90/C90 -> 8205.8089
B91: Duckwater | C91: =SUMIF('1.2 Budgeted Enrollment YR1'!$D$102:$D$732,'2.4 District Size Adj. YR1'!$B91,'1.2 Budgeted Enrollment YR1'!$G$102:$G$732) -> 5.0041241 | D91: =IF(C91=0,0,(IF($C$9+($D$9*$C91)<1,1,IF($C91<=$B$7,$C$7*($C91^$D$7),IF($C91<=$B$8,$C$8+($D$8*LN($C91)),$C$9+($C91*$D$9))))*C91-C91)) -> 30.002617 | E91: =$E$11 -> 8981 | F91: =D91*E91 -> 269453.51 | G91: =F91/C91 -> 53846.288
B92: Gabbs | C92: =SUMIF('1.2 Budgeted Enrollment YR1'!$D$102:$D$732,'2.4 District Size Adj. YR1'!$B92,'1.2 Budgeted Enrollment YR1'!$G$102:$G$732) -> 30.725966 | D92: =IF(C92=0,0,(IF($C$9+($D$9*$C92)<1,1,IF($C92<=$B$7,$C$7*($C92^$D$7),IF($C92<=$B$8,$C$8+($D$8*LN($C92)),$C$9+($C92*$D$9))))*C92-C92)) -> 44.169948 | E92: =$E$11 -> 8981 | F92: =D92*E92 -> 396690.3 | G92: =F92/C92 -> 12910.588
B93: Pahrump | C93: =SUMIF('1.2 Budgeted Enrollment YR1'!$D$102:$D$732,'2.4 District Size Adj. YR1'!$B93,'1.2 Budgeted Enrollment YR1'!$G$102:$G$732) -> 4612.6886 | D93: =IF(C93=0,0,(IF($C$9+($D$9*$C93)<1,1,IF($C93<=$B$7,$C$7*($C93^$D$7),IF($C93<=$B$8,$C$8+($D$8*LN($C93)),$C$9+($C93*$D$9))))*C93-C93)) -> 363.46595 | E93: =$E$11 -> 8981 | F93: =D93*E93 -> 3264287.7 | G93: =F93/C93 -> 707.67573
B94: Round Mountain | C94: =SUMIF('1.2 Budgeted Enrollment YR1'!$D$102:$D$732,'2.4 District Size Adj. YR1'!$B94,'1.2 Budgeted Enrollment YR1'!$G$102:$G$732) -> 274.02685 | D94: =IF(C94=0,0,(IF($C$9+($D$9*$C94)<1,1,IF($C94<=$B$7,$C$7*($C94^$D$7),IF($C94<=$B$8,$C$8+($D$8*LN($C94)),$C$9+($C94*$D$9))))*C94-C94)) -> 225.43736 | E94: =$E$11 -> 8981 | F94: =D94*E94 -> 2024652.9 | G94: =F94/C94 -> 7388.5202
B95: Tonopah | C95: =SUMIF('1.2 Budgeted Enrollment YR1'!$D$102:$D$732,'2.4 District Size Adj. YR1'!$B95,'1.2 Budgeted Enrollment YR1'!$G$102:$G$732) -> 318.15069 | D95: =IF(C95=0,0,(IF($C$9+($D$9*$C95)<1,1,IF($C95<=$B$7,$C$7*($C95^$D$7),IF($C95<=$B$8,$C$8+($D$8*LN($C95)),$C$9+($C95*$D$9))))*C95-C95)) -> 248.38993 | E95: =$E$11 -> 8981 | F95: =D95*E95 -> 2230789.9 | G95: =F95/C95 -> 7011.7401
B96: Nye Total | C96: =SUM(C89:C95) -> 5588.9235 | D96: =SUMPRODUCT(C89:C95,D89:D95)/C96 -> 335.86276 | F96: =SUM(F89:F95) -> 11149503 | G96: =F96/C96 -> 1994.9285
A98: Pershing | B98: Imlay | C98: =SUMIF('1.2 Budgeted Enrollment YR1'!$D$102:$D$732,'2.4 District Size Adj. YR1'!$B98,'1.2 Budgeted Enrollment YR1'!$G$102:$G$732) -> 16.73389 | D98: =IF(C98=0,0,(IF($C$9+($D$9*$C98)<1,1,IF($C98<=$B$7,$C$7*($C98^$D$7),IF($C98<=$B$8,$C$8+($D$8*LN($C98)),$C$9+($C98*$D$9))))*C98-C98)) -> 28.319127 | E98: =$E$11 -> 8981 | F98: =D98*E98 -> 254334.08 | G98: =F98/C98 -> 15198.742
B99: Lovelock | C99: =SUMIF('1.2 Budgeted Enrollment YR1'!$D$102:$D$732,'2.4 District Size Adj. YR1'!$B99,'1.2 Budgeted Enrollment YR1'!$G$102:$G$732) -> 643.42651 | D99: =IF(C99=0,0,(IF($C$9+($D$9*$C99)<1,1,IF($C99<=$B$7,$C$7*($C99^$D$7),IF($C99<=$B$8,$C$8+($D$8*LN($C99)),$C$9+($C99*$D$9))))*C99-C99)) -> 375.00635 | E99: =$E$11 -> 8981 | F99: =D99*E99 -> 3367932 | G99: =F99/C99 -> 5234.3693
B100: Pershing Total | C100: =SUM(C98:C99) -> 660.1604 | D100: =SUMPRODUCT(C98:C99,D98:D99)/C100 -> 366.21844 | F100: =SUM(F98:F99) -> 3622266.1 | G100: =F100/C100 -> 5486.9484
A102: Storey | B102: Hillside | C102: =SUMIF('1.2 Budgeted Enrollment YR1'!$D$102:$D$732,'2.4 District Size Adj. YR1'!$B102,'1.2 Budgeted Enrollment YR1'!$G$102:$G$732) -> 48.883164 | D102: =IF(C102=0,0,(IF($C$9+($D$9*$C102)<1,1,IF($C102<=$B$7,$C$7*($C102^$D$7),IF($C102<=$B$8,$C$8+($D$8*LN($C102)),$C$9+($C102*$D$9))))*C102-C102)) -> 63.893683 | E102: =$E$11 -> 8981 | F102: =D102*E102 -> 573829.17 | G102: =F102/C102 -> 11738.79
B103: Virginia City | C103: =SUMIF('1.2 Budgeted Enrollment YR1'!$D$102:$D$732,'2.4 District Size Adj. YR1'!$B103,'1.2 Budgeted Enrollment YR1'!$G$102:$G$732) -> 364.17128 | D103: =IF(C103=0,0,(IF($C$9+($D$9*$C103)<1,1,IF($C103<=$B$7,$C$7*($C103^$D$7),IF($C103<=$B$8,$C$8+($D$8*LN($C103)),$C$9+($C103*$D$9))))*C103-C103)) -> 270.49462 | E103: =$E$11 -> 8981 | F103: =D103*E103 -> 2429312.2 | G103: =F103/C103 -> 6670.7955
B104: Storey Total | C104: =SUM(C102:C103) -> 413.05445 | D104: =SUMPRODUCT(C102:C103,D102:D103)/C104 -> 246.04431 | F104: =SUM(F102:F103) -> 3003141.3 | G104: =F104/C104 -> 7270.5702
A106: Washoe | B106: Bordertown | C106: =SUMIF('1.2 Budgeted Enrollment YR1'!$D$102:$D$732,'2.4 District Size Adj. YR1'!$B106,'1.2 Budgeted Enrollment YR1'!$G$102:$G$732) -> 1400.1391 | D106: =IF(C106=0,0,(IF($C$9+($D$9*$C106)<1,1,IF($C106<=$B$7,$C$7*($C106^$D$7),IF($C106<=$B$8,$C$8+($D$8*LN($C106)),$C$9+($C106*$D$9))))*C106-C106)) -> 510.13249 | E106: =$E$11 -> 8981 | F106: =D106*E106 -> 4581499.9 | G106: =F106/C106 -> 3272.1749
B107: Gerlach | C107: =SUMIF('1.2 Budgeted Enrollment YR1'!$D$102:$D$732,'2.4 District Size Adj. YR1'!$B107,'1.2 Budgeted Enrollment YR1'!$G$102:$G$732) -> 19.195826 | D107: =IF(C107=0,0,(IF($C$9+($D$9*$C107)<1,1,IF($C107<=$B$7,$C$7*($C107^$D$7),IF($C107<=$B$8,$C$8+($D$8*LN($C107)),$C$9+($C107*$D$9))))*C107-C107)) -> 30.132289 | E107: =$E$11 -> 8981 | F107: =D107*E107 -> 270618.09 | G107: =F107/C107 -> 14097.757
B108: Incline Village | C108: =SUMIF('1.2 Budgeted Enrollment YR1'!$D$102:$D$732,'2.4 District Size Adj. YR1'!$B108,'1.2 Budgeted Enrollment YR1'!$G$102:$G$732) -> 693.94432 | D108: =IF(C108=0,0,(IF($C$9+($D$9*$C108)<1,1,IF($C108<=$B$7,$C$7*($C108^$D$7),IF($C108<=$B$8,$C$8+($D$8*LN($C108)),$C$9+($C108*$D$9))))*C108-C108)) -> 389.71075 | E108: =$E$11 -> 8981 | F108: =D108*E108 -> 3499992.3 | G108: =F108/C108 -> 5043.6212
B109: Pleasant Valley | C109: =SUMIF('1.2 Budgeted Enrollment YR1'!$D$102:$D$732,'2.4 District Size Adj. YR1'!$B109,'1.2 Budgeted Enrollment YR1'!$G$102:$G$732) -> 347.05582 | D109: =IF(C109=0,0,(IF($C$9+($D$9*$C109)<1,1,IF($C109<=$B$7,$C$7*($C109^$D$7),IF($C109<=$B$8,$C$8+($D$8*LN($C109)),$C$9+($C109*$D$9))))*C109-C109)) -> 262.47642 | E109: =$E$11 -> 8981 | F109: =D109*E109 -> 2357300.7 | G109: =F109/C109 -> 6792.2812
B110: Reno/Sparks | C110: =SUMIF('1.2 Budgeted Enrollment YR1'!$D$102:$D$732,'2.4 District Size Adj. YR1'!$B110,'1.2 Budgeted Enrollment YR1'!$G$102:$G$732) -> 53228.773 | D110: =IF(C110=0,0,(IF($C$9+($D$9*$C110)<1,1,IF($C110<=$B$7,$C$7*($C110^$D$7),IF($C110<=$B$8,$C$8+($D$8*LN($C110)),$C$9+($C110*$D$9))))*C110-C110)) -> 0 | E110: =$E$11 -> 8981 | F110: =D110*E110 -> 0 | G110: =F110/C110 -> 0
B111: Stead | C111: =SUMIF('1.2 Budgeted Enrollment YR1'!$D$102:$D$732,'2.4 District Size Adj. YR1'!$B111,'1.2 Budgeted Enrollment YR1'!$G$102:$G$732) -> 4511.1721 | D111: =IF(C111=0,0,(IF($C$9+($D$9*$C111)<1,1,IF($C111<=$B$7,$C$7*($C111^$D$7),IF($C111<=$B$8,$C$8+($D$8*LN($C111)),$C$9+($C111*$D$9))))*C111-C111)) -> 356.26132 | E111: =$E$11 -> 8981 | F111: =D111*E111 -> 3199582.9 | G111: =F111/C111 -> 709.25756
B112: Verdi | C112: =SUMIF('1.2 Budgeted Enrollment YR1'!$D$102:$D$732,'2.4 District Size Adj. YR1'!$B112,'1.2 Budgeted Enrollment YR1'!$G$102:$G$732) -> 225.67596 | D112: =IF(C112=0,0,(IF($C$9+($D$9*$C112)<1,1,IF($C112<=$B$7,$C$7*($C112^$D$7),IF($C112<=$B$8,$C$8+($D$8*LN($C112)),$C$9+($C112*$D$9))))*C112-C112)) -> 197.97037 | E112: =$E$11 -> 8981 | F112: =D112*E112 -> 1777971.9 | G112: =F112/C112 -> 7878.4283
B113: Wadsworth | C113: =SUMIF('1.2 Budgeted Enrollment YR1'!$D$102:$D$732,'2.4 District Size Adj. YR1'!$B113,'1.2 Budgeted Enrollment YR1'!$G$102:$G$732) -> 121.63449 | D113: =IF(C113=0,0,(IF($C$9+($D$9*$C113)<1,1,IF($C113<=$B$7,$C$7*($C113^$D$7),IF($C113<=$B$8,$C$8+($D$8*LN($C113)),$C$9+($C113*$D$9))))*C113-C113)) -> 127.82729 | E113: =$E$11 -> 8981 | F113: =D113*E113 -> 1148016.9 | G113: =F113/C113 -> 9438.2517
B114: Washoe Total | C114: =SUM(C106:C113) -> 60547.59 | D114: =SUMPRODUCT(C106:C113,D106:D113)/C114 -> 45.315558 | F114: =SUM(F106:F113) -> 16834983 | G114: =F114/C114 -> 278.04546
A116: White Pine | B116: Baker | C116: =SUMIF('1.2 Budgeted Enrollment YR1'!$D$102:$D$732,'2.4 District Size Adj. YR1'!$B116,'1.2 Budgeted Enrollment YR1'!$G$102:$G$732) -> 4.0972006 | D116: =IF(C116=0,0,(IF($C$9+($D$9*$C116)<1,1,IF($C116<=$B$7,$C$7*($C116^$D$7),IF($C116<=$B$8,$C$8+($D$8*LN($C116)),$C$9+($C116*$D$9))))*C116-C116)) -> 29.476712 | E116: =$E$11 -> 8981 | F116: =D116*E116 -> 264730.35 | G116: =F116/C116 -> 64612.494
B117: Ely | C117: =SUMIF('1.2 Budgeted Enrollment YR1'!$D$102:$D$732,'2.4 District Size Adj. YR1'!$B117,'1.2 Budgeted Enrollment YR1'!$G$102:$G$732) -> 1039.8011 | D117: =IF(C117=0,0,(IF($C$9+($D$9*$C117)<1,1,IF($C117<=$B$7,$C$7*($C117^$D$7),IF($C117<=$B$8,$C$8+($D$8*LN($C117)),$C$9+($C117*$D$9))))*C117-C117)) -> 465.78254 | E117: =$E$11 -> 8981 | F117: =D117*E117 -> 4183193 | G117: =F117/C117 -> 4023.0703
B118: Lund | C118: =SUMIF('1.2 Budgeted Enrollment YR1'!$D$102:$D$732,'2.4 District Size Adj. YR1'!$B118,'1.2 Budgeted Enrollment YR1'!$G$102:$G$732) -> 107.77322 | D118: =IF(C118=0,0,(IF($C$9+($D$9*$C118)<1,1,IF($C118<=$B$7,$C$7*($C118^$D$7),IF($C118<=$B$8,$C$8+($D$8*LN($C118)),$C$9+($C118*$D$9))))*C118-C118)) -> 116.92444 | E118: =$E$11 -> 8981 | F118: =D118*E118 -> 1050098.4 | G118: =F118/C118 -> 9743.5929
B119: McGill | C119: =SUMIF('1.2 Budgeted Enrollment YR1'!$D$102:$D$732,'2.4 District Size Adj. YR1'!$B119,'1.2 Budgeted Enrollment YR1'!$G$102:$G$732) -> 107.71873 | D119: =IF(C119=0,0,(IF($C$9+($D$9*$C119)<1,1,IF($C119<=$B$7,$C$7*($C119^$D$7),IF($C119<=$B$8,$C$8+($D$8*LN($C119)),$C$9+($C119*$D$9))))*C119-C119)) -> 116.88063 | E119: =$E$11 -> 8981 | F119: =D119*E119 -> 1049704.9 | G119: =F119/C119 -> 9744.8692
B120: White Pine Total | C120: =SUM(C116:C119) -> 1259.3903 | D120: =SUMPRODUCT(C116:C119,D116:D119)/C120 -> 404.66688 | F120: =SUM(F116:F119) -> 6547726.5 | G120: =F120/C120 -> 5199.1244
...

Sheet 2.5 NCEI Adj. YR1
B1: Nevada Department of Education
B2: =CONCATENATE("Pupil Center Funding Plan | FY",'1.1 Assumption Control YR1'!D5) -> Pupil Center Funding Plan | FY2024
B3: Nevada Cost of Education Index (NCEI) Calculations for School Districts and Charter Schools (Year 1)
A5: ='2.3 Statewide Base Funding YR1'!A13 -> School District | D5: Statewide Base Per pupil Funding | E5: Distant Education Enrollment | F5: Statewide Base Total for Distant Education | G5: Total Enrollment less Distant Education | H5: Total Statewide base less Distant Education | I5: NCEI, Using CWI All Workers for Wages, and RPP “Goods” for Non-wages | J5: Nevada Cost of Education Index (NCEI) Adjustment
B6: Calculation or Source of Data | C6: Tab 1.2 | D6: Tab 2.3 | E6: N/A | F6: =(D * E) | G6: =Tab 1.2 - E | H6: Tab 2.2 | I6: Tab 1.1 | J6: =(E * (G - 1)) | K6: SWB Validation
B7: ='1.2 Budgeted Enrollment YR1'!E9 -> Carson City | C7: ='1.2 Budgeted Enrollment YR1'!B9 -> 13 | D7: ='2.3 Statewide Base Funding YR1'!C14 -> 8981 | E7: 0 | F7: =D7*E7 -> 0 | G7: ='1.2 Budgeted Enrollment YR1'!G9-E7 -> 7200.2985 | H7: =D7*G7 -> 64665881 | I7: ='1.1 Assumption Control YR1'!M35 -> 1 | J7: =SUM(H7)*(I7-1) -> 0 | K7: =(F7+H7)-'2.3 Statewide Base Funding YR1'!E14 -> 0
B8: ='1.2 Budgeted Enrollment YR1'!E10 -> Churchill | C8: ='1.2 Budgeted Enrollment YR1'!B10 -> 1 | D8: ='2.3 Statewide Base Funding YR1'!C15 -> 8981 | E8: 0 | F8: =D8*E8 -> 0 | G8: ='1.2 Budgeted Enrollment YR1'!G10-E8 -> 3191.1266 | H8: =D8*G8 -> 28659508 | I8: ='1.1 Assumption Control YR1'!M36 -> 1 | J8: =SUM(H8)*(I8-1) -> 0 | K8: =(F8+H8)-'2.3 Statewide Base Funding YR1'!E15 -> 0
B9: ='1.2 Budgeted Enrollment YR1'!E11 -> Clark | C9: ='1.2 Budgeted Enrollment YR1'!B11 -> 2 | D9: ='2.3 Statewide Base Funding YR1'!C16 -> 8981 | E9: 0 | F9: =D9*E9 -> 0 | G9: ='1.2 Budgeted Enrollment YR1'!G11-E9 -> 293209.81 | H9: =D9*G9 -> 2.6333173e+09 | I9: ='1.1 Assumption Control YR1'!M37 -> 1 | J9: =SUM(H9)*(I9-1) -> 0 | K9: =(F9+H9)-'2.3 Statewide Base Funding YR1'!E16 -> 0
B10: ='1.2 Budgeted Enrollment YR1'!E12 -> Douglas | C10: ='1.2 Budgeted Enrollment YR1'!B12 -> 3 | D10: ='2.3 Statewide Base Funding YR1'!C17 -> 8981 | E10: 0 | F10: =D10*E10 -> 0 | G10: ='1.2 Budgeted Enrollment YR1'!G12-E10 -> 5165.4764 | H10: =D10*G10 -> 46391143 | I10: ='1.1 Assumption Control YR1'!M38 -> 1 | J10: =SUM(H10)*(I10-1) -> 0 | K10: =(F10+H10)-'2.3 Statewide Base Funding YR1'!E17 -> 0
B11: ='1.2 Budgeted Enrollment YR1'!E13 -> Elko | C11: ='1.2 Budgeted Enrollment YR1'!B13 -> 4 | D11: ='2.3 Statewide Base Funding YR1'!C18 -> 8981 | E11: 0 | F11: =D11*E11 -> 0 | G11: ='1.2 Budgeted Enrollment YR1'!G13-E11 -> 9808.5958 | H11: =D11*G11 -> 88090998 | I11: ='1.1 Assumption Control YR1'!M39 -> 1 | J11: =SUM(H11)*(I11-1) -> 0 | K11: =(F11+H11)-'2.3 Statewide Base Funding YR1'!E18 -> 0
B12: ='1.2 Budgeted Enrollment YR1'!E14 -> Esmeralda | C12: ='1.2 Budgeted Enrollment YR1'!B14 -> 5 | D12: ='2.3 Statewide Base Funding YR1'!C19 -> 8981 | E12: 0 | F12: =D12*E12 -> 0 | G12: ='1.2 Budgeted Enrollment YR1'!G14-E12 -> 77.315222 | H12: =D12*G12 -> 694368.01 | I12: ='1.1 Assumption Control YR1'!M40 -> 1 | J12: =SUM(H12)*(I12-1) -> 0 | K12: =(F12+H12)-'2.3 Statewide Base Funding YR1'!E19 -> 0
B13: ='1.2 Budgeted Enrollment YR1'!E15 -> Eureka | C13: ='1.2 Budgeted Enrollment YR1'!B15 -> 6 | D13: ='2.3 Statewide Base Funding YR1'!C20 -> 8981 | E13: 0 | F13: =D13*E13 -> 0 | G13: ='1.2 Budgeted Enrollment YR1'!G15-E13 -> 323.70253 | H13: =D13*G13 -> 2907172.5 | I13: ='1.1 Assumption Control YR1'!M41 -> 1 | J13: =SUM(H13)*(I13-1) -> 0 | K13: =(F13+H13)-'2.3 Statewide Base Funding YR1'!E20 -> 0
B14: ='1.2 Budgeted Enrollment YR1'!E16 -> Humboldt | C14: ='1.2 Budgeted Enrollment YR1'!B16 -> 7 | D14: ='2.3 Statewide Base Funding YR1'!C21 -> 8981 | E14: 0 | F14: =D14*E14 -> 0 | G14: ='1.2 Budgeted Enrollment YR1'!G16-E14 -> 3182.6226 | H14: =D14*G14 -> 28583133 | I14: ='1.1 Assumption Control YR1'!M42 -> 1 | J14: =SUM(H14)*(I14-1) -> 0 | K14: =(F14+H14)-'2.3 Statewide Base Funding YR1'!E21 -> 0
B15: ='1.2 Budgeted Enrollment YR1'!E17 -> Lander | C15: ='1.2 Budgeted Enrollment YR1'!B17 -> 8 | D15: ='2.3 Statewide Base Funding YR1'!C22 -> 8981 | E15: 0 | F15: =D15*E15 -> 0 | G15: ='1.2 Budgeted Enrollment YR1'!G17-E15 -> 1002.8726 | H15: =D15*G15 -> 9006798.9 | I15: ='1.1 Assumption Control YR1'!M43 -> 1 | J15: =SUM(H15)*(I15-1) -> 0 | K15: =(F15+H15)-'2.3 Statewide Base Funding YR1'!E22 -> 0
B16: ='1.2 Budgeted Enrollment YR1'!E18 -> Lincoln | C16: ='1.2 Budgeted Enrollment YR1'!B18 -> 9 | D16: ='2.3 Statewide Base Funding YR1'!C23 -> 8981 | E16: 0 | F16: =D16*E16 -> 0 | G16: ='1.2 Budgeted Enrollment YR1'!G18-E16 -> 883.01945 | H16: =D16*G16 -> 7930397.7 | I16: ='1.1 Assumption Control YR1'!M44 -> 1 | J16: =SUM(H16)*(I16-1) -> 0 | K16: =(F16+H16)-'2.3 Statewide Base Funding YR1'!E23 -> 0
B17: ='1.2 Budgeted Enrollment YR1'!E19 -> Lyon | C17: ='1.2 Budgeted Enrollment YR1'!B19 -> 10 | D17: ='2.3 Statewide Base Funding YR1'!C24 -> 8981 | E17: 0 | F17: =D17*E17 -> 0 | G17: ='1.2 Budgeted Enrollment YR1'!G19-E17 -> 9036.0335 | H17: =D17*G17 -> 81152616 | I17: ='1.1 Assumption Control YR1'!M45 -> 1 | J17: =SUM(H17)*(I17-1) -> 0 | K17: =(F17+H17)-'2.3 Statewide Base Funding YR1'!E24 -> 0
B18: ='1.2 Budgeted Enrollment YR1'!E20 -> Mineral | C18: ='1.2 Budgeted Enrollment YR1'!B20 -> 11 | D18: ='2.3 Statewide Base Funding YR1'!C25 -> 8981 | E18: 0 | F18: =D18*E18 -> 0 | G18: ='1.2 Budgeted Enrollment YR1'!G20-E18 -> 567.43327 | H18: =D18*G18 -> 5096118.2 | I18: ='1.1 Assumption Control YR1'!M46 -> 1 | J18: =SUM(H18)*(I18-1) -> 0 | K18: =(F18+H18)-'2.3 Statewide Base Funding YR1'!E25 -> 0
... B23: ='1.2 Budgeted Enrollment YR1'!E25 -> White Pine | C23: ='1.2 Budgeted Enrollment YR1'!B25 -> 17 | D23: ='2.3 Statewide Base Funding YR1'!C30 -> 8981 | E23: 0 | F23: =D23*E23 -> 0 | G23: ='1.2 Budgeted Enrollment YR1'!G25-E23 -> 1259.3903 | H23: =D23*G23 -> 11310584 | I23: ='1.1 Assumption Control YR1'!M51 -> 1 | J23: =SUM(H23)*(I23-1) -> 0 | K23: =(F23+H23)-'2.3 Statewide Base Funding YR1'!E30 -> 0
B24: ='1.2 Budgeted Enrollment YR1'!E26 -> Charter Schools (Combined) | C24: ='1.2 Budgeted Enrollment YR1'!B26 -> 18 | D24: ='2.3 Statewide Base Funding YR1'!C31 -> 8981 | E24: 0 | F24: =F90 -> 31361441 | G24: =G90 -> 65511.519 | H24: =H90 -> 5.8835896e+08 | J24: =J90 -> 0 | K24: =(F24+H24)-'2.3 Statewide Base Funding YR1'!E31 -> 0
B25: ='1.2 Budgeted Enrollment YR1'!E27 -> University Schools | C25: ='1.2 Budgeted Enrollment YR1'!B27 -> 19 | D25: ='2.3 Statewide Base Funding YR1'!C32 -> 8981 | E25: 0 | F25: =F95 -> 0 | G25: =G95 -> 162.04408 | H25: =H95 -> 1455317.9 | J25: =J95 -> 0 | K25: =(F25+H25)-'2.3 Statewide Base Funding YR1'!E32 -> 0
B26: Total | E26: =SUM(E7:E25) -> 0 | F26: =SUM(F7:F25) -> 31361441 | G26: =SUM(G7:G25) -> 467790.99 | H26: =SUM(H7:H25) -> 4.2012309e+09 | J26: =SUM(J7:J25) -> 0
A28: ='2.3 Statewide Base Funding YR1'!A35 -> Charter Schools | D28: =D5 -> Statewide Base Per pupil Funding | E28: =E5 -> Distant Education Enrollment | F28: =F5 -> Statewide Base Total for Distant Education | G28: =G5 -> Total Enrollment less Distant Education | H28: =H5 -> Total Statewide base less Distant Education | I28: =I5 -> NCEI, Using CWI All Workers for Wages, and RPP “Goods” for Non-wages | J28: =J5 -> Nevada Cost of Education Index (NCEI) Adjustment
B29: Calculation or Source of Data | C29: =C6 -> Tab 1.2 | D29: =D6 -> Tab 2.3 | E29: =E6 -> N/A | F29: =F6 -> =(D * E) | G29: =G6 -> =Tab 1.2 - E | H29: =H6 -> Tab 2.2 | I29: =I6 -> Tab 1.1 | J29: =J6 -> =(E * (G - 1))
B30: ='1.2 Budgeted Enrollment YR1'!E32 -> 100 Academy Of Excellence | C30: ='1.2 Budgeted Enrollment YR1'!A32 -> Clark | D30: ='2.3 Statewide Base Funding YR1'!C36 -> 8981 | E30: ='1.2 Budgeted Enrollment YR1'!K32 -> 0 | F30: =D30*E30 -> 0 | G30: ='1.2 Budgeted Enrollment YR1'!G32-E30 -> 317.31241 | H30: =D30*G30 -> 2849782.8 | I30: =VLOOKUP($C30,'2.5 NCEI Adj. YR1'!$B$7:$I$23,8) -> 1 | J30: =SUM(H30)*(I30-1) -> 0
B31: ='1.2 Budgeted Enrollment YR1'!E33 -> Academy For Career Education | C31: ='1.2 Budgeted Enrollment YR1'!A33 -> Washoe | D31: ='2.3 Statewide Base Funding YR1'!C37 -> 8981 | E31: ='1.2 Budgeted Enrollment YR1'!K33 -> 0 | F31: =D31*E31 -> 0 | G31: ='1.2 Budgeted Enrollment YR1'!G33-E31 -> 233.16667 | H31: =D31*G31 -> 2094069.8 | I31: =VLOOKUP($C31,'2.5 NCEI Adj. YR1'!$B$7:$I$23,8) -> 1 | J31: =SUM(H31)*(I31-1) -> 0
B32: ='1.2 Budgeted Enrollment YR1'!E34 -> Alpine Academy | C32: ='1.2 Budgeted Enrollment YR1'!A34 -> Washoe | D32: ='2.3 Statewide Base Funding YR1'!C38 -> 8981 | E32: ='1.2 Budgeted Enrollment YR1'!K34 -> 0 | F32: =D32*E32 -> 0 | G32: ='1.2 Budgeted Enrollment YR1'!G34-E32 -> 147.81508 | H32: =D32*G32 -> 1327527.3 | I32: =VLOOKUP($C32,'2.5 NCEI Adj. YR1'!$B$7:$I$23,8) -> 1 | J32: =SUM(H32)*(I32-1) -> 0
B33: ='1.2 Budgeted Enrollment YR1'!E35 -> Amplus (Formerly American Preparatory Academy) | C33: ='1.2 Budgeted Enrollment YR1'!A35 -> Clark | D33: ='2.3 Statewide Base Funding YR1'!C39 -> 8981 | E33: ='1.2 Budgeted Enrollment YR1'!K35 -> 0 | F33: =D33*E33 -> 0 | G33: ='1.2 Budgeted Enrollment YR1'!G35-E33 -> 2267.7087 | H33: =D33*G33 -> 20366291 | I33: =VLOOKUP($C33,'2.5 NCEI Adj. YR1'!$B$7:$I$23,8) -> 1 | J33: =SUM(H33)*(I33-1) -> 0
B34: ='1.2 Budgeted Enrollment YR1'!E36 -> Bailey Charter School | C34: ='1.2 Budgeted Enrollment YR1'!A36 -> Washoe | D34: ='2.3 Statewide Base Funding YR1'!C40 -> 8981 | E34: ='1.2 Budgeted Enrollment YR1'!K36 -> 0 | F34: =D34*E34 -> 0 | G34: ='1.2 Budgeted Enrollment YR1'!G36-E34 -> 175.32944 | H34: =D34*G34 -> 1574633.7 | I34: =VLOOKUP($C34,'2.5 NCEI Adj. YR1'!$B$7:$I$23,8) -> 1 | J34: =SUM(H34)*(I34-1) -> 0
B35: ='1.2 Budgeted Enrollment YR1'!E37 -> Battle Born Academy | C35: ='1.2 Budgeted Enrollment YR1'!A37 -> Clark | D35: ='2.3 Statewide Base Funding YR1'!C41 -> 8981 | E35: ='1.2 Budgeted Enrollment YR1'!K37 -> 0 | F35: =D35*E35 -> 0 | G35: ='1.2 Budgeted Enrollment YR1'!G37-E35 -> 132.1709 | H35: =D35*G35 -> 1187026.9 | I35: =VLOOKUP($C35,'2.5 NCEI Adj. YR1'!$B$7:$I$23,8) -> 1 | J35: =SUM(H35)*(I35-1) -> 0
B36: ='1.2 Budgeted Enrollment YR1'!E38 -> Beacon Academy | C36: ='1.2 Budgeted Enrollment YR1'!A38 -> Clark | D36: ='2.3 Statewide Base Funding YR1'!C42 -> 8981 | E36: ='1.2 Budgeted Enrollment YR1'!K38 -> 0 | F36: =D36*E36 -> 0 | G36: ='1.2 Budgeted Enrollment YR1'!G38-E36 -> 601.20871 | H36: =D36*G36 -> 5399455.4 | I36: =VLOOKUP($C36,'2.5 NCEI Adj. YR1'!$B$7:$I$23,8) -> 1 | J36: =SUM(H36)*(I36-1) -> 0
B37: ='1.2 Budgeted Enrollment YR1'!E39 -> Cactus Park | C37: ='1.2 Budgeted Enrollment YR1'!A39 -> Clark | D37: ='2.3 Statewide Base Funding YR1'!C43 -> 8981 | E37: ='1.2 Budgeted Enrollment YR1'!K39 -> 0 | F37: =D37*E37 -> 0 | G37: ='1.2 Budgeted Enrollment YR1'!G39-E37 -> 108.52961 | H37: =D37*G37 -> 974704.45 | I37: =VLOOKUP($C37,'2.5 NCEI Adj. YR1'!$B$7:$I$23,8) -> 1 | J37: =SUM(H37)*(I37-1) -> 0
B38: ='1.2 Budgeted Enrollment YR1'!E40 -> Carson Montessori | C38: ='1.2 Budgeted Enrollment YR1'!A40 -> Carson City | D38: ='2.3 Statewide Base Funding YR1'!C44 -> 8981 | E38: ='1.2 Budgeted Enrollment YR1'!K40 -> 0 | F38: =D38*E38 -> 0 | G38: ='1.2 Budgeted Enrollment YR1'!G40-E38 -> 286.27617 | H38: =D38*G38 -> 2571046.3 | I38: =VLOOKUP($C38,'2.5 NCEI Adj. YR1'!$B$7:$I$23,8) -> 1 | J38: =SUM(H38)*(I38-1) -> 0
B39: ='1.2 Budgeted Enrollment YR1'!E41 -> CIVICA Nevada Career & Collegiate Academy | C39: ='1.2 Budgeted Enrollment YR1'!A41 -> Clark | D39: ='2.3 Statewide Base Funding YR1'!C45 -> 8981 | E39: ='1.2 Budgeted Enrollment YR1'!K41 -> 0 | F39: =D39*E39 -> 0 | G39: ='1.2 Budgeted Enrollment YR1'!G41-E39 -> 766.05776 | H39: =D39*G39 -> 6879964.8 | I39: =VLOOKUP($C39,'2.5 NCEI Adj. YR1'!$B$7:$I$23,8) -> 1 | J39: =SUM(H39)*(I39-1) -> 0
B40: ='1.2 Budgeted Enrollment YR1'!E42 -> Coral Academy of Science Las Vegas | C40: ='1.2 Budgeted Enrollment YR1'!A42 -> Clark | D40: ='2.3 Statewide Base Funding YR1'!C46 -> 8981 | E40: ='1.2 Budgeted Enrollment YR1'!K42 -> 0 | F40: =D40*E40 -> 0 | G40: ='1.2 Budgeted Enrollment YR1'!G42-E40 -> 5176.4761 | H40: =D40*G40 -> 46489932 | I40: =VLOOKUP($C40,'2.5 NCEI Adj. YR1'!$B$7:$I$23,8) -> 1 | J40: =SUM(H40)*(I40-1) -> 0
B41: ='1.2 Budgeted Enrollment YR1'!E43 -> Coral Academy Washoe | C41: ='1.2 Budgeted Enrollment YR1'!A43 -> Washoe | D41: ='2.3 Statewide Base Funding YR1'!C47 -> 8981 | E41: ='1.2 Budgeted Enrollment YR1'!K43 -> 0 | F41: =D41*E41 -> 0 | G41: ='1.2 Budgeted Enrollment YR1'!G43-E41 -> 1763.0641 | H41: =D41*G41 -> 15834078 | I41: =VLOOKUP($C41,'2.5 NCEI Adj. YR1'!$B$7:$I$23,8) -> 1 | J41: =SUM(H41)*(I41-1) -> 0
... B89: ='1.2 Budgeted Enrollment YR1'!E91 -> Young Women's Leadership Academy | C89: ='1.2 Budgeted Enrollment YR1'!A91 -> Clark | D89: ='2.3 Statewide Base Funding YR1'!C95 -> 8981 | E89: ='1.2 Budgeted Enrollment YR1'!K91 -> 0 | F89: =D89*E89 -> 0 | G89: ='1.2 Budgeted Enrollment YR1'!G91-E89 -> 56.356771 | H89: =D89*G89 -> 506140.16 | I89: =VLOOKUP($C89,'2.5 NCEI Adj. YR1'!$B$7:$I$23,8) -> 1 | J89: =SUM(H89)*(I89-1) -> 0
B90: ='2.3 Statewide Base Funding YR1'!B96 -> Charter Total | E90: =SUM(E30:E89) -> 3491.9765 | F90: =SUM(F30:F89) -> 31361441 | G90: =SUM(G30:G89) -> 65511.519 | H90: =SUM(H30:H89) -> 5.8835896e+08 | J90: =SUM(J30:J89) -> 0
E91: =E90-'1.2 Budgeted Enrollment YR1'!K92 -> 0
A92: University Schools | C92: =C6 -> Tab 1.2 | D92: =D6 -> Tab 2.3 | E92: =E6 -> N/A | F92: =F6 -> =(D * E) | G92: =G6 -> =Tab 1.2 - E | H92: =H6 -> Tab 2.2 | I92: =I6 -> Tab 1.1 | J92: =J6 -> =(E * (G - 1))
B93: ='1.2 Budgeted Enrollment YR1'!E96 -> Davidson Academy | C93: ='1.2 Budgeted Enrollment YR1'!A96 -> Washoe | D93: ='2.3 Statewide Base Funding YR1'!C99 -> 8981 | E93: =VLOOKUP(B93,'1.2 Budgeted Enrollment YR1'!$E$96:$K$96,7,FALSE) -> 0 | F93: =D93*E93 -> 0 | G93: ='1.2 Budgeted Enrollment YR1'!G96-E93 -> 162.04408 | H93: ='2.3 Statewide Base Funding YR1'!E99 -> 1455317.9 | I93: =IF($E93>0,1,VLOOKUP($C93,'2.5 NCEI Adj. YR1'!$B$7:$I$25,8,FALSE)) -> 1 | J93: =SUM(H93)*(I93-1) -> 0
D95: =SUM(D93:D94) -> 8981 | E95: =SUM(E93:E94) -> 0 | F95: =SUM(F93:F94) -> 0 | G95: =SUM(G93:G94) -> 162.04408 | H95: =SUM(H93:H94) -> 1455317.9 | J95: =SUM(J93:J94) -> 0

Sheet 2.6 Adj. Base Summary YR1
A1: Nevada Department of Education
A2: =CONCATENATE("Pupil Center Funding Plan | FY",'1.1 Assumption Control YR1'!D5) -> Pupil Center Funding Plan | FY2024
A3: Adjusted Base Funding Summary for School Districts and Charter Schools (Year 1)
B5: PCFM Resources: | C5: Available | D5: Allocated | E5: Remaining
C6: ='2.3 Statewide Base Funding YR1'!E6 -> 5.6372731e+08 | D6: =E34+F34 -> 1.4376417e+08 | E6: =C6-D6 -> 4.1996315e+08
D8: Adjusted Base Funding Amount
D9: These amounts may change when the hold harmless provision is applied on Tab 3.2b
C10: School | D10: Statewide | E10: Adjustment 1 | F10: Adjustment 2 | G10: Initial | H10: Initial
C11: Enrollment | D11: Base | E11: District Size | F11: NCEI | G11: Adjusted Base | H11: Adjusted Base
D12: Funding | E12: Funding | F12: Funding | G12: Funding | H12: Per Pupil Amount
B13: Calculation or Source of Data | C13: Tab 1.2 | D13: Tab 2.2 | E13: Tab 2.3 | F13: Tab 2.4 | G13: = D + E + F | H13: = G / C
A14: School District
B15: ='1.2 Budgeted Enrollment YR1'!E9 -> Carson City | C15: ='1.2 Budgeted Enrollment YR1'!G9 -> 7200.2985 | D15: ='2.3 Statewide Base Funding YR1'!E14 -> 64665881 | E15: ='2.4 District Size Adj. YR1'!$F$16 -> 4805158.8 | F15: ='2.5 NCEI Adj. YR1'!J7 -> 0 | G15: =D15+E15+F15 -> 69471039 | H15: =IF(C15=0,0,G15/C15) -> 9648.3555
B16: ='1.2 Budgeted Enrollment YR1'!E10 -> Churchill | C16: ='1.2 Budgeted Enrollment YR1'!G10 -> 3191.1266 | D16: ='2.3 Statewide Base Funding YR1'!E15 -> 28659508 | E16: ='2.4 District Size Adj. YR1'!$F$18 -> 3807578 | F16: ='2.5 NCEI Adj. YR1'!J8 -> 0 | G16: =D16+E16+F16 -> 32467086 | H16: =IF(C16=0,0,G16/C16) -> 10174.177
B17: ='1.2 Budgeted Enrollment YR1'!E11 -> Clark | C17: ='1.2 Budgeted Enrollment YR1'!G11 -> 293209.81 | D17: ='2.3 Statewide Base Funding YR1'!E16 -> 2.6333173e+09 | E17: ='2.4 District Size Adj. YR1'!$F$31 -> 23289163 | F17: ='2.5 NCEI Adj. YR1'!J9 -> 0 | G17: =D17+E17+F17 -> 2.6566065e+09 | H17: =IF(C17=0,0,G17/C17) -> 9060.4283
B18: ='1.2 Budgeted Enrollment YR1'!E12 -> Douglas | C18: ='1.2 Budgeted Enrollment YR1'!G12 -> 5165.4764 | D18: ='2.3 Statewide Base Funding YR1'!E17 -> 46391143 | E18: ='2.4 District Size Adj. YR1'!$F$36 -> 5837021 | F18: ='2.5 NCEI Adj. YR1'!J10 -> 0 | G18: =D18+E18+F18 -> 52228164 | H18: =IF(C18=0,0,G18/C18) -> 10111.006
B19: ='1.2 Budgeted Enrollment YR1'!E13 -> Elko | C19: ='1.2 Budgeted Enrollment YR1'!G13 -> 9808.5958 | D19: ='2.3 Statewide Base Funding YR1'!E18 -> 88090998 | E19: ='2.4 District Size Adj. YR1'!$F$49 -> 20156956 | F19: ='2.5 NCEI Adj. YR1'!J11 -> 0 | G19: =D19+E19+F19 -> 1.0824795e+08 | H19: =IF(C19=0,0,G19/C19) -> 11036.03
B20: ='1.2 Budgeted Enrollment YR1'!E14 -> Esmeralda | C20: ='1.2 Budgeted Enrollment YR1'!G14 -> 77.315222 | D20: ='2.3 Statewide Base Funding YR1'!E19 -> 694368.01 | E20: ='2.4 District Size Adj. YR1'!$F$54 -> 1152781.5 | F20: ='2.5 NCEI Adj. YR1'!J12 -> 0 | G20: =D20+E20+F20 -> 1847149.5 | H20: =IF(C20=0,0,G20/C20) -> 23891.15
B21: ='1.2 Budgeted Enrollment YR1'!E15 -> Eureka | C21: ='1.2 Budgeted Enrollment YR1'!G15 -> 323.70253 | D21: ='2.3 Statewide Base Funding YR1'!E20 -> 2907172.5 | E21: ='2.4 District Size Adj. YR1'!$F$58 -> 2536742.5 | F21: ='2.5 NCEI Adj. YR1'!J13 -> 0 | G21: =D21+E21+F21 -> 5443915 | H21: =IF(C21=0,0,G21/C21) -> 16817.647
B22: ='1.2 Budgeted Enrollment YR1'!E16 -> Humboldt | C22: ='1.2 Budgeted Enrollment YR1'!G16 -> 3182.6226 | D22: ='2.3 Statewide Base Funding YR1'!E21 -> 28583133 | E22: ='2.4 District Size Adj. YR1'!$F$66 -> 6417602.4 | F22: ='2.5 NCEI Adj. YR1'!J14 -> 0 | G22: =D22+E22+F22 -> 35000736 | H22: =IF(C22=0,0,G22/C22) -> 10997.451
B23: ='1.2 Budgeted Enrollment YR1'!E17 -> Lander | C23: ='1.2 Budgeted Enrollment YR1'!G17 -> 1002.8726 | D23: ='2.3 Statewide Base Funding YR1'!E22 -> 9006798.9 | E23: ='2.4 District Size Adj. YR1'!$F$70 -> 4385442.6 | F23: ='2.5 NCEI Adj. YR1'!J15 -> 0 | G23: =D23+E23+F23 -> 13392241 | H23: =IF(C23=0,0,G23/C23) -> 13353.881
B24: ='1.2 Budgeted Enrollment YR1'!E18 -> Lincoln | C24: ='1.2 Budgeted Enrollment YR1'!G18 -> 883.01945 | D24: ='2.3 Statewide Base Funding YR1'!E23 -> 7930397.7 | E24: ='2.4 District Size Adj. YR1'!$F$76 -> 6503586.9 | F24: ='2.5 NCEI Adj. YR1'!J16 -> 0 | G24: =D24+E24+F24 -> 14433985 | H24: =IF(C24=0,0,G24/C24) -> 16346.168
B25: ='1.2 Budgeted Enrollment YR1'!E19 -> Lyon | C25: ='1.2 Budgeted Enrollment YR1'!G19 -> 9036.0335 | D25: ='2.3 Statewide Base Funding YR1'!E24 -> 81152616 | E25: ='2.4 District Size Adj. YR1'!$F$83 -> 17892427 | F25: ='2.5 NCEI Adj. YR1'!J17 -> 0 | G25: =D25+E25+F25 -> 99045043 | H25: =IF(C25=0,0,G25/C25) -> 10961.12
B26: ='1.2 Budgeted Enrollment YR1'!E20 -> Mineral | C26: ='1.2 Budgeted Enrollment YR1'!G20 -> 567.43327 | D26: ='2.3 Statewide Base Funding YR1'!E25 -> 5096118.2 | E26: ='2.4 District Size Adj. YR1'!$F$87 -> 3681345.3 | F26: ='2.5 NCEI Adj. YR1'!J18 -> 0 | G26: =D26+E26+F26 -> 8777463.5 | H26: =IF(C26=0,0,G26/C26) -> 15468.715
B27: ='1.2 Budgeted Enrollment YR1'!E21 -> Nye | C27: ='1.2 Budgeted Enrollment YR1'!G21 -> 5588.9235 | D27: ='2.3 Statewide Base Funding YR1'!E26 -> 50194122 | E27: ='2.4 District Size Adj. YR1'!$F$96 -> 11149503 | F27: ='2.5 NCEI Adj. YR1'!J19 -> 0 | G27: =D27+E27+F27 -> 61343625 | H27: =IF(C27=0,0,G27/C27) -> 10975.928
B28: ='1.2 Budgeted Enrollment YR1'!E22 -> Pershing | C28: ='1.2 Budgeted Enrollment YR1'!G22 -> 660.1604 | D28: ='2.3 Statewide Base Funding YR1'!E27 -> 5928900.6 | E28: ='2.4 District Size Adj. YR1'!$F$100 -> 3622266.1 | F28: ='2.5 NCEI Adj. YR1'!J20 -> 0 | G28: =D28+E28+F28 -> 9551166.6 | H28: =IF(C28=0,0,G28/C28) -> 14467.948
B29: ='1.2 Budgeted Enrollment YR1'!E23 -> Storey | C29: ='1.2 Budgeted Enrollment YR1'!G23 -> 413.05445 | D29: ='2.3 Statewide Base Funding YR1'!E28 -> 3709642 | E29: ='2.4 District Size Adj. YR1'!$F$104 -> 3003141.3 | F29: ='2.5 NCEI Adj. YR1'!J21 -> 0 | G29: =D29+E29+F29 -> 6712783.3 | H29: =IF(C29=0,0,G29/C29) -> 16251.57
B30: ='1.2 Budgeted Enrollment YR1'!E24 -> Washoe | C30: ='1.2 Budgeted Enrollment YR1'!G24 -> 60547.59 | D30: ='2.3 Statewide Base Funding YR1'!E29 -> 5.4377791e+08 | E30: ='2.4 District Size Adj. YR1'!$F$114 -> 16834983 | F30: ='2.5 NCEI Adj. YR1'!J22 -> 0 | G30: =D30+E30+F30 -> 5.6061289e+08 | H30: =IF(C30=0,0,G30/C30) -> 9259.0455
B31: ='1.2 Budgeted Enrollment YR1'!E25 -> White Pine | C31: ='1.2 Budgeted Enrollment YR1'!G25 -> 1259.3903 | D31: ='2.3 Statewide Base Funding YR1'!E30 -> 11310584 | E31: ='2.4 District Size Adj. YR1'!$F$120 -> 6547726.5 | F31: ='2.5 NCEI Adj. YR1'!J23 -> 0 | G31: =D31+E31+F31 -> 17858310 | H31: =IF(C31=0,0,G31/C31) -> 14180.124
B32: ='1.2 Budgeted Enrollment YR1'!E26 -> Charter Schools (Combined) | C32: =C97 -> 69003.496 | D32: =D97 -> 6.197204e+08 | E32: =E97 -> 2140744.5 | F32: =F97 -> 0 | G32: =D32+E32+F32 -> 6.2186114e+08 | H32: =IF(C32=0,0,G32/C32) -> 9012.0237
B33: ='1.2 Budgeted Enrollment YR1'!E27 -> University Schools | C33: =C102 -> 162.04408 | D33: =D102 -> 1455317.9 | E33: =E102 -> 0 | F33: =F102 -> 0 | G33: =D33+E33+F33 -> 1455317.9 | H33: =IF(C33=0,0,G33/C33) -> 8981
B34: Total School Districts | C34: =SUM(C15:C33) -> 471282.97 | D34: =SUM(D15:D33) -> 4.2325923e+09 | E34: =SUM(E15:E33) -> 1.4376417e+08 | F34: =SUM(F15:F33) -> 0 | G34: =SUM(G15:G33) -> 4.3763565e+09 | H34: =G34/C34 -> 9286.0485
A36: Charter Schools
B37: ='1.2 Budgeted Enrollment YR1'!E32 -> 100 Academy Of Excellence | C37: ='1.2 Budgeted Enrollment YR1'!G32 -> 317.31241 | D37: ='2.3 Statewide Base Funding YR1'!E36 -> 2849782.8 | E37: ='2.4 District Size Adj. YR1'!G128 -> 0 | F37: ='2.5 NCEI Adj. YR1'!J30 -> 0 | G37: =D37+E37+F37 -> 2849782.8 | H37: =IF(C37=0,0,G37/C37) -> 8981
B38: ='1.2 Budgeted Enrollment YR1'!E33 -> Academy For Career Education | C38: ='1.2 Budgeted Enrollment YR1'!G33 -> 233.16667 | D38: ='2.3 Statewide Base Funding YR1'!E37 -> 2094069.8 | E38: ='2.4 District Size Adj. YR1'!G129 -> 0 | F38: ='2.5 NCEI Adj. YR1'!J31 -> 0 | G38: =D38+E38+F38 -> 2094069.8 | H38: =IF(C38=0,0,G38/C38) -> 8981
B39: ='1.2 Budgeted Enrollment YR1'!E34 -> Alpine Academy | C39: ='1.2 Budgeted Enrollment YR1'!G34 -> 147.81508 | D39: ='2.3 Statewide Base Funding YR1'!E38 -> 1327527.3 | E39: ='2.4 District Size Adj. YR1'!G130 -> 0 | F39: ='2.5 NCEI Adj. YR1'!J32 -> 0 | G39: =D39+E39+F39 -> 1327527.3 | H39: =IF(C39=0,0,G39/C39) -> 8981
B40: ='1.2 Budgeted Enrollment YR1'!E35 -> Amplus (Formerly American Preparatory Academy) | C40: ='1.2 Budgeted Enrollment YR1'!G35 -> 2267.7087 | D40: ='2.3 Statewide Base Funding YR1'!E39 -> 20366291 | E40: ='2.4 District Size Adj. YR1'!G131 -> 0 | F40: ='2.5 NCEI Adj. YR1'!J33 -> 0 | G40: =D40+E40+F40 -> 20366291 | H40: =IF(C40=0,0,G40/C40) -> 8981
B41: ='1.2 Budgeted Enrollment YR1'!E36 -> Bailey Charter School | C41: ='1.2 Budgeted Enrollment YR1'!G36 -> 175.32944 | D41: ='2.3 Statewide Base Funding YR1'!E40 -> 1574633.7 | E41: ='2.4 District Size Adj. YR1'!G132 -> 0 | F41: ='2.5 NCEI Adj. YR1'!J34 -> 0 | G41: =D41+E41+F41 -> 1574633.7 | H41: =IF(C41=0,0,G41/C41) -> 8981
B42: ='1.2 Budgeted Enrollment YR1'!E37 -> Battle Born Academy | C42: ='1.2 Budgeted Enrollment YR1'!G37 -> 132.1709 | D42: ='2.3 Statewide Base Funding YR1'!E41 -> 1187026.9 | E42: ='2.4 District Size Adj. YR1'!G133 -> 0 | F42: ='2.5 NCEI Adj. YR1'!J35 -> 0 | G42: =D42+E42+F42 -> 1187026.9 | H42: =IF(C42=0,0,G42/C42) -> 8981
B43: ='1.2 Budgeted Enrollment YR1'!E38 -> Beacon Academy | C43: ='1.2 Budgeted Enrollment YR1'!G38 -> 601.20871 | D43: ='2.3 Statewide Base Funding YR1'!E42 -> 5399455.4 | E43: ='2.4 District Size Adj. YR1'!G134 -> 0 | F43: ='2.5 NCEI Adj. YR1'!J36 -> 0 | G43: =D43+E43+F43 -> 5399455.4 | H43: =IF(C43=0,0,G43/C43) -> 8981
B44: ='1.2 Budgeted Enrollment YR1'!E39 -> Cactus Park | C44: ='1.2 Budgeted Enrollment YR1'!G39 -> 108.52961 | D44: ='2.3 Statewide Base Funding YR1'!E43 -> 974704.45 | E44: ='2.4 District Size Adj. YR1'!G135 -> 0 | F44: ='2.5 NCEI Adj. YR1'!J37 -> 0 | G44: =D44+E44+F44 -> 974704.45 | H44: =IF(C44=0,0,G44/C44) -> 8981
B45: ='1.2 Budgeted Enrollment YR1'!E40 -> Carson Montessori | C45: ='1.2 Budgeted Enrollment YR1'!G40 -> 286.27617 | D45: ='2.3 Statewide Base Funding YR1'!E44 -> 2571046.3 | E45: ='2.4 District Size Adj. YR1'!G136 -> 191047.98 | F45: ='2.5 NCEI Adj. YR1'!J38 -> 0 | G45: =D45+E45+F45 -> 2762094.3 | H45: =IF(C45=0,0,G45/C45) -> 9648.3555
B46: ='1.2 Budgeted Enrollment YR1'!E41 -> CIVICA Nevada Career & Collegiate Academy | C46: ='1.2 Budgeted Enrollment YR1'!G41 -> 766.05776 | D46: ='2.3 Statewide Base Funding YR1'!E45 -> 6879964.8 | E46: ='2.4 District Size Adj. YR1'!G137 -> 0 | F46: ='2.5 NCEI Adj. YR1'!J39 -> 0 | G46: =D46+E46+F46 -> 6879964.8 | H46: =IF(C46=0,0,G46/C46) -> 8981
B47: ='1.2 Budgeted Enrollment YR1'!E42 -> Coral Academy of Science Las Vegas | C47: ='1.2 Budgeted Enrollment YR1'!G42 -> 5176.4761 | D47: ='2.3 Statewide Base Funding YR1'!E46 -> 46489932 | E47: ='2.4 District Size Adj. YR1'!G138 -> 0 | F47: ='2.5 NCEI Adj. YR1'!J40 -> 0 | G47: =D47+E47+F47 -> 46489932 | H47: =IF(C47=0,0,G47/C47) -> 8981
B48: ='1.2 Budgeted Enrollment YR1'!E43 -> Coral Academy Washoe | C48: ='1.2 Budgeted Enrollment YR1'!G43 -> 1763.0641 | D48: ='2.3 Statewide Base Funding YR1'!E47 -> 15834078 | E48: ='2.4 District Size Adj. YR1'!G139 -> 0 | F48: ='2.5 NCEI Adj. YR1'!J41 -> 0 | G48: =D48+E48+F48 -> 15834078 | H48: =IF(C48=0,0,G48/C48) -> 8981
... B96: ='1.2 Budgeted Enrollment YR1'!E91 -> Young Women's Leadership Academy | C96: ='1.2 Budgeted Enrollment YR1'!G91 -> 56.356771 | D96: ='2.3 Statewide Base Funding YR1'!E95 -> 506140.16 | E96: ='2.4 District Size Adj. YR1'!G187 -> 0 | F96: ='2.5 NCEI Adj. YR1'!J89 -> 0 | G96: =D96+E96+F96 -> 506140.16 | H96: =IF(C96=0,0,G96/C96) -> 8981
B97: Charter Total | C97: =SUM(C37:C96) -> 69003.496 | D97: =SUM(D37:D96) -> 6.197204e+08 | E97: =SUM(E37:E96) -> 2140744.5 | F97: =SUM(F37:F96) -> 0 | G97: =SUM(G37:G96) -> 6.2186114e+08 | H97: =G97/C97 -> 9012.0237
A99: University Schools
B100: ='1.2 Budgeted Enrollment YR1'!E96 -> Davidson Academy | C100: ='1.2 Budgeted Enrollment YR1'!G96 -> 162.04408 | D100: ='2.3 Statewide Base Funding YR1'!E99 -> 1455317.9 | E100: ='2.4 District Size Adj. YR1'!G192 -> 0 | F100: ='2.5 NCEI Adj. YR1'!J93 -> 0 | G100: =D100+E100+F100 -> 1455317.9 | H100: =IF(C100=0,0,G100/C100) -> 8981
C102: =SUM(C100:C101) -> 162.04408 | D102: =SUM(D100:D101) -> 1455317.9 | E102: =SUM(E100:E101) -> 0 | F102: =SUM(F100:F101) -> 0 | G102: =SUM(G100:G101) -> 1455317.9 | H102: =SUM(H100:H101) -> 8981

Sheet 2.7 Weighted Funding YR1
A1: Nevada Department of Education
A2: =CONCATENATE("Pupil Center Funding Plan | FY",'1.1 Assumption Control YR1'!D5) -> Pupil Center Funding Plan | FY2024 | F2: [1] | G2: Commission on School Funding Recommended Targeted Weights | K2: [1] Targeted Multipliers: Recommended by the CSF during their April 17, 2020 meeting and formally recommended to Gov and Leg in July 15, 2020 letter; CSF targeted weight for GATE was .14.
A3: Weighted Funding Calculations for School Districts and Charter Schools (Year 1) | H3: Targeted Weights | I3: Difference
G4: English Learner Targeted Multiplier: | H4: 0.5 | I4: =D11-H4 -> -0.05
C5: Available | D5: Allocated | E5: Remaining | G5: At-Risk Targeted Multiplier: | H5: 0.3 | I5: =H11-H5 -> 0.05
B6: PCFP Resources: | C6: ='2.6 Adj. Base Summary YR1'!E6 -> 4.1996315e+08 | D6: =E37+I37+M37 -> 4.1995991e+08 | E6: =C6-D6 -> 3233.7064 | F6: [2] | G6: GATE Targeted Multiplier: | H6: 0.14 | I6: 0 | K6: [2] Weight for GATE set to .12 per Legislature
C8: English Learners (EL) - Initial Weighted Allocations | G8: At-Risk Student (At-Risk) - Initial Weighted Allocations | K8: Gifted and Talented Education (GATE) - Initial Weighted Allocations
C9: English Learners Total Enrollment | D9: ='1.2 Budgeted Enrollment YR1'!H28 -> 52678 | E9: Tab 1.2 | G9: At-Risk Student Total Enrollment | H9: ='1.2 Budgeted Enrollment YR1'!I28 -> 63325 | I9: Tab 1.2 | K9: Gifted and Talented Total Enrollment | L9: ='1.2 Budgeted Enrollment YR1'!J28 -> 7434 | M9: Tab 1.2
C10: Initial English Learner Per Pupil Funding | D10: ='1.1 Assumption Control YR1'!E41 -> 4041.45 | E10: Tab 1.1 | G10: Initial At-Risk Student Per Pupil Funding | H10: ='1.1 Assumption Control YR1'!E42 -> 3143.35 | I10: Tab 1.1 | K10: Initial Gifted and Talented Per Pupil Funding | L10: ='1.1 Assumption Control YR1'!E43 -> 1077.72 | M10: Tab 1.1
C11: Weight | D11: ='1.1 Assumption Control YR1'!D41 -> 0.45 | E11: Tab 1.1 | G11: Weight | H11: ='1.1 Assumption Control YR1'!D42 -> 0.35 | I11: Tab 1.1 | K11: Weight | L11: ='1.1 Assumption Control YR1'!D43 -> 0.12 | M11: Tab 1.1
K12: GATE Student Count
C13: English Learner Student Count | D13: Baseline English | G13: At-Risk Student Count | H13: Baseline At-Risk | K13: Not Also Special Education | L13: Baseline GATE
C14: Not Also Special Education | D14: Learner Funding | E14: Baseline English | G14: Not Also Special Education | H14: Student Funding | I14: Baseline At-Risk | K14: Not Also English Learner | L14: Student Funding | M14: Baseline GATE
D15: Per Pupil Rate | E15: Learner Funding | G15: Not Also English Learner | H15: Per Pupil Rate | I15: Student Funding | K15: Not Also At-Risk | L15: Per Pupil | M15: Student Funding
B16: Calculation or Source of Data | C16: Tab 1.2 | D16: = Cell D11 | E16: = C * D | G16: Tab 1.2 | H16: = Cell H11 | I16: = G * H | K16: Tab 1.2 | L16: = Cell L11 | M16: = K * L
A17: School District
B18: ='1.2 Budgeted Enrollment YR1'!E9 -> Carson City | C18: ='1.2 Budgeted Enrollment YR1'!H9 -> 719 | D18: =$D$10 -> 4041.45 | E18: =C18*D18 -> 2905802.6 | G18: ='1.2 Budgeted Enrollment YR1'!I9 -> 289 | H18: =$H$10 -> 3143.35 | I18: =G18*H18 -> 908428.15 | K18: ='1.2 Budgeted Enrollment YR1'!J9 -> 385 | L18: =$L$10 -> 1077.72 | M18: =L18*K18 -> 414922.2
B19: ='1.2 Budgeted Enrollment YR1'!E10 -> Churchill | C19: ='1.2 Budgeted Enrollment YR1'!H10 -> 111 | D19: =$D$10 -> 4041.45 | E19: =C19*D19 -> 448600.95 | G19: ='1.2 Budgeted Enrollment YR1'!I10 -> 177 | H19: =$H$10 -> 3143.35 | I19: =G19*H19 -> 556372.95 | K19: ='1.2 Budgeted Enrollment YR1'!J10 -> 0 | L19: =$L$10 -> 1077.72 | M19: =L19*K19 -> 0
B20: ='1.2 Budgeted Enrollment YR1'!E11 -> Clark | C20: ='1.2 Budgeted Enrollment YR1'!H11 -> 37632 | D20: =$D$10 -> 4041.45 | E20: =C20*D20 -> 1.5208785e+08 | G20: ='1.2 Budgeted Enrollment YR1'!I11 -> 52674 | H20: =$H$10 -> 3143.35 | I20: =G20*H20 -> 1.6557282e+08 | K20: ='1.2 Budgeted Enrollment YR1'!J11 -> 4545 | L20: =$L$10 -> 1077.72 | M20: =L20*K20 -> 4898237.4
B21: ='1.2 Budgeted Enrollment YR1'!E12 -> Douglas | C21: ='1.2 Budgeted Enrollment YR1'!H12 -> 169 | D21: =$D$10 -> 4041.45 | E21: =C21*D21 -> 683005.05 | G21: ='1.2 Budgeted Enrollment YR1'!I12 -> 171 | H21: =$H$10 -> 3143.35 | I21: =G21*H21 -> 537512.85 | K21: ='1.2 Budgeted Enrollment YR1'!J12 -> 46 | L21: =$L$10 -> 1077.72 | M21: =L21*K21 -> 49575.12
B22: ='1.2 Budgeted Enrollment YR1'!E13 -> Elko | C22: ='1.2 Budgeted Enrollment YR1'!H13 -> 677 | D22: =$D$10 -> 4041.45 | E22: =C22*D22 -> 2736061.7 | G22: ='1.2 Budgeted Enrollment YR1'!I13 -> 631 | H22: =$H$10 -> 3143.35 | I22: =G22*H22 -> 1983453.8 | K22: ='1.2 Budgeted Enrollment YR1'!J13 -> 97 | L22: =$L$10 -> 1077.72 | M22: =L22*K22 -> 104538.84
B23: ='1.2 Budgeted Enrollment YR1'!E14 -> Esmeralda | C23: ='1.2 Budgeted Enrollment YR1'!H14 -> 7 | D23: =$D$10 -> 4041.45 | E23: =C23*D23 -> 28290.15 | G23: ='1.2 Budgeted Enrollment YR1'!I14 -> 8 | H23: =$H$10 -> 3143.35 | I23: =G23*H23 -> 25146.8 | K23: ='1.2 Budgeted Enrollment YR1'!J14 -> 0 | L23: =$L$10 -> 1077.72 | M23: =L23*K23 -> 0
B24: ='1.2 Budgeted Enrollment YR1'!E15 -> Eureka | C24: ='1.2 Budgeted Enrollment YR1'!H15 -> 3 | D24: =$D$10 -> 4041.45 | E24: =C24*D24 -> 12124.35 | G24: ='1.2 Budgeted Enrollment YR1'!I15 -> 4 | H24: =$H$10 -> 3143.35 | I24: =G24*H24 -> 12573.4 | K24: ='1.2 Budgeted Enrollment YR1'!J15 -> 0 | L24: =$L$10 -> 1077.72 | M24: =L24*K24 -> 0
B25: ='1.2 Budgeted Enrollment YR1'!E16 -> Humboldt | C25: ='1.2 Budgeted Enrollment YR1'!H16 -> 203 | D25: =$D$10 -> 4041.45 | E25: =C25*D25 -> 820414.35 | G25: ='1.2 Budgeted Enrollment YR1'!I16 -> 81 | H25: =$H$10 -> 3143.35 | I25: =G25*H25 -> 254611.35 | K25: ='1.2 Budgeted Enrollment YR1'!J16 -> 0 | L25: =$L$10 -> 1077.72 | M25: =L25*K25 -> 0
B26: ='1.2 Budgeted Enrollment YR1'!E17 -> Lander | C26: ='1.2 Budgeted Enrollment YR1'!H17 -> 33 | D26: =$D$10 -> 4041.45 | E26: =C26*D26 -> 133367.85 | G26: ='1.2 Budgeted Enrollment YR1'!I17 -> 98 | H26: =$H$10 -> 3143.35 | I26: =G26*H26 -> 308048.3 | K26: ='1.2 Budgeted Enrollment YR1'!J17 -> 0 | L26: =$L$10 -> 1077.72 | M26: =L26*K26 -> 0
B27: ='1.2 Budgeted Enrollment YR1'!E18 -> Lincoln | C27: ='1.2 Budgeted Enrollment YR1'!H18 -> 6 | D27: =$D$10 -> 4041.45 | E27: =C27*D27 -> 24248.7 | G27: ='1.2 Budgeted Enrollment YR1'!I18 -> 43 | H27: =$H$10 -> 3143.35 | I27: =G27*H27 -> 135164.05 | K27: ='1.2 Budgeted Enrollment YR1'!J18 -> 0 | L27: =$L$10 -> 1077.72 | M27: =L27*K27 -> 0
B28: ='1.2 Budgeted Enrollment YR1'!E19 -> Lyon | C28: ='1.2 Budgeted Enrollment YR1'!H19 -> 485 | D28: =$D$10 -> 4041.45 | E28: =C28*D28 -> 1960103.3 | G28: ='1.2 Budgeted Enrollment YR1'!I19 -> 526 | H28: =$H$10 -> 3143.35 | I28: =G28*H28 -> 1653402.1 | K28: ='1.2 Budgeted Enrollment YR1'!J19 -> 0 | L28: =$L$10 -> 1077.72 | M28: =L28*K28 -> 0
B29: ='1.2 Budgeted Enrollment YR1'!E20 -> Mineral | C29: ='1.2 Budgeted Enrollment YR1'!H20 -> 34 | D29: =$D$10 -> 4041.45 | E29: =C29*D29 -> 137409.3 | G29: ='1.2 Budgeted Enrollment YR1'!I20 -> 52 | H29: =$H$10 -> 3143.35 | I29: =G29*H29 -> 163454.2 | K29: ='1.2 Budgeted Enrollment YR1'!J20 -> 0 | L29: =$L$10 -> 1077.72 | M29: =L29*K29 -> 0
... B35: ='1.2 Budgeted Enrollment YR1'!E26 -> Charter Schools (Combined) | C35: ='1.2 Budgeted Enrollment YR1'!H26 -> 5510 | D35: =$D$10 -> 4041.45 | E35: =C35*D35 -> 22268390 | G35: ='1.2 Budgeted Enrollment YR1'!I26 -> 3050 | H35: =$H$10 -> 3143.35 | I35: =G35*H35 -> 9587217.5 | K35: ='1.2 Budgeted Enrollment YR1'!J26 -> 1097 | L35: =$L$10 -> 1077.72 | M35: =L35*K35 -> 1182258.8
B36: ='1.2 Budgeted Enrollment YR1'!E27 -> University Schools | C36: =C105 -> 0 | D36: =$D$10 -> 4041.45 | E36: =E105 -> 0 | G36: =G105 -> 0 | H36: =$H$10 -> 3143.35 | I36: =I105 -> 0 | K36: =K105 -> 0 | L36: =$L$10 -> 1077.72 | M36: =L36*K36 -> 0
B37: Total School Districts | C37: =SUM(C18:C36) -> 52678 | E37: =SUM(E18:E36) -> 2.128955e+08 | G37: =SUM(G18:G36) -> 63325 | I37: =SUM(I18:I36) -> 1.9905264e+08 | K37: =SUM(K18:K36) -> 7434 | M37: =ROUND(SUM(M18:M36),0) -> 8011770
C38: =C37-'1.2 Budgeted Enrollment YR1'!H28 -> 0 | G38: =G37-'1.2 Budgeted Enrollment YR1'!I28 -> 0 | K38: =K37-'1.2 Budgeted Enrollment YR1'!J28 -> 0
A39: Charter Schools
B40: ='1.2 Budgeted Enrollment YR1'!E32 -> 100 Academy Of Excellence | C40: ='1.2 Budgeted Enrollment YR1'!H32 -> 30 | D40: =$D$10 -> 4041.45 | E40: =C40*D40 -> 121243.5 | G40: ='1.2 Budgeted Enrollment YR1'!I32 -> 161 | H40: =$H$10 -> 3143.35 | I40: =G40*H40 -> 506079.35 | K40: ='1.2 Budgeted Enrollment YR1'!J32 -> 0 | L40: =$L$10 -> 1077.72 | M40: =K40*L40 -> 0
B41: ='1.2 Budgeted Enrollment YR1'!E33 -> Academy For Career Education | C41: ='1.2 Budgeted Enrollment YR1'!H33 -> 22 | D41: =$D$10 -> 4041.45 | E41: =C41*D41 -> 88911.9 | G41: ='1.2 Budgeted Enrollment YR1'!I33 -> 2 | H41: =$H$10 -> 3143.35 | I41: =G41*H41 -> 6286.7 | K41: ='1.2 Budgeted Enrollment YR1'!J33 -> 0 | L41: =$L$10 -> 1077.72 | M41: =K41*L41 -> 0
B42: ='1.2 Budgeted Enrollment YR1'!E34 -> Alpine Academy | C42: ='1.2 Budgeted Enrollment YR1'!H34 -> 0 | D42: =$D$10 -> 4041.45 | E42: =C42*D42 -> 0 | G42: ='1.2 Budgeted Enrollment YR1'!I34 -> 5 | H42: =$H$10 -> 3143.35 | I42: =G42*H42 -> 15716.75 | K42: ='1.2 Budgeted Enrollment YR1'!J34 -> 0 | L42: =$L$10 -> 1077.72 | M42: =K42*L42 -> 0
B43: ='1.2 Budgeted Enrollment YR1'!E35 -> Amplus (Formerly American Preparatory Academy) | C43: ='1.2 Budgeted Enrollment YR1'!H35 -> 174 | D43: =$D$10 -> 4041.45 | E43: =C43*D43 -> 703212.3 | G43: ='1.2 Budgeted Enrollment YR1'!I35 -> 39 | H43: =$H$10 -> 3143.35 | I43: =G43*H43 -> 122590.65 | K43: ='1.2 Budgeted Enrollment YR1'!J35 -> 40 | L43: =$L$10 -> 1077.72 | M43: =K43*L43 -> 43108.8
B44: ='1.2 Budgeted Enrollment YR1'!E36 -> Bailey Charter School | C44: ='1.2 Budgeted Enrollment YR1'!H36 -> 75 | D44: =$D$10 -> 4041.45 | E44: =C44*D44 -> 303108.75 | G44: ='1.2 Budgeted Enrollment YR1'!I36 -> 37 | H44: =$H$10 -> 3143.35 | I44: =G44*H44 -> 116303.95 | K44: ='1.2 Budgeted Enrollment YR1'!J36 -> 0 | L44: =$L$10 -> 1077.72 | M44: =K44*L44 -> 0
B45: ='1.2 Budgeted Enrollment YR1'!E37 -> Battle Born Academy | C45: ='1.2 Budgeted Enrollment YR1'!H37 -> 56 | D45: =$D$10 -> 4041.45 | E45: =C45*D45 -> 226321.2 | G45: ='1.2 Budgeted Enrollment YR1'!I37 -> 0 | H45: =$H$10 -> 3143.35 | I45: =G45*H45 -> 0 | K45: ='1.2 Budgeted Enrollment YR1'!J37 -> 0 | L45: =$L$10 -> 1077.72 | M45: =K45*L45 -> 0
B46: ='1.2 Budgeted Enrollment YR1'!E38 -> Beacon Academy | C46: ='1.2 Budgeted Enrollment YR1'!H38 -> 56 | D46: =$D$10 -> 4041.45 | E46: =C46*D46 -> 226321.2 | G46: ='1.2 Budgeted Enrollment YR1'!I38 -> 168 | H46: =$H$10 -> 3143.35 | I46: =G46*H46 -> 528082.8 | K46: ='1.2 Budgeted Enrollment YR1'!J38 -> 0 | L46: =$L$10 -> 1077.72 | M46: =K46*L46 -> 0
B47: ='1.2 Budgeted Enrollment YR1'!E39 -> Cactus Park | C47: ='1.2 Budgeted Enrollment YR1'!H39 -> 22 | D47: =$D$10 -> 4041.45 | E47: =C47*D47 -> 88911.9 | G47: ='1.2 Budgeted Enrollment YR1'!I39 -> 0 | H47: =$H$10 -> 3143.35 | I47: =G47*H47 -> 0 | K47: ='1.2 Budgeted Enrollment YR1'!J39 -> 0 | L47: =$L$10 -> 1077.72 | M47: =K47*L47 -> 0
B48: ='1.2 Budgeted Enrollment YR1'!E40 -> Carson Montessori | C48: ='1.2 Budgeted Enrollment YR1'!H40 -> 9 | D48: =$D$10 -> 4041.45 | E48: =C48*D48 -> 36373.05 | G48: ='1.2 Budgeted Enrollment YR1'!I40 -> 3 | H48: =$H$10 -> 3143.35 | I48: =G48*H48 -> 9430.05 | K48: ='1.2 Budgeted Enrollment YR1'!J40 -> 0 | L48: =$L$10 -> 1077.72 | M48: =K48*L48 -> 0
B49: ='1.2 Budgeted Enrollment YR1'!E41 -> CIVICA Nevada Career & Collegiate Academy | C49: ='1.2 Budgeted Enrollment YR1'!H41 -> 241 | D49: =$D$10 -> 4041.45 | E49: =C49*D49 -> 973989.45 | G49: ='1.2 Budgeted Enrollment YR1'!I41 -> 49 | H49: =$H$10 -> 3143.35 | I49: =G49*H49 -> 154024.15 | K49: ='1.2 Budgeted Enrollment YR1'!J41 -> 0 | L49: =$L$10 -> 1077.72 | M49: =K49*L49 -> 0
B50: ='1.2 Budgeted Enrollment YR1'!E42 -> Coral Academy of Science Las Vegas | C50: ='1.2 Budgeted Enrollment YR1'!H42 -> 217 | D50: =$D$10 -> 4041.45 | E50: =C50*D50 -> 876994.65 | G50: ='1.2 Budgeted Enrollment YR1'!I42 -> 29 | H50: =$H$10 -> 3143.35 | I50: =G50*H50 -> 91157.15 | K50: ='1.2 Budgeted Enrollment YR1'!J42 -> 23 | L50: =$L$10 -> 1077.72 | M50: =K50*L50 -> 24787.56
B51: ='1.2 Budgeted Enrollment YR1'!E43 -> Coral Academy Washoe | C51: ='1.2 Budgeted Enrollment YR1'!H43 -> 128 | D51: =$D$10 -> 4041.45 | E51: =C51*D51 -> 517305.6 | G51: ='1.2 Budgeted Enrollment YR1'!I43 -> 42 | H51: =$H$10 -> 3143.35 | I51: =G51*H51 -> 132020.7 | K51: ='1.2 Budgeted Enrollment YR1'!J43 -> 4 | L51: =$L$10 -> 1077.72 | M51: =K51*L51 -> 4310.88
... B99: ='1.2 Budgeted Enrollment YR1'!E91 -> Young Women's Leadership Academy | C99: ='1.2 Budgeted Enrollment YR1'!H91 -> 5 | D99: =$D$10 -> 4041.45 | E99: =C99*D99 -> 20207.25 | G99: ='1.2 Budgeted Enrollment YR1'!I91 -> 0 | H99: =$H$10 -> 3143.35 | I99: =G99*H99 -> 0 | K99: ='1.2 Budgeted Enrollment YR1'!J91 -> 0 | L99: =$L$10 -> 1077.72 | M99: =K99*L99 -> 0
B100: Charter Total | C100: =SUM(C40:C99) -> 5510 | E100: =SUM(E40:E99) -> 22268390 | G100: =SUM(G40:G99) -> 3050 | I100: =SUM(I40:I99) -> 9587217.5 | K100: =SUM(K40:K99) -> 1097 | M100: =SUM(M40:M99) -> 1182258.8
A102: University Schools
B103: ='1.2 Budgeted Enrollment YR1'!E96 -> Davidson Academy | C103: ='1.2 Budgeted Enrollment YR1'!H96 -> 0 | D103: =$D$10 -> 4041.45 | E103: =C103*D103 -> 0 | G103: ='1.2 Budgeted Enrollment YR1'!I96 -> 0 | H103: =$H$10 -> 3143.35 | I103: =G103*H103 -> 0 | K103: ='1.2 Budgeted Enrollment YR1'!J96 -> 0 | L103: =$L$10 -> 1077.72 | M103: =K103*L103 -> 0
B104: ='1.2 Budgeted Enrollment YR1'!E97 -> 0 | C104: ='1.2 Budgeted Enrollment YR1'!H97 -> 0 | D104: =$D$10 -> 4041.45 | E104: =C104*D104 -> 0 | G104: ='1.2 Budgeted Enrollment YR1'!I97 -> 0 | H104: =$H$10 -> 3143.35 | I104: =G104*H104 -> 0 | K104: ='1.2 Budgeted Enrollment YR1'!J97 -> 0 | L104: =$L$10 -> 1077.72 | M104: =K104*L104 -> 0
B105: Charter Total | C105: =SUM(C103:C104) -> 0 | E105: =SUM(E103:E104) -> 0 | G105: =SUM(G103:G104) -> 0 | I105: =SUM(I103:I104) -> 0 | K105: =SUM(K103:K104) -> 0 | M105: =SUM(M103:M104) -> 0

Sheet 2.8 Alloc of Residual Rev. YR1
A1: Nevada Department of Education
A2: =CONCATENATE("Pupil Center Funding Plan | FY",'1.1 Assumption Control YR1'!D5) -> Pupil Center Funding Plan | FY2024
A3: Allocation of Residual Revenue (Year 1)
G4: Manual redistribution of residual revenue back into the Statewide Base (SWB).
C5: Available | D5: Allocated | E5: Remaining | H5: Year 1 | I5: Added Increase | N5: Year 2 | O5: Added Increase
B6: PCFM Resources: | C6: ='2.7 Weighted Funding YR1'!E6 -> 3233.7064 | D6: =E33 -> 3233.7064 | E6: =MAX(C6-D6,0) -> 0 | G6: Increase SWB by: | H6: =H7+I6 -> 1587 | I6: 368 | J6: Remaining residual funding in year 2 | L6: ='6.8 Alloc of Residual Rev. YR2'!C6 -> 92651.129 | M6: Increase SWB by: | N6: =N7+O6 -> 57 | O6: 3
G7: Original increase | H7: 1219 | M7: =G7 -> Original increase | N7: 54
E8: Adjustment to | G8: Summary of PCFP allocations after distribution of excess funding
C9: Adjusted | D9: Share of Adjusted | E9: Adjusted | G9: Adjusted | I9: Local
C10: Base Per Pupil | D10: Base Per Pupil | E10: Base Per Pupil | G10: Base Per Pupil | H10: Auxiliary | I10: Special | J10: English | L10: Gifted & | M10: Total
C11: Funding | D11: Funding | E11: Funding | G11: Funding | H11: Services | I11: Education | J11: Learners | K11: At-Risk | L11: Talented | M11: Funding
B12: Calculation or Source of Data | C12: Tab 2.6 | D12: = C / C33 | E12: = D * C6 | G12: = C+E | H12: Tab 2.1 | I12: Tab 2.2 | J12: Tab 2.7 | K12: Tab 2.7 | L12: Tab 2.7 | M12: Sum of G - L | N12: Total
A13: School District | N13: Without Excess
B14: ='1.2 Budgeted Enrollment YR1'!E9 -> Carson City | C14: ='2.6 Adj. Base Summary YR1'!G15 -> 69471039 | D14: =C14/$C$33 -> 0.015874173 | E14: =D14*$C$6 -> 51.332414 | G14: =ROUND(C14+E14,2) -> 69471091 | H14: =ROUND('2.1 Auxiliary Services YR1'!I12,2) -> 3003280.1 | I14: =ROUND('2.2 Spec Ed Local YR1'!J9,2) -> 6423599 | J14: =ROUND('2.7 Weighted Funding YR1'!E18,2) -> 2905802.5 | K14: =ROUND('2.7 Weighted Funding YR1'!I18,2) -> 908428.15 | L14: =ROUND('2.7 Weighted Funding YR1'!M18,2) -> 414922.2 | M14: =ROUND(SUM(G14:L14),2) -> 83127123 | N14: =SUM(C14,H14,I14,J14,K14,L14) -> 83127071
B15: ='1.2 Budgeted Enrollment YR1'!E10 -> Churchill | C15: ='2.6 Adj. Base Summary YR1'!G16 -> 32467086 | D15: =C15/$C$33 -> 0.0074187481 | E15: =D15*$C$6 -> 23.990053 | G15: =ROUND(C15+E15,2) -> 32467110 | H15: =ROUND('2.1 Auxiliary Services YR1'!I13,2) -> 1667139.6 | I15: =ROUND('2.2 Spec Ed Local YR1'!J10,2) -> 1639107.2 | J15: =ROUND('2.7 Weighted Funding YR1'!E19,2) -> 448600.95 | K15: =ROUND('2.7 Weighted Funding YR1'!I19,2) -> 556372.95 | L15: =ROUND('2.7 Weighted Funding YR1'!M19,2) -> 0 | M15: =ROUND(SUM(G15:L15),2) -> 36778331 | N15: =SUM(C15,H15,I15,J15,K15,L15) -> 36778307
B16: ='1.2 Budgeted Enrollment YR1'!E11 -> Clark | C16: ='2.6 Adj. Base Summary YR1'!G17 -> 2.6566065e+09 | D16: =C16/$C$33 -> 0.60703612 | E16: =D16*$C$6 -> 1962.9766 | G16: =ROUND(C16+E16,2) -> 2.6566084e+09 | H16: =ROUND('2.1 Auxiliary Services YR1'!I14,2) -> 1.4091185e+08 | I16: =ROUND('2.2 Spec Ed Local YR1'!J11,2) -> 384538138 | J16: =ROUND('2.7 Weighted Funding YR1'!E20,2) -> 1.5208785e+08 | K16: =ROUND('2.7 Weighted Funding YR1'!I20,2) -> 1.6557282e+08 | L16: =ROUND('2.7 Weighted Funding YR1'!M20,2) -> 4898237.4 | M16: =ROUND(SUM(G16:L16),2) -> 3.5046173e+09 | N16: =SUM(C16,H16,I16,J16,K16,L16) -> 3.5046154e+09
B17: ='1.2 Budgeted Enrollment YR1'!E12 -> Douglas | C17: ='2.6 Adj. Base Summary YR1'!G18 -> 52228164 | D17: =C17/$C$33 -> 0.011934166 | E17: =D17*$C$6 -> 38.591588 | G17: =ROUND(C17+E17,2) -> 52228203 | H17: =ROUND('2.1 Auxiliary Services YR1'!I15,2) -> 3889783.5 | I17: =ROUND('2.2 Spec Ed Local YR1'!J12,2) -> 4013804 | J17: =ROUND('2.7 Weighted Funding YR1'!E21,2) -> 683005.05 | K17: =ROUND('2.7 Weighted Funding YR1'!I21,2) -> 537512.85 | L17: =ROUND('2.7 Weighted Funding YR1'!M21,2) -> 49575.12 | M17: =ROUND(SUM(G17:L17),2) -> 61401883 | N17: =SUM(C17,H17,I17,J17,K17,L17) -> 61401845
B18: ='1.2 Budgeted Enrollment YR1'!E13 -> Elko | C18: ='2.6 Adj. Base Summary YR1'!G19 -> 1.0824795e+08 | D18: =C18/$C$33 -> 0.02473472 | E18: =D18*$C$6 -> 79.984823 | G18: =ROUND(C18+E18,2) -> 1.0824803e+08 | H18: =ROUND('2.1 Auxiliary Services YR1'!I16,2) -> 5091921.8 | I18: =ROUND('2.2 Spec Ed Local YR1'!J13,2) -> 5053547 | J18: =ROUND('2.7 Weighted Funding YR1'!E22,2) -> 2736061.6 | K18: =ROUND('2.7 Weighted Funding YR1'!I22,2) -> 1983453.9 | L18: =ROUND('2.7 Weighted Funding YR1'!M22,2) -> 104538.84 | M18: =ROUND(SUM(G18:L18),2) -> 1.2321756e+08 | N18: =SUM(C18,H18,I18,J18,K18,L18) -> 1.2321748e+08
B19: ='1.2 Budgeted Enrollment YR1'!E14 -> Esmeralda | C19: ='2.6 Adj. Base Summary YR1'!G20 -> 1847149.5 | D19: =C19/$C$33 -> 0.00042207475 | E19: =D19*$C$6 -> 1.3648658 | G19: =ROUND(C19+E19,2) -> 1847150.9 | H19: =ROUND('2.1 Auxiliary Services YR1'!I17,2) -> 423197.63 | I19: =ROUND('2.2 Spec Ed Local YR1'!J14,2) -> 46943 | J19: =ROUND('2.7 Weighted Funding YR1'!E23,2) -> 28290.15 | K19: =ROUND('2.7 Weighted Funding YR1'!I23,2) -> 25146.8 | L19: =ROUND('2.7 Weighted Funding YR1'!M23,2) -> 0 | M19: =ROUND(SUM(G19:L19),2) -> 2370728.5 | N19: =SUM(C19,H19,I19,J19,K19,L19) -> 2370727.1
B20: ='1.2 Budgeted Enrollment YR1'!E15 -> Eureka | C20: ='2.6 Adj. Base Summary YR1'!G21 -> 5443915 | D20: =C20/$C$33 -> 0.0012439377 | E20: =D20*$C$6 -> 4.0225294 | G20: =ROUND(C20+E20,2) -> 5443919 | H20: =ROUND('2.1 Auxiliary Services YR1'!I18,2) -> 1002309.6 | I20: =ROUND('2.2 Spec Ed Local YR1'!J15,2) -> 948961.5 | J20: =ROUND('2.7 Weighted Funding YR1'!E24,2) -> 12124.35 | K20: =ROUND('2.7 Weighted Funding YR1'!I24,2) -> 12573.4 | L20: =ROUND('2.7 Weighted Funding YR1'!M24,2) -> 0 | M20: =ROUND(SUM(G20:L20),2) -> 7419887.8 | N20: =SUM(C20,H20,I20,J20,K20,L20) -> 7419883.8
B21: ='1.2 Budgeted Enrollment YR1'!E16 -> Humboldt | C21: ='2.6 Adj. Base Summary YR1'!G22 -> 35000736 | D21: =C21/$C$33 -> 0.0079976884 | E21: =D21*$C$6 -> 25.862176 | G21: =ROUND(C21+E21,2) -> 35000762 | H21: =ROUND('2.1 Auxiliary Services YR1'!I19,2) -> 2037056.2 | I21: =ROUND('2.2 Spec Ed Local YR1'!J16,2) -> 2358470 | J21: =ROUND('2.7 Weighted Funding YR1'!E25,2) -> 820414.35 | K21: =ROUND('2.7 Weighted Funding YR1'!I25,2) -> 254611.35 | L21: =ROUND('2.7 Weighted Funding YR1'!M25,2) -> 0 | M21: =ROUND(SUM(G21:L21),2) -> 40471313 | N21: =SUM(C21,H21,I21,J21,K21,L21) -> 40471288
B22: ='1.2 Budgeted Enrollment YR1'!E17 -> Lander | C22: ='2.6 Adj. Base Summary YR1'!G23 -> 13392241 | D22: =C22/$C$33 -> 0.003060135 | E22: =D22*$C$6 -> 9.8955779 | G22: =ROUND(C22+E22,2) -> 13392251 | H22: =ROUND('2.1 Auxiliary Services YR1'!I20,2) -> 438952.86 | I22: =ROUND('2.2 Spec Ed Local YR1'!J17,2) -> 1052995 | J22: =ROUND('2.7 Weighted Funding YR1'!E26,2) -> 133367.85 | K22: =ROUND('2.7 Weighted Funding YR1'!I26,2) -> 308048.3 | L22: =ROUND('2.7 Weighted Funding YR1'!M26,2) -> 0 | M22: =ROUND(SUM(G22:L22),2) -> 15325615 | N22: =SUM(C22,H22,I22,J22,K22,L22) -> 15325605
B23: ='1.2 Budgeted Enrollment YR1'!E18 -> Lincoln | C23: ='2.6 Adj. Base Summary YR1'!G24 -> 14433985 | D23: =C23/$C$33 -> 0.0032981739 | E23: =D23*$C$6 -> 10.665326 | G23: =ROUND(C23+E23,2) -> 14433995 | H23: =ROUND('2.1 Auxiliary Services YR1'!I21,2) -> 683339.41 | I23: =ROUND('2.2 Spec Ed Local YR1'!J18,2) -> 327715 | J23: =ROUND('2.7 Weighted Funding YR1'!E27,2) -> 24248.7 | K23: =ROUND('2.7 Weighted Funding YR1'!I27,2) -> 135164.05 | L23: =ROUND('2.7 Weighted Funding YR1'!M27,2) -> 0 | M23: =ROUND(SUM(G23:L23),2) -> 15604462 | N23: =SUM(C23,H23,I23,J23,K23,L23) -> 15604452
B24: ='1.2 Budgeted Enrollment YR1'!E19 -> Lyon | C24: ='2.6 Adj. Base Summary YR1'!G25 -> 99045043 | D24: =C24/$C$33 -> 0.02263185 | E24: =D24*$C$6 -> 73.184757 | G24: =ROUND(C24+E24,2) -> 99045116 | H24: =ROUND('2.1 Auxiliary Services YR1'!I22,2) -> 5015867.7 | I24: =ROUND('2.2 Spec Ed Local YR1'!J19,2) -> 9582952 | J24: =ROUND('2.7 Weighted Funding YR1'!E28,2) -> 1960103.2 | K24: =ROUND('2.7 Weighted Funding YR1'!I28,2) -> 1653402.1 | L24: =ROUND('2.7 Weighted Funding YR1'!M28,2) -> 0 | M24: =ROUND(SUM(G24:L24),2) -> 1.1725744e+08 | N24: =SUM(C24,H24,I24,J24,K24,L24) -> 1.1725737e+08
B25: ='1.2 Budgeted Enrollment YR1'!E20 -> Mineral | C25: ='2.6 Adj. Base Summary YR1'!G26 -> 8777463.5 | D25: =C25/$C$33 -> 0.0020056555 | E25: =D25*$C$6 -> 6.485701 | G25: =ROUND(C25+E25,2) -> 8777470 | H25: =ROUND('2.1 Auxiliary Services YR1'!I23,2) -> 475073.27 | I25: =ROUND('2.2 Spec Ed Local YR1'!J20,2) -> 215665 | J25: =ROUND('2.7 Weighted Funding YR1'!E29,2) -> 137409.3 | K25: =ROUND('2.7 Weighted Funding YR1'!I29,2) -> 163454.2 | L25: =ROUND('2.7 Weighted Funding YR1'!M29,2) -> 0 | M25: =ROUND(SUM(G25:L25),2) -> 9769071.8 | N25: =SUM(C25,H25,I25,J25,K25,L25) -> 9769065.3
... B30: ='1.2 Budgeted Enrollment YR1'!E25 -> White Pine | C30: ='2.6 Adj. Base Summary YR1'!G31 -> 17858310 | D30: =C30/$C$33 -> 0.0040806343 | E30: =D30*$C$6 -> 13.195573 | G30: =ROUND(C30+E30,2) -> 17858324 | H30: =ROUND('2.1 Auxiliary Services YR1'!I28,2) -> 1267543.2 | I30: =ROUND('2.2 Spec Ed Local YR1'!J25,2) -> 599616 | J30: =ROUND('2.7 Weighted Funding YR1'!E34,2) -> 60621.75 | K30: =ROUND('2.7 Weighted Funding YR1'!I34,2) -> 342625.15 | L30: =ROUND('2.7 Weighted Funding YR1'!M34,2) -> 0 | M30: =ROUND(SUM(G30:L30),2) -> 20128730 | N30: =SUM(C30,H30,I30,J30,K30,L30) -> 20128716
B31: ='1.2 Budgeted Enrollment YR1'!E26 -> Charter Schools (Combined) | C31: =C96 -> 6.2186114e+08 | D31: =D96 -> 0.14209563 | E31: =D31*$C$6 -> 459.49555 | G31: =G96 -> 6.218616e+08 | H31: =H96 -> 0 | I31: =I96 -> 14783450 | J31: =J96 -> 22268390 | K31: =K96 -> 9587217.5 | L31: =L96 -> 1182258.8 | M31: =M96 -> 6.6968292e+08 | N31: =SUM(C31,H31,I31,J31,K31,L31) -> 6.6968246e+08
B32: ='1.2 Budgeted Enrollment YR1'!E27 -> University Schools | C32: =C101 -> 1455317.9 | D32: =D101 -> 0.00033254099 | E32: =D32*$C$6 -> 1.0753399 | G32: =G101 -> 1455319 | H32: =H101 -> 0 | I32: =I101 -> 0 | J32: =J101 -> 0 | K32: =K101 -> 0 | L32: =L101 -> 0 | M32: =M101 -> 1455319 | N32: =SUM(C32,H32,I32,J32,K32,L32) -> 1455317.9
B33: Total School Districts | C33: ='2.6 Adj. Base Summary YR1'!G34 -> 4.3763565e+09 | D33: =SUM(D14:D32) -> 1 | E33: =D33*$C$6 -> 3233.7064 | G33: =SUM(G14:G32) -> 4.3763597e+09 | H33: =SUM(H14:H32) -> 1.9525548e+08 | I33: =SUM(I14:I32) -> 4.853467e+08 | J33: =SUM(J14:J32) -> 2.128955e+08 | K33: =SUM(K14:K32) -> 1.9905264e+08 | L33: =SUM(L14:L32) -> 8011770.5 | M33: =SUM(M14:M32) -> 5.4769218e+09
C34: =C33-'2.6 Adj. Base Summary YR1'!G34 -> 0 | G34: =(C33+E33)-G33 -> 0.020837784 | H34: =H33-'2.1 Auxiliary Services YR1'!I31 -> 0 | I34: ='2.2 Spec Ed Local YR1'!J28-I33 -> 0 | J34: =J33-'2.7 Weighted Funding YR1'!E37 -> 0 | K34: =K33-'2.7 Weighted Funding YR1'!I37 -> 0 | L34: =L33-'2.7 Weighted Funding YR1'!M37 -> 0.48 | M34: =M33-'1.3 Budgeted Revenues YR1'!C35 -> 0.45916176
A35: Charter Schools
B36: ='1.2 Budgeted Enrollment YR1'!E32 -> 100 Academy Of Excellence | C36: ='2.6 Adj. Base Summary YR1'!G37 -> 2849782.8 | D36: =C36/$C$33 -> 0.00065117702 | E36: =D36*$C$6 -> 2.1057153 | G36: =ROUND(C36+E36,2) -> 2849784.9 | H36: 0 | I36: =ROUND('2.2 Spec Ed Local YR1'!J30,2) -> 129964 | J36: =ROUND('2.7 Weighted Funding YR1'!E40,2) -> 121243.5 | K36: =ROUND('2.7 Weighted Funding YR1'!I40,2) -> 506079.35 | L36: =ROUND('2.7 Weighted Funding YR1'!M40,2) -> 0 | M36: =SUM(G36:L36) -> 3607071.7
B37: ='1.2 Budgeted Enrollment YR1'!E33 -> Academy For Career Education | C37: ='2.6 Adj. Base Summary YR1'!G38 -> 2094069.8 | D37: =C37/$C$33 -> 0.00047849617 | E37: =D37*$C$6 -> 1.5473161 | G37: =ROUND(C37+E37,2) -> 2094071.4 | H37: 0 | I37: =ROUND('2.2 Spec Ed Local YR1'!J31,2) -> 95195 | J37: =ROUND('2.7 Weighted Funding YR1'!E41,2) -> 88911.9 | K37: =ROUND('2.7 Weighted Funding YR1'!I41,2) -> 6286.7 | L37: =ROUND('2.7 Weighted Funding YR1'!M41,2) -> 0 | M37: =SUM(G37:L37) -> 2284465
B38: ='1.2 Budgeted Enrollment YR1'!E34 -> Alpine Academy | C38: ='2.6 Adj. Base Summary YR1'!G39 -> 1327527.3 | D38: =C38/$C$33 -> 0.00030334075 | E38: =D38*$C$6 -> 0.98091493 | G38: =ROUND(C38+E38,2) -> 1327528.3 | H38: 0 | I38: =ROUND('2.2 Spec Ed Local YR1'!J32,2) -> 79475 | J38: =ROUND('2.7 Weighted Funding YR1'!E42,2) -> 0 | K38: =ROUND('2.7 Weighted Funding YR1'!I42,2) -> 15716.75 | L38: =ROUND('2.7 Weighted Funding YR1'!M42,2) -> 0 | M38: =SUM(G38:L38) -> 1422720
B39: ='1.2 Budgeted Enrollment YR1'!E35 -> Amplus (Formerly American Preparatory Academy) | C39: ='2.6 Adj. Base Summary YR1'!G40 -> 20366291 | D39: =C39/$C$33 -> 0.0046537094 | E39: =D39*$C$6 -> 15.04873 | G39: =ROUND(C39+E39,2) -> 20366306 | H39: 0 | I39: =ROUND('2.2 Spec Ed Local YR1'!J33,2) -> 23584 | J39: =ROUND('2.7 Weighted Funding YR1'!E43,2) -> 703212.3 | K39: =ROUND('2.7 Weighted Funding YR1'!I43,2) -> 122590.65 | L39: =ROUND('2.7 Weighted Funding YR1'!M43,2) -> 43108.8 | M39: =SUM(G39:L39) -> 21258802
B40: ='1.2 Budgeted Enrollment YR1'!E36 -> Bailey Charter School | C40: ='2.6 Adj. Base Summary YR1'!G41 -> 1574633.7 | D40: =C40/$C$33 -> 0.00035980472 | E40: =D40*$C$6 -> 1.1635028 | G40: =ROUND(C40+E40,2) -> 1574634.9 | H40: 0 | I40: =ROUND('2.2 Spec Ed Local YR1'!J34,2) -> 67769 | J40: =ROUND('2.7 Weighted Funding YR1'!E44,2) -> 303108.75 | K40: =ROUND('2.7 Weighted Funding YR1'!I44,2) -> 116303.95 | L40: =ROUND('2.7 Weighted Funding YR1'!M44,2) -> 0 | M40: =SUM(G40:L40) -> 2061816.6
B41: ='1.2 Budgeted Enrollment YR1'!E37 -> Battle Born Academy | C41: ='2.6 Adj. Base Summary YR1'!G42 -> 1187026.9 | D41: =C41/$C$33 -> 0.00027123633 | E41: =D41*$C$6 -> 0.87709864 | G41: =ROUND(C41+E41,2) -> 1187027.7 | H41: 0 | I41: =ROUND('2.2 Spec Ed Local YR1'!J35,2) -> 0 | J41: =ROUND('2.7 Weighted Funding YR1'!E45,2) -> 226321.2 | K41: =ROUND('2.7 Weighted Funding YR1'!I45,2) -> 0 | L41: =ROUND('2.7 Weighted Funding YR1'!M45,2) -> 0 | M41: =SUM(G41:L41) -> 1413348.9
B42: ='1.2 Budgeted Enrollment YR1'!E38 -> Beacon Academy | C42: ='2.6 Adj. Base Summary YR1'!G43 -> 5399455.4 | D42: =C42/$C$33 -> 0.0012337787 | E42: =D42*$C$6 -> 3.989678 | G42: =ROUND(C42+E42,2) -> 5399459.4 | H42: 0 | I42: =ROUND('2.2 Spec Ed Local YR1'!J36,2) -> 275857 | J42: =ROUND('2.7 Weighted Funding YR1'!E46,2) -> 226321.2 | K42: =ROUND('2.7 Weighted Funding YR1'!I46,2) -> 528082.8 | L42: =ROUND('2.7 Weighted Funding YR1'!M46,2) -> 0 | M42: =SUM(G42:L42) -> 6429720.4
B43: ='1.2 Budgeted Enrollment YR1'!E39 -> Cactus Park | C43: ='2.6 Adj. Base Summary YR1'!G44 -> 974704.45 | D43: =C43/$C$33 -> 0.00022272053 | E43: =D43*$C$6 -> 0.7202128 | G43: =ROUND(C43+E43,2) -> 974705.17 | H43: 0 | I43: =ROUND('2.2 Spec Ed Local YR1'!J37,2) -> 0 | J43: =ROUND('2.7 Weighted Funding YR1'!E47,2) -> 88911.9 | K43: =ROUND('2.7 Weighted Funding YR1'!I47,2) -> 0 | L43: =ROUND('2.7 Weighted Funding YR1'!M47,2) -> 0 | M43: =SUM(G43:L43) -> 1063617.1
